Workbook
Name start_day: Aug!$AD$24

Sheet Aug
A1: =DATE(AD18,AD20,1) -> 46235 | K1: =DATE(YEAR(A1),MONTH(A1)-1,1) -> 46204 | S1: =DATE(YEAR(A1),MONTH(A1)+1,1) -> 46266
K2: =INDEX({"S";"M";"T";"W";"T";"F";"S"},1+MOD(start_day+1-2,7)) -> S | L2: =INDEX({"S";"M";"T";"W";"T";"F";"S"},1+MOD(start_day+2-2,7)) -> M | M2: =INDEX({"S";"M";"T";"W";"T";"F";"S"},1+MOD(start_day+3-2,7)) -> T | N2: =INDEX({"S";"M";"T";"W";"T";"F";"S"},1+MOD(start_day+4-2,7)) -> W | O2: =INDEX({"S";"M";"T";"W";"T";"F";"S"},1+MOD(start_day+5-2,7)) -> T | P2: =INDEX({"S";"M";"T";"W";"T";"F";"S"},1+MOD(start_day+6-2,7)) -> F | Q2: =INDEX({"S";"M";"T";"W";"T";"F";"S"},1+MOD(start_day+7-2,7)) -> S | S2: =INDEX({"S";"M";"T";"W";"T";"F";"S"},1+MOD(start_day+1-2,7)) -> S | T2: =INDEX({"S";"M";"T";"W";"T";"F";"S"},1+MOD(start_day+2-2,7)) -> M | U2: =INDEX({"S";"M";"T";"W";"T";"F";"S"},1+MOD(start_day+3-2,7)) -> T | V2: =INDEX({"S";"M";"T";"W";"T";"F";"S"},1+MOD(start_day+4-2,7)) -> W | W2: =INDEX({"S";"M";"T";"W";"T";"F";"S"},1+MOD(start_day+5-2,7)) -> T | X2: =INDEX({"S";"M";"T";"W";"T";"F";"S"},1+MOD(start_day+6-2,7)) -> F | Y2: =INDEX({"S";"M";"T";"W";"T";"F";"S"},1+MOD(start_day+7-2,7)) -> S
K3: =IF(MONTH($K$1)<>MONTH($K$1-(WEEKDAY($K$1,1)-(start_day-1))-IF((WEEKDAY($K$1,1)-(start_day-1))<=0,7,0)+(ROW(K3)-ROW($K$3))*7+(COLUMN(K3)-COLUMN($K$3)+1)),"",$K$1-(WEEKDAY($K$1,1)-(start_day-1))-IF((WEEKDAY($K$1,1)-(start_day-1))<=0,7,0)+(ROW(K3)-ROW($K$3))*7+(COLUMN(K3)-COLUMN($K$3)+1)) | L3: =IF(MONTH($K$1)<>MONTH($K$1-(WEEKDAY($K$1,1)-(start_day-1))-IF((WEEKDAY($K$1,1)-(start_day-1))<=0,7,0)+(ROW(L3)-ROW($K$3))*7+(COLUMN(L3)-COLUMN($K$3)+1)),"",$K$1-(WEEKDAY($K$1,1)-(start_day-1))-IF((WEEKDAY($K$1,1)-(start_day-1))<=0,7,0)+(ROW(L3)-ROW($K$3))*7+(COLUMN(L3)-COLUMN($K$3)+1)) | M3: =IF(MONTH($K$1)<>MONTH($K$1-(WEEKDAY($K$1,1)-(start_day-1))-IF((WEEKDAY($K$1,1)-(start_day-1))<=0,7,0)+(ROW(M3)-ROW($K$3))*7+(COLUMN(M3)-COLUMN($K$3)+1)),"",$K$1-(WEEKDAY($K$1,1)-(start_day-1))-IF((WEEKDAY($K$1,1)-(start_day-1))<=0,7,0)+(ROW(M3)-ROW($K$3))*7+(COLUMN(M3)-COLUMN($K$3)+1)) | N3: =IF(MONTH($K$1)<>MONTH($K$1-(WEEKDAY($K$1,1)-(start_day-1))-IF((WEEKDAY($K$1,1)-(start_day-1))<=0,7,0)+(ROW(N3)-ROW($K$3))*7+(COLUMN(N3)-COLUMN($K$3)+1)),"",$K$1-(WEEKDAY($K$1,1)-(start_day-1))-IF((WEEKDAY($K$1,1)-(start_day-1))<=0,7,0)+(ROW(N3)-ROW($K$3))*7+(COLUMN(N3)-COLUMN($K$3)+1)) -> 46204 | O3: =IF(MONTH($K$1)<>MONTH($K$1-(WEEKDAY($K$1,1)-(start_day-1))-IF((WEEKDAY($K$1,1)-(start_day-1))<=0,7,0)+(ROW(O3)-ROW($K$3))*7+(COLUMN(O3)-COLUMN($K$3)+1)),"",$K$1-(WEEKDAY($K$1,1)-(start_day-1))-IF((WEEKDAY($K$1,1)-(start_day-1))<=0,7,0)+(ROW(O3)-ROW($K$3))*7+(COLUMN(O3)-COLUMN($K$3)+1)) -> 46205 | P3: =IF(MONTH($K$1)<>MONTH($K$1-(WEEKDAY($K$1,1)-(start_day-1))-IF((WEEKDAY($K$1,1)-(start_day-1))<=0,7,0)+(ROW(P3)-ROW($K$3))*7+(COLUMN(P3)-COLUMN($K$3)+1)),"",$K$1-(WEEKDAY($K$1,1)-(start_day-1))-IF((WEEKDAY($K$1,1)-(start_day-1))<=0,7,0)+(ROW(P3)-ROW($K$3))*7+(COLUMN(P3)-COLUMN($K$3)+1)) -> 46206 | Q3: =IF(MONTH($K$1)<>MONTH($K$1-(WEEKDAY($K$1,1)-(start_day-1))-IF((WEEKDAY($K$1,1)-(start_day-1))<=0,7,0)+(ROW(Q3)-ROW($K$3))*7+(COLUMN(Q3)-COLUMN($K$3)+1)),"",$K$1-(WEEKDAY($K$1,1)-(start_day-1))-IF((WEEKDAY($K$1,1)-(start_day-1))<=0,7,0)+(ROW(Q3)-ROW($K$3))*7+(COLUMN(Q3)-COLUMN($K$3)+1)) -> 46207 | S3: =IF(MONTH($S$1)<>MONTH($S$1-(WEEKDAY($S$1,1)-(start_day-1))-IF((WEEKDAY($S$1,1)-(start_day-1))<=0,7,0)+(ROW(S3)-ROW($S$3))*7+(COLUMN(S3)-COLUMN($S$3)+1)),"",$S$1-(WEEKDAY($S$1,1)-(start_day-1))-IF((WEEKDAY($S$1,1)-(start_day-1))<=0,7,0)+(ROW(S3)-ROW($S$3))*7+(COLUMN(S3)-COLUMN($S$3)+1)) | T3: =IF(MONTH($S$1)<>MONTH($S$1-(WEEKDAY($S$1,1)-(start_day-1))-IF((WEEKDAY($S$1,1)-(start_day-1))<=0,7,0)+(ROW(T3)-ROW($S$3))*7+(COLUMN(T3)-COLUMN($S$3)+1)),"",$S$1-(WEEKDAY($S$1,1)-(start_day-1))-IF((WEEKDAY($S$1,1)-(start_day-1))<=0,7,0)+(ROW(T3)-ROW($S$3))*7+(COLUMN(T3)-COLUMN($S$3)+1)) | U3: =IF(MONTH($S$1)<>MONTH($S$1-(WEEKDAY($S$1,1)-(start_day-1))-IF((WEEKDAY($S$1,1)-(start_day-1))<=0,7,0)+(ROW(U3)-ROW($S$3))*7+(COLUMN(U3)-COLUMN($S$3)+1)),"",$S$1-(WEEKDAY($S$1,1)-(start_day-1))-IF((WEEKDAY($S$1,1)-(start_day-1))<=0,7,0)+(ROW(U3)-ROW($S$3))*7+(COLUMN(U3)-COLUMN($S$3)+1)) -> 46266 | V3: =IF(MONTH($S$1)<>MONTH($S$1-(WEEKDAY($S$1,1)-(start_day-1))-IF((WEEKDAY($S$1,1)-(start_day-1))<=0,7,0)+(ROW(V3)-ROW($S$3))*7+(COLUMN(V3)-COLUMN($S$3)+1)),"",$S$1-(WEEKDAY($S$1,1)-(start_day-1))-IF((WEEKDAY($S$1,1)-(start_day-1))<=0,7,0)+(ROW(V3)-ROW($S$3))*7+(COLUMN(V3)-COLUMN($S$3)+1)) -> 46267 | W3: =IF(MONTH($S$1)<>MONTH($S$1-(WEEKDAY($S$1,1)-(start_day-1))-IF((WEEKDAY($S$1,1)-(start_day-1))<=0,7,0)+(ROW(W3)-ROW($S$3))*7+(COLUMN(W3)-COLUMN($S$3)+1)),"",$S$1-(WEEKDAY($S$1,1)-(start_day-1))-IF((WEEKDAY($S$1,1)-(start_day-1))<=0,7,0)+(ROW(W3)-ROW($S$3))*7+(COLUMN(W3)-COLUMN($S$3)+1)) -> 46268 | X3: =IF(MONTH($S$1)<>MONTH($S$1-(WEEKDAY($S$1,1)-(start_day-1))-IF((WEEKDAY($S$1,1)-(start_day-1))<=0,7,0)+(ROW(X3)-ROW($S$3))*7+(COLUMN(X3)-COLUMN($S$3)+1)),"",$S$1-(WEEKDAY($S$1,1)-(start_day-1))-IF((WEEKDAY($S$1,1)-(start_day-1))<=0,7,0)+(ROW(X3)-ROW($S$3))*7+(COLUMN(X3)-COLUMN($S$3)+1)) -> 46269 | Y3: =IF(MONTH($S$1)<>MONTH($S$1-(WEEKDAY($S$1,1)-(start_day-1))-IF((WEEKDAY($S$1,1)-(start_day-1))<=0,7,0)+(ROW(Y3)-ROW($S$3))*7+(COLUMN(Y3)-COLUMN($S$3)+1)),"",$S$1-(WEEKDAY($S$1,1)-(start_day-1))-IF((WEEKDAY($S$1,1)-(start_day-1))<=0,7,0)+(ROW(Y3)-ROW($S$3))*7+(COLUMN(Y3)-COLUMN($S$3)+1)) -> 46270
J4: Unavailable | K4: =IF(MONTH($K$1)<>MONTH($K$1-(WEEKDAY($K$1,1)-(start_day-1))-IF((WEEKDAY($K$1,1)-(start_day-1))<=0,7,0)+(ROW(K4)-ROW($K$3))*7+(COLUMN(K4)-COLUMN($K$3)+1)),"",$K$1-(WEEKDAY($K$1,1)-(start_day-1))-IF((WEEKDAY($K$1,1)-(start_day-1))<=0,7,0)+(ROW(K4)-ROW($K$3))*7+(COLUMN(K4)-COLUMN($K$3)+1)) -> 46208 | L4: =IF(MONTH($K$1)<>MONTH($K$1-(WEEKDAY($K$1,1)-(start_day-1))-IF((WEEKDAY($K$1,1)-(start_day-1))<=0,7,0)+(ROW(L4)-ROW($K$3))*7+(COLUMN(L4)-COLUMN($K$3)+1)),"",$K$1-(WEEKDAY($K$1,1)-(start_day-1))-IF((WEEKDAY($K$1,1)-(start_day-1))<=0,7,0)+(ROW(L4)-ROW($K$3))*7+(COLUMN(L4)-COLUMN($K$3)+1)) -> 46209 | M4: =IF(MONTH($K$1)<>MONTH($K$1-(WEEKDAY($K$1,1)-(start_day-1))-IF((WEEKDAY($K$1,1)-(start_day-1))<=0,7,0)+(ROW(M4)-ROW($K$3))*7+(COLUMN(M4)-COLUMN($K$3)+1)),"",$K$1-(WEEKDAY($K$1,1)-(start_day-1))-IF((WEEKDAY($K$1,1)-(start_day-1))<=0,7,0)+(ROW(M4)-ROW($K$3))*7+(COLUMN(M4)-COLUMN($K$3)+1)) -> 46210 | N4: =IF(MONTH($K$1)<>MONTH($K$1-(WEEKDAY($K$1,1)-(start_day-1))-IF((WEEKDAY($K$1,1)-(start_day-1))<=0,7,0)+(ROW(N4)-ROW($K$3))*7+(COLUMN(N4)-COLUMN($K$3)+1)),"",$K$1-(WEEKDAY($K$1,1)-(start_day-1))-IF((WEEKDAY($K$1,1)-(start_day-1))<=0,7,0)+(ROW(N4)-ROW($K$3))*7+(COLUMN(N4)-COLUMN($K$3)+1)) -> 46211 | O4: =IF(MONTH($K$1)<>MONTH($K$1-(WEEKDAY($K$1,1)-(start_day-1))-IF((WEEKDAY($K$1,1)-(start_day-1))<=0,7,0)+(ROW(O4)-ROW($K$3))*7+(COLUMN(O4)-COLUMN($K$3)+1)),"",$K$1-(WEEKDAY($K$1,1)-(start_day-1))-IF((WEEKDAY($K$1,1)-(start_day-1))<=0,7,0)+(ROW(O4)-ROW($K$3))*7+(COLUMN(O4)-COLUMN($K$3)+1)) -> 46212 | P4: =IF(MONTH($K$1)<>MONTH($K$1-(WEEKDAY($K$1,1)-(start_day-1))-IF((WEEKDAY($K$1,1)-(start_day-1))<=0,7,0)+(ROW(P4)-ROW($K$3))*7+(COLUMN(P4)-COLUMN($K$3)+1)),"",$K$1-(WEEKDAY($K$1,1)-(start_day-1))-IF((WEEKDAY($K$1,1)-(start_day-1))<=0,7,0)+(ROW(P4)-ROW($K$3))*7+(COLUMN(P4)-COLUMN($K$3)+1)) -> 46213 | Q4: =IF(MONTH($K$1)<>MONTH($K$1-(WEEKDAY($K$1,1)-(start_day-1))-IF((WEEKDAY($K$1,1)-(start_day-1))<=0,7,0)+(ROW(Q4)-ROW($K$3))*7+(COLUMN(Q4)-COLUMN($K$3)+1)),"",$K$1-(WEEKDAY($K$1,1)-(start_day-1))-IF((WEEKDAY($K$1,1)-(start_day-1))<=0,7,0)+(ROW(Q4)-ROW($K$3))*7+(COLUMN(Q4)-COLUMN($K$3)+1)) -> 46214 | S4: =IF(MONTH($S$1)<>MONTH($S$1-(WEEKDAY($S$1,1)-(start_day-1))-IF((WEEKDAY($S$1,1)-(start_day-1))<=0,7,0)+(ROW(S4)-ROW($S$3))*7+(COLUMN(S4)-COLUMN($S$3)+1)),"",$S$1-(WEEKDAY($S$1,1)-(start_day-1))-IF((WEEKDAY($S$1,1)-(start_day-1))<=0,7,0)+(ROW(S4)-ROW($S$3))*7+(COLUMN(S4)-COLUMN($S$3)+1)) -> 46271 | T4: =IF(MONTH($S$1)<>MONTH($S$1-(WEEKDAY($S$1,1)-(start_day-1))-IF((WEEKDAY($S$1,1)-(start_day-1))<=0,7,0)+(ROW(T4)-ROW($S$3))*7+(COLUMN(T4)-COLUMN($S$3)+1)),"",$S$1-(WEEKDAY($S$1,1)-(start_day-1))-IF((WEEKDAY($S$1,1)-(start_day-1))<=0,7,0)+(ROW(T4)-ROW($S$3))*7+(COLUMN(T4)-COLUMN($S$3)+1)) -> 46272 | U4: =IF(MONTH($S$1)<>MONTH($S$1-(WEEKDAY($S$1,1)-(start_day-1))-IF((WEEKDAY($S$1,1)-(start_day-1))<=0,7,0)+(ROW(U4)-ROW($S$3))*7+(COLUMN(U4)-COLUMN($S$3)+1)),"",$S$1-(WEEKDAY($S$1,1)-(start_day-1))-IF((WEEKDAY($S$1,1)-(start_day-1))<=0,7,0)+(ROW(U4)-ROW($S$3))*7+(COLUMN(U4)-COLUMN($S$3)+1)) -> 46273 | V4: =IF(MONTH($S$1)<>MONTH($S$1-(WEEKDAY($S$1,1)-(start_day-1))-IF((WEEKDAY($S$1,1)-(start_day-1))<=0,7,0)+(ROW(V4)-ROW($S$3))*7+(COLUMN(V4)-COLUMN($S$3)+1)),"",$S$1-(WEEKDAY($S$1,1)-(start_day-1))-IF((WEEKDAY($S$1,1)-(start_day-1))<=0,7,0)+(ROW(V4)-ROW($S$3))*7+(COLUMN(V4)-COLUMN($S$3)+1)) -> 46274 | W4: =IF(MONTH($S$1)<>MONTH($S$1-(WEEKDAY($S$1,1)-(start_day-1))-IF((WEEKDAY($S$1,1)-(start_day-1))<=0,7,0)+(ROW(W4)-ROW($S$3))*7+(COLUMN(W4)-COLUMN($S$3)+1)),"",$S$1-(WEEKDAY($S$1,1)-(start_day-1))-IF((WEEKDAY($S$1,1)-(start_day-1))<=0,7,0)+(ROW(W4)-ROW($S$3))*7+(COLUMN(W4)-COLUMN($S$3)+1)) -> 46275 | X4: =IF(MONTH($S$1)<>MONTH($S$1-(WEEKDAY($S$1,1)-(start_day-1))-IF((WEEKDAY($S$1,1)-(start_day-1))<=0,7,0)+(ROW(X4)-ROW($S$3))*7+(COLUMN(X4)-COLUMN($S$3)+1)),"",$S$1-(WEEKDAY($S$1,1)-(start_day-1))-IF((WEEKDAY($S$1,1)-(start_day-1))<=0,7,0)+(ROW(X4)-ROW($S$3))*7+(COLUMN(X4)-COLUMN($S$3)+1)) -> 46276 | Y4: =IF(MONTH($S$1)<>MONTH($S$1-(WEEKDAY($S$1,1)-(start_day-1))-IF((WEEKDAY($S$1,1)-(start_day-1))<=0,7,0)+(ROW(Y4)-ROW($S$3))*7+(COLUMN(Y4)-COLUMN($S$3)+1)),"",$S$1-(WEEKDAY($S$1,1)-(start_day-1))-IF((WEEKDAY($S$1,1)-(start_day-1))<=0,7,0)+(ROW(Y4)-ROW($S$3))*7+(COLUMN(Y4)-COLUMN($S$3)+1)) -> 46277
K5: =IF(MONTH($K$1)<>MONTH($K$1-(WEEKDAY($K$1,1)-(start_day-1))-IF((WEEKDAY($K$1,1)-(start_day-1))<=0,7,0)+(ROW(K5)-ROW($K$3))*7+(COLUMN(K5)-COLUMN($K$3)+1)),"",$K$1-(WEEKDAY($K$1,1)-(start_day-1))-IF((WEEKDAY($K$1,1)-(start_day-1))<=0,7,0)+(ROW(K5)-ROW($K$3))*7+(COLUMN(K5)-COLUMN($K$3)+1)) -> 46215 | L5: =IF(MONTH($K$1)<>MONTH($K$1-(WEEKDAY($K$1,1)-(start_day-1))-IF((WEEKDAY($K$1,1)-(start_day-1))<=0,7,0)+(ROW(L5)-ROW($K$3))*7+(COLUMN(L5)-COLUMN($K$3)+1)),"",$K$1-(WEEKDAY($K$1,1)-(start_day-1))-IF((WEEKDAY($K$1,1)-(start_day-1))<=0,7,0)+(ROW(L5)-ROW($K$3))*7+(COLUMN(L5)-COLUMN($K$3)+1)) -> 46216 | M5: =IF(MONTH($K$1)<>MONTH($K$1-(WEEKDAY($K$1,1)-(start_day-1))-IF((WEEKDAY($K$1,1)-(start_day-1))<=0,7,0)+(ROW(M5)-ROW($K$3))*7+(COLUMN(M5)-COLUMN($K$3)+1)),"",$K$1-(WEEKDAY($K$1,1)-(start_day-1))-IF((WEEKDAY($K$1,1)-(start_day-1))<=0,7,0)+(ROW(M5)-ROW($K$3))*7+(COLUMN(M5)-COLUMN($K$3)+1)) -> 46217 | N5: =IF(MONTH($K$1)<>MONTH($K$1-(WEEKDAY($K$1,1)-(start_day-1))-IF((WEEKDAY($K$1,1)-(start_day-1))<=0,7,0)+(ROW(N5)-ROW($K$3))*7+(COLUMN(N5)-COLUMN($K$3)+1)),"",$K$1-(WEEKDAY($K$1,1)-(start_day-1))-IF((WEEKDAY($K$1,1)-(start_day-1))<=0,7,0)+(ROW(N5)-ROW($K$3))*7+(COLUMN(N5)-COLUMN($K$3)+1)) -> 46218 | O5: =IF(MONTH($K$1)<>MONTH($K$1-(WEEKDAY($K$1,1)-(start_day-1))-IF((WEEKDAY($K$1,1)-(start_day-1))<=0,7,0)+(ROW(O5)-ROW($K$3))*7+(COLUMN(O5)-COLUMN($K$3)+1)),"",$K$1-(WEEKDAY($K$1,1)-(start_day-1))-IF((WEEKDAY($K$1,1)-(start_day-1))<=0,7,0)+(ROW(O5)-ROW($K$3))*7+(COLUMN(O5)-COLUMN($K$3)+1)) -> 46219 | P5: =IF(MONTH($K$1)<>MONTH($K$1-(WEEKDAY($K$1,1)-(start_day-1))-IF((WEEKDAY($K$1,1)-(start_day-1))<=0,7,0)+(ROW(P5)-ROW($K$3))*7+(COLUMN(P5)-COLUMN($K$3)+1)),"",$K$1-(WEEKDAY($K$1,1)-(start_day-1))-IF((WEEKDAY($K$1,1)-(start_day-1))<=0,7,0)+(ROW(P5)-ROW($K$3))*7+(COLUMN(P5)-COLUMN($K$3)+1)) -> 46220 | Q5: =IF(MONTH($K$1)<>MONTH($K$1-(WEEKDAY($K$1,1)-(start_day-1))-IF((WEEKDAY($K$1,1)-(start_day-1))<=0,7,0)+(ROW(Q5)-ROW($K$3))*7+(COLUMN(Q5)-COLUMN($K$3)+1)),"",$K$1-(WEEKDAY($K$1,1)-(start_day-1))-IF((WEEKDAY($K$1,1)-(start_day-1))<=0,7,0)+(ROW(Q5)-ROW($K$3))*7+(COLUMN(Q5)-COLUMN($K$3)+1)) -> 46221 | S5: =IF(MONTH($S$1)<>MONTH($S$1-(WEEKDAY($S$1,1)-(start_day-1))-IF((WEEKDAY($S$1,1)-(start_day-1))<=0,7,0)+(ROW(S5)-ROW($S$3))*7+(COLUMN(S5)-COLUMN($S$3)+1)),"",$S$1-(WEEKDAY($S$1,1)-(start_day-1))-IF((WEEKDAY($S$1,1)-(start_day-1))<=0,7,0)+(ROW(S5)-ROW($S$3))*7+(COLUMN(S5)-COLUMN($S$3)+1)) -> 46278 | T5: =IF(MONTH($S$1)<>MONTH($S$1-(WEEKDAY($S$1,1)-(start_day-1))-IF((WEEKDAY($S$1,1)-(start_day-1))<=0,7,0)+(ROW(T5)-ROW($S$3))*7+(COLUMN(T5)-COLUMN($S$3)+1)),"",$S$1-(WEEKDAY($S$1,1)-(start_day-1))-IF((WEEKDAY($S$1,1)-(start_day-1))<=0,7,0)+(ROW(T5)-ROW($S$3))*7+(COLUMN(T5)-COLUMN($S$3)+1)) -> 46279 | U5: =IF(MONTH($S$1)<>MONTH($S$1-(WEEKDAY($S$1,1)-(start_day-1))-IF((WEEKDAY($S$1,1)-(start_day-1))<=0,7,0)+(ROW(U5)-ROW($S$3))*7+(COLUMN(U5)-COLUMN($S$3)+1)),"",$S$1-(WEEKDAY($S$1,1)-(start_day-1))-IF((WEEKDAY($S$1,1)-(start_day-1))<=0,7,0)+(ROW(U5)-ROW($S$3))*7+(COLUMN(U5)-COLUMN($S$3)+1)) -> 46280 | V5: =IF(MONTH($S$1)<>MONTH($S$1-(WEEKDAY($S$1,1)-(start_day-1))-IF((WEEKDAY($S$1,1)-(start_day-1))<=0,7,0)+(ROW(V5)-ROW($S$3))*7+(COLUMN(V5)-COLUMN($S$3)+1)),"",$S$1-(WEEKDAY($S$1,1)-(start_day-1))-IF((WEEKDAY($S$1,1)-(start_day-1))<=0,7,0)+(ROW(V5)-ROW($S$3))*7+(COLUMN(V5)-COLUMN($S$3)+1)) -> 46281 | W5: =IF(MONTH($S$1)<>MONTH($S$1-(WEEKDAY($S$1,1)-(start_day-1))-IF((WEEKDAY($S$1,1)-(start_day-1))<=0,7,0)+(ROW(W5)-ROW($S$3))*7+(COLUMN(W5)-COLUMN($S$3)+1)),"",$S$1-(WEEKDAY($S$1,1)-(start_day-1))-IF((WEEKDAY($S$1,1)-(start_day-1))<=0,7,0)+(ROW(W5)-ROW($S$3))*7+(COLUMN(W5)-COLUMN($S$3)+1)) -> 46282 | X5: =IF(MONTH($S$1)<>MONTH($S$1-(WEEKDAY($S$1,1)-(start_day-1))-IF((WEEKDAY($S$1,1)-(start_day-1))<=0,7,0)+(ROW(X5)-ROW($S$3))*7+(COLUMN(X5)-COLUMN($S$3)+1)),"",$S$1-(WEEKDAY($S$1,1)-(start_day-1))-IF((WEEKDAY($S$1,1)-(start_day-1))<=0,7,0)+(ROW(X5)-ROW($S$3))*7+(COLUMN(X5)-COLUMN($S$3)+1)) -> 46283 | Y5: =IF(MONTH($S$1)<>MONTH($S$1-(WEEKDAY($S$1,1)-(start_day-1))-IF((WEEKDAY($S$1,1)-(start_day-1))<=0,7,0)+(ROW(Y5)-ROW($S$3))*7+(COLUMN(Y5)-COLUMN($S$3)+1)),"",$S$1-(WEEKDAY($S$1,1)-(start_day-1))-IF((WEEKDAY($S$1,1)-(start_day-1))<=0,7,0)+(ROW(Y5)-ROW($S$3))*7+(COLUMN(Y5)-COLUMN($S$3)+1)) -> 46284
K6: =IF(MONTH($K$1)<>MONTH($K$1-(WEEKDAY($K$1,1)-(start_day-1))-IF((WEEKDAY($K$1,1)-(start_day-1))<=0,7,0)+(ROW(K6)-ROW($K$3))*7+(COLUMN(K6)-COLUMN($K$3)+1)),"",$K$1-(WEEKDAY($K$1,1)-(start_day-1))-IF((WEEKDAY($K$1,1)-(start_day-1))<=0,7,0)+(ROW(K6)-ROW($K$3))*7+(COLUMN(K6)-COLUMN($K$3)+1)) -> 46222 | L6: =IF(MONTH($K$1)<>MONTH($K$1-(WEEKDAY($K$1,1)-(start_day-1))-IF((WEEKDAY($K$1,1)-(start_day-1))<=0,7,0)+(ROW(L6)-ROW($K$3))*7+(COLUMN(L6)-COLUMN($K$3)+1)),"",$K$1-(WEEKDAY($K$1,1)-(start_day-1))-IF((WEEKDAY($K$1,1)-(start_day-1))<=0,7,0)+(ROW(L6)-ROW($K$3))*7+(COLUMN(L6)-COLUMN($K$3)+1)) -> 46223 | M6: =IF(MONTH($K$1)<>MONTH($K$1-(WEEKDAY($K$1,1)-(start_day-1))-IF((WEEKDAY($K$1,1)-(start_day-1))<=0,7,0)+(ROW(M6)-ROW($K$3))*7+(COLUMN(M6)-COLUMN($K$3)+1)),"",$K$1-(WEEKDAY($K$1,1)-(start_day-1))-IF((WEEKDAY($K$1,1)-(start_day-1))<=0,7,0)+(ROW(M6)-ROW($K$3))*7+(COLUMN(M6)-COLUMN($K$3)+1)) -> 46224 | N6: =IF(MONTH($K$1)<>MONTH($K$1-(WEEKDAY($K$1,1)-(start_day-1))-IF((WEEKDAY($K$1,1)-(start_day-1))<=0,7,0)+(ROW(N6)-ROW($K$3))*7+(COLUMN(N6)-COLUMN($K$3)+1)),"",$K$1-(WEEKDAY($K$1,1)-(start_day-1))-IF((WEEKDAY($K$1,1)-(start_day-1))<=0,7,0)+(ROW(N6)-ROW($K$3))*7+(COLUMN(N6)-COLUMN($K$3)+1)) -> 46225 | O6: =IF(MONTH($K$1)<>MONTH($K$1-(WEEKDAY($K$1,1)-(start_day-1))-IF((WEEKDAY($K$1,1)-(start_day-1))<=0,7,0)+(ROW(O6)-ROW($K$3))*7+(COLUMN(O6)-COLUMN($K$3)+1)),"",$K$1-(WEEKDAY($K$1,1)-(start_day-1))-IF((WEEKDAY($K$1,1)-(start_day-1))<=0,7,0)+(ROW(O6)-ROW($K$3))*7+(COLUMN(O6)-COLUMN($K$3)+1)) -> 46226 | P6: =IF(MONTH($K$1)<>MONTH($K$1-(WEEKDAY($K$1,1)-(start_day-1))-IF((WEEKDAY($K$1,1)-(start_day-1))<=0,7,0)+(ROW(P6)-ROW($K$3))*7+(COLUMN(P6)-COLUMN($K$3)+1)),"",$K$1-(WEEKDAY($K$1,1)-(start_day-1))-IF((WEEKDAY($K$1,1)-(start_day-1))<=0,7,0)+(ROW(P6)-ROW($K$3))*7+(COLUMN(P6)-COLUMN($K$3)+1)) -> 46227 | Q6: =IF(MONTH($K$1)<>MONTH($K$1-(WEEKDAY($K$1,1)-(start_day-1))-IF((WEEKDAY($K$1,1)-(start_day-1))<=0,7,0)+(ROW(Q6)-ROW($K$3))*7+(COLUMN(Q6)-COLUMN($K$3)+1)),"",$K$1-(WEEKDAY($K$1,1)-(start_day-1))-IF((WEEKDAY($K$1,1)-(start_day-1))<=0,7,0)+(ROW(Q6)-ROW($K$3))*7+(COLUMN(Q6)-COLUMN($K$3)+1)) -> 46228 | S6: =IF(MONTH($S$1)<>MONTH($S$1-(WEEKDAY($S$1,1)-(start_day-1))-IF((WEEKDAY($S$1,1)-(start_day-1))<=0,7,0)+(ROW(S6)-ROW($S$3))*7+(COLUMN(S6)-COLUMN($S$3)+1)),"",$S$1-(WEEKDAY($S$1,1)-(start_day-1))-IF((WEEKDAY($S$1,1)-(start_day-1))<=0,7,0)+(ROW(S6)-ROW($S$3))*7+(COLUMN(S6)-COLUMN($S$3)+1)) -> 46285 | T6: =IF(MONTH($S$1)<>MONTH($S$1-(WEEKDAY($S$1,1)-(start_day-1))-IF((WEEKDAY($S$1,1)-(start_day-1))<=0,7,0)+(ROW(T6)-ROW($S$3))*7+(COLUMN(T6)-COLUMN($S$3)+1)),"",$S$1-(WEEKDAY($S$1,1)-(start_day-1))-IF((WEEKDAY($S$1,1)-(start_day-1))<=0,7,0)+(ROW(T6)-ROW($S$3))*7+(COLUMN(T6)-COLUMN($S$3)+1)) -> 46286 | U6: =IF(MONTH($S$1)<>MONTH($S$1-(WEEKDAY($S$1,1)-(start_day-1))-IF((WEEKDAY($S$1,1)-(start_day-1))<=0,7,0)+(ROW(U6)-ROW($S$3))*7+(COLUMN(U6)-COLUMN($S$3)+1)),"",$S$1-(WEEKDAY($S$1,1)-(start_day-1))-IF((WEEKDAY($S$1,1)-(start_day-1))<=0,7,0)+(ROW(U6)-ROW($S$3))*7+(COLUMN(U6)-COLUMN($S$3)+1)) -> 46287 | V6: =IF(MONTH($S$1)<>MONTH($S$1-(WEEKDAY($S$1,1)-(start_day-1))-IF((WEEKDAY($S$1,1)-(start_day-1))<=0,7,0)+(ROW(V6)-ROW($S$3))*7+(COLUMN(V6)-COLUMN($S$3)+1)),"",$S$1-(WEEKDAY($S$1,1)-(start_day-1))-IF((WEEKDAY($S$1,1)-(start_day-1))<=0,7,0)+(ROW(V6)-ROW($S$3))*7+(COLUMN(V6)-COLUMN($S$3)+1)) -> 46288 | W6: =IF(MONTH($S$1)<>MONTH($S$1-(WEEKDAY($S$1,1)-(start_day-1))-IF((WEEKDAY($S$1,1)-(start_day-1))<=0,7,0)+(ROW(W6)-ROW($S$3))*7+(COLUMN(W6)-COLUMN($S$3)+1)),"",$S$1-(WEEKDAY($S$1,1)-(start_day-1))-IF((WEEKDAY($S$1,1)-(start_day-1))<=0,7,0)+(ROW(W6)-ROW($S$3))*7+(COLUMN(W6)-COLUMN($S$3)+1)) -> 46289 | X6: =IF(MONTH($S$1)<>MONTH($S$1-(WEEKDAY($S$1,1)-(start_day-1))-IF((WEEKDAY($S$1,1)-(start_day-1))<=0,7,0)+(ROW(X6)-ROW($S$3))*7+(COLUMN(X6)-COLUMN($S$3)+1)),"",$S$1-(WEEKDAY($S$1,1)-(start_day-1))-IF((WEEKDAY($S$1,1)-(start_day-1))<=0,7,0)+(ROW(X6)-ROW($S$3))*7+(COLUMN(X6)-COLUMN($S$3)+1)) -> 46290 | Y6: =IF(MONTH($S$1)<>MONTH($S$1-(WEEKDAY($S$1,1)-(start_day-1))-IF((WEEKDAY($S$1,1)-(start_day-1))<=0,7,0)+(ROW(Y6)-ROW($S$3))*7+(COLUMN(Y6)-COLUMN($S$3)+1)),"",$S$1-(WEEKDAY($S$1,1)-(start_day-1))-IF((WEEKDAY($S$1,1)-(start_day-1))<=0,7,0)+(ROW(Y6)-ROW($S$3))*7+(COLUMN(Y6)-COLUMN($S$3)+1)) -> 46291
K7: =IF(MONTH($K$1)<>MONTH($K$1-(WEEKDAY($K$1,1)-(start_day-1))-IF((WEEKDAY($K$1,1)-(start_day-1))<=0,7,0)+(ROW(K7)-ROW($K$3))*7+(COLUMN(K7)-COLUMN($K$3)+1)),"",$K$1-(WEEKDAY($K$1,1)-(start_day-1))-IF((WEEKDAY($K$1,1)-(start_day-1))<=0,7,0)+(ROW(K7)-ROW($K$3))*7+(COLUMN(K7)-COLUMN($K$3)+1)) -> 46229 | L7: =IF(MONTH($K$1)<>MONTH($K$1-(WEEKDAY($K$1,1)-(start_day-1))-IF((WEEKDAY($K$1,1)-(start_day-1))<=0,7,0)+(ROW(L7)-ROW($K$3))*7+(COLUMN(L7)-COLUMN($K$3)+1)),"",$K$1-(WEEKDAY($K$1,1)-(start_day-1))-IF((WEEKDAY($K$1,1)-(start_day-1))<=0,7,0)+(ROW(L7)-ROW($K$3))*7+(COLUMN(L7)-COLUMN($K$3)+1)) -> 46230 | M7: =IF(MONTH($K$1)<>MONTH($K$1-(WEEKDAY($K$1,1)-(start_day-1))-IF((WEEKDAY($K$1,1)-(start_day-1))<=0,7,0)+(ROW(M7)-ROW($K$3))*7+(COLUMN(M7)-COLUMN($K$3)+1)),"",$K$1-(WEEKDAY($K$1,1)-(start_day-1))-IF((WEEKDAY($K$1,1)-(start_day-1))<=0,7,0)+(ROW(M7)-ROW($K$3))*7+(COLUMN(M7)-COLUMN($K$3)+1)) -> 46231 | N7: =IF(MONTH($K$1)<>MONTH($K$1-(WEEKDAY($K$1,1)-(start_day-1))-IF((WEEKDAY($K$1,1)-(start_day-1))<=0,7,0)+(ROW(N7)-ROW($K$3))*7+(COLUMN(N7)-COLUMN($K$3)+1)),"",$K$1-(WEEKDAY($K$1,1)-(start_day-1))-IF((WEEKDAY($K$1,1)-(start_day-1))<=0,7,0)+(ROW(N7)-ROW($K$3))*7+(COLUMN(N7)-COLUMN($K$3)+1)) -> 46232 | O7: =IF(MONTH($K$1)<>MONTH($K$1-(WEEKDAY($K$1,1)-(start_day-1))-IF((WEEKDAY($K$1,1)-(start_day-1))<=0,7,0)+(ROW(O7)-ROW($K$3))*7+(COLUMN(O7)-COLUMN($K$3)+1)),"",$K$1-(WEEKDAY($K$1,1)-(start_day-1))-IF((WEEKDAY($K$1,1)-(start_day-1))<=0,7,0)+(ROW(O7)-ROW($K$3))*7+(COLUMN(O7)-COLUMN($K$3)+1)) -> 46233 | P7: =IF(MONTH($K$1)<>MONTH($K$1-(WEEKDAY($K$1,1)-(start_day-1))-IF((WEEKDAY($K$1,1)-(start_day-1))<=0,7,0)+(ROW(P7)-ROW($K$3))*7+(COLUMN(P7)-COLUMN($K$3)+1)),"",$K$1-(WEEKDAY($K$1,1)-(start_day-1))-IF((WEEKDAY($K$1,1)-(start_day-1))<=0,7,0)+(ROW(P7)-ROW($K$3))*7+(COLUMN(P7)-COLUMN($K$3)+1)) -> 46234 | Q7: =IF(MONTH($K$1)<>MONTH($K$1-(WEEKDAY($K$1,1)-(start_day-1))-IF((WEEKDAY($K$1,1)-(start_day-1))<=0,7,0)+(ROW(Q7)-ROW($K$3))*7+(COLUMN(Q7)-COLUMN($K$3)+1)),"",$K$1-(WEEKDAY($K$1,1)-(start_day-1))-IF((WEEKDAY($K$1,1)-(start_day-1))<=0,7,0)+(ROW(Q7)-ROW($K$3))*7+(COLUMN(Q7)-COLUMN($K$3)+1)) | S7: =IF(MONTH($S$1)<>MONTH($S$1-(WEEKDAY($S$1,1)-(start_day-1))-IF((WEEKDAY($S$1,1)-(start_day-1))<=0,7,0)+(ROW(S7)-ROW($S$3))*7+(COLUMN(S7)-COLUMN($S$3)+1)),"",$S$1-(WEEKDAY($S$1,1)-(start_day-1))-IF((WEEKDAY($S$1,1)-(start_day-1))<=0,7,0)+(ROW(S7)-ROW($S$3))*7+(COLUMN(S7)-COLUMN($S$3)+1)) -> 46292 | T7: =IF(MONTH($S$1)<>MONTH($S$1-(WEEKDAY($S$1,1)-(start_day-1))-IF((WEEKDAY($S$1,1)-(start_day-1))<=0,7,0)+(ROW(T7)-ROW($S$3))*7+(COLUMN(T7)-COLUMN($S$3)+1)),"",$S$1-(WEEKDAY($S$1,1)-(start_day-1))-IF((WEEKDAY($S$1,1)-(start_day-1))<=0,7,0)+(ROW(T7)-ROW($S$3))*7+(COLUMN(T7)-COLUMN($S$3)+1)) -> 46293 | U7: =IF(MONTH($S$1)<>MONTH($S$1-(WEEKDAY($S$1,1)-(start_day-1))-IF((WEEKDAY($S$1,1)-(start_day-1))<=0,7,0)+(ROW(U7)-ROW($S$3))*7+(COLUMN(U7)-COLUMN($S$3)+1)),"",$S$1-(WEEKDAY($S$1,1)-(start_day-1))-IF((WEEKDAY($S$1,1)-(start_day-1))<=0,7,0)+(ROW(U7)-ROW($S$3))*7+(COLUMN(U7)-COLUMN($S$3)+1)) -> 46294 | V7: =IF(MONTH($S$1)<>MONTH($S$1-(WEEKDAY($S$1,1)-(start_day-1))-IF((WEEKDAY($S$1,1)-(start_day-1))<=0,7,0)+(ROW(V7)-ROW($S$3))*7+(COLUMN(V7)-COLUMN($S$3)+1)),"",$S$1-(WEEKDAY($S$1,1)-(start_day-1))-IF((WEEKDAY($S$1,1)-(start_day-1))<=0,7,0)+(ROW(V7)-ROW($S$3))*7+(COLUMN(V7)-COLUMN($S$3)+1)) -> 46295 | W7: =IF(MONTH($S$1)<>MONTH($S$1-(WEEKDAY($S$1,1)-(start_day-1))-IF((WEEKDAY($S$1,1)-(start_day-1))<=0,7,0)+(ROW(W7)-ROW($S$3))*7+(COLUMN(W7)-COLUMN($S$3)+1)),"",$S$1-(WEEKDAY($S$1,1)-(start_day-1))-IF((WEEKDAY($S$1,1)-(start_day-1))<=0,7,0)+(ROW(W7)-ROW($S$3))*7+(COLUMN(W7)-COLUMN($S$3)+1)) | X7: =IF(MONTH($S$1)<>MONTH($S$1-(WEEKDAY($S$1,1)-(start_day-1))-IF((WEEKDAY($S$1,1)-(start_day-1))<=0,7,0)+(ROW(X7)-ROW($S$3))*7+(COLUMN(X7)-COLUMN($S$3)+1)),"",$S$1-(WEEKDAY($S$1,1)-(start_day-1))-IF((WEEKDAY($S$1,1)-(start_day-1))<=0,7,0)+(ROW(X7)-ROW($S$3))*7+(COLUMN(X7)-COLUMN($S$3)+1)) | Y7: =IF(MONTH($S$1)<>MONTH($S$1-(WEEKDAY($S$1,1)-(start_day-1))-IF((WEEKDAY($S$1,1)-(start_day-1))<=0,7,0)+(ROW(Y7)-ROW($S$3))*7+(COLUMN(Y7)-COLUMN($S$3)+1)),"",$S$1-(WEEKDAY($S$1,1)-(start_day-1))-IF((WEEKDAY($S$1,1)-(start_day-1))<=0,7,0)+(ROW(Y7)-ROW($S$3))*7+(COLUMN(Y7)-COLUMN($S$3)+1))
K8: =IF(MONTH($K$1)<>MONTH($K$1-(WEEKDAY($K$1,1)-(start_day-1))-IF((WEEKDAY($K$1,1)-(start_day-1))<=0,7,0)+(ROW(K8)-ROW($K$3))*7+(COLUMN(K8)-COLUMN($K$3)+1)),"",$K$1-(WEEKDAY($K$1,1)-(start_day-1))-IF((WEEKDAY($K$1,1)-(start_day-1))<=0,7,0)+(ROW(K8)-ROW($K$3))*7+(COLUMN(K8)-COLUMN($K$3)+1)) | L8: =IF(MONTH($K$1)<>MONTH($K$1-(WEEKDAY($K$1,1)-(start_day-1))-IF((WEEKDAY($K$1,1)-(start_day-1))<=0,7,0)+(ROW(L8)-ROW($K$3))*7+(COLUMN(L8)-COLUMN($K$3)+1)),"",$K$1-(WEEKDAY($K$1,1)-(start_day-1))-IF((WEEKDAY($K$1,1)-(start_day-1))<=0,7,0)+(ROW(L8)-ROW($K$3))*7+(COLUMN(L8)-COLUMN($K$3)+1)) | M8: =IF(MONTH($K$1)<>MONTH($K$1-(WEEKDAY($K$1,1)-(start_day-1))-IF((WEEKDAY($K$1,1)-(start_day-1))<=0,7,0)+(ROW(M8)-ROW($K$3))*7+(COLUMN(M8)-COLUMN($K$3)+1)),"",$K$1-(WEEKDAY($K$1,1)-(start_day-1))-IF((WEEKDAY($K$1,1)-(start_day-1))<=0,7,0)+(ROW(M8)-ROW($K$3))*7+(COLUMN(M8)-COLUMN($K$3)+1)) | N8: =IF(MONTH($K$1)<>MONTH($K$1-(WEEKDAY($K$1,1)-(start_day-1))-IF((WEEKDAY($K$1,1)-(start_day-1))<=0,7,0)+(ROW(N8)-ROW($K$3))*7+(COLUMN(N8)-COLUMN($K$3)+1)),"",$K$1-(WEEKDAY($K$1,1)-(start_day-1))-IF((WEEKDAY($K$1,1)-(start_day-1))<=0,7,0)+(ROW(N8)-ROW($K$3))*7+(COLUMN(N8)-COLUMN($K$3)+1)) | O8: =IF(MONTH($K$1)<>MONTH($K$1-(WEEKDAY($K$1,1)-(start_day-1))-IF((WEEKDAY($K$1,1)-(start_day-1))<=0,7,0)+(ROW(O8)-ROW($K$3))*7+(COLUMN(O8)-COLUMN($K$3)+1)),"",$K$1-(WEEKDAY($K$1,1)-(start_day-1))-IF((WEEKDAY($K$1,1)-(start_day-1))<=0,7,0)+(ROW(O8)-ROW($K$3))*7+(COLUMN(O8)-COLUMN($K$3)+1)) | P8: =IF(MONTH($K$1)<>MONTH($K$1-(WEEKDAY($K$1,1)-(start_day-1))-IF((WEEKDAY($K$1,1)-(start_day-1))<=0,7,0)+(ROW(P8)-ROW($K$3))*7+(COLUMN(P8)-COLUMN($K$3)+1)),"",$K$1-(WEEKDAY($K$1,1)-(start_day-1))-IF((WEEKDAY($K$1,1)-(start_day-1))<=0,7,0)+(ROW(P8)-ROW($K$3))*7+(COLUMN(P8)-COLUMN($K$3)+1)) | Q8: =IF(MONTH($K$1)<>MONTH($K$1-(WEEKDAY($K$1,1)-(start_day-1))-IF((WEEKDAY($K$1,1)-(start_day-1))<=0,7,0)+(ROW(Q8)-ROW($K$3))*7+(COLUMN(Q8)-COLUMN($K$3)+1)),"",$K$1-(WEEKDAY($K$1,1)-(start_day-1))-IF((WEEKDAY($K$1,1)-(start_day-1))<=0,7,0)+(ROW(Q8)-ROW($K$3))*7+(COLUMN(Q8)-COLUMN($K$3)+1)) | S8: =IF(MONTH($S$1)<>MONTH($S$1-(WEEKDAY($S$1,1)-(start_day-1))-IF((WEEKDAY($S$1,1)-(start_day-1))<=0,7,0)+(ROW(S8)-ROW($S$3))*7+(COLUMN(S8)-COLUMN($S$3)+1)),"",$S$1-(WEEKDAY($S$1,1)-(start_day-1))-IF((WEEKDAY($S$1,1)-(start_day-1))<=0,7,0)+(ROW(S8)-ROW($S$3))*7+(COLUMN(S8)-COLUMN($S$3)+1)) | T8: =IF(MONTH($S$1)<>MONTH($S$1-(WEEKDAY($S$1,1)-(start_day-1))-IF((WEEKDAY($S$1,1)-(start_day-1))<=0,7,0)+(ROW(T8)-ROW($S$3))*7+(COLUMN(T8)-COLUMN($S$3)+1)),"",$S$1-(WEEKDAY($S$1,1)-(start_day-1))-IF((WEEKDAY($S$1,1)-(start_day-1))<=0,7,0)+(ROW(T8)-ROW($S$3))*7+(COLUMN(T8)-COLUMN($S$3)+1)) | U8: =IF(MONTH($S$1)<>MONTH($S$1-(WEEKDAY($S$1,1)-(start_day-1))-IF((WEEKDAY($S$1,1)-(start_day-1))<=0,7,0)+(ROW(U8)-ROW($S$3))*7+(COLUMN(U8)-COLUMN($S$3)+1)),"",$S$1-(WEEKDAY($S$1,1)-(start_day-1))-IF((WEEKDAY($S$1,1)-(start_day-1))<=0,7,0)+(ROW(U8)-ROW($S$3))*7+(COLUMN(U8)-COLUMN($S$3)+1)) | V8: =IF(MONTH($S$1)<>MONTH($S$1-(WEEKDAY($S$1,1)-(start_day-1))-IF((WEEKDAY($S$1,1)-(start_day-1))<=0,7,0)+(ROW(V8)-ROW($S$3))*7+(COLUMN(V8)-COLUMN($S$3)+1)),"",$S$1-(WEEKDAY($S$1,1)-(start_day-1))-IF((WEEKDAY($S$1,1)-(start_day-1))<=0,7,0)+(ROW(V8)-ROW($S$3))*7+(COLUMN(V8)-COLUMN($S$3)+1)) | W8: =IF(MONTH($S$1)<>MONTH($S$1-(WEEKDAY($S$1,1)-(start_day-1))-IF((WEEKDAY($S$1,1)-(start_day-1))<=0,7,0)+(ROW(W8)-ROW($S$3))*7+(COLUMN(W8)-COLUMN($S$3)+1)),"",$S$1-(WEEKDAY($S$1,1)-(start_day-1))-IF((WEEKDAY($S$1,1)-(start_day-1))<=0,7,0)+(ROW(W8)-ROW($S$3))*7+(COLUMN(W8)-COLUMN($S$3)+1)) | X8: =IF(MONTH($S$1)<>MONTH($S$1-(WEEKDAY($S$1,1)-(start_day-1))-IF((WEEKDAY($S$1,1)-(start_day-1))<=0,7,0)+(ROW(X8)-ROW($S$3))*7+(COLUMN(X8)-COLUMN($S$3)+1)),"",$S$1-(WEEKDAY($S$1,1)-(start_day-1))-IF((WEEKDAY($S$1,1)-(start_day-1))<=0,7,0)+(ROW(X8)-ROW($S$3))*7+(COLUMN(X8)-COLUMN($S$3)+1)) | Y8: =IF(MONTH($S$1)<>MONTH($S$1-(WEEKDAY($S$1,1)-(start_day-1))-IF((WEEKDAY($S$1,1)-(start_day-1))<=0,7,0)+(ROW(Y8)-ROW($S$3))*7+(COLUMN(Y8)-COLUMN($S$3)+1)),"",$S$1-(WEEKDAY($S$1,1)-(start_day-1))-IF((WEEKDAY($S$1,1)-(start_day-1))<=0,7,0)+(ROW(Y8)-ROW($S$3))*7+(COLUMN(Y8)-COLUMN($S$3)+1))
A9: =A10 -> 46229 | C9: =C10 -> 46230 | E9: =E10 -> 46231 | G9: =G10 -> 46232 | I9: =I10 -> 46233 | K9: =K10 -> 46234 | S9: =S10 -> 46235 | AB9: CALENDAR TEMPLATES by Vertex42.com
A10: =$A$1-(WEEKDAY($A$1,1)-(start_day-1))-IF((WEEKDAY($A$1,1)-(start_day-1))<=0,7,0)+1 -> 46229 | C10: =A10+1 -> 46230 | E10: =C10+1 -> 46231 | G10: =E10+1 -> 46232 | I10: =G10+1 -> 46233 | K10: =I10+1 -> 46234 | S10: =K10+1 -> 46235 | AB10: https://www.vertex42.com/calendars/
A11: Morning
A13: Afternoon
A15: Evening
A16: =S10+1 -> 46236 | C16: =A16+1 -> 46237 | E16: =C16+1 -> 46238 | G16: =E16+1 -> 46239 | I16: =G16+1 -> 46240 | K16: =I16+1 -> 46241 | S16: =K16+1 -> 46242 | AB16: Step 1: Enter the Year and Start Month
A17: Morning
AC18: Year | AD18: 2026
A19: Afternoon
AC20: Start Month | AD20: 8
A21: Evening
A22: =S16+1 -> 46243 | C22: =A22+1 -> 46244 | E22: =C22+1 -> 46245 | G22: =E22+1 -> 46246 | I22: =G22+1 -> 46247 | K22: =I22+1 -> 46248 | S22: =K22+1 -> 46249 | AB22: Step 2: Choose the Start Day
A23: Morning
AC24: Start Day of Week | AD24: 1
A25: Afternoon
A27: Evening
A28: =S22+1 -> 46250 | C28: =A28+1 -> 46251 | E28: =C28+1 -> 46252 | G28: =E28+1 -> 46253 | I28: =G28+1 -> 46254 | K28: =I28+1 -> 46255 | S28: =K28+1 -> 46256 | AB28: Step 3: Customize the Theme Colors / Fonts
A29: Morning | C29: First Day for KISD | AC29: Go to Page Layout > Themes to choose
AC30: different colors and fonts.
A31: Afternoon
A33: Evening
A34: =S28+1 -> 46257 | C34: =A34+1 -> 46258 | E34: =C34+1 -> 46259 | G34: =E34+1 -> 46260 | I34: =G34+1 -> 46261 | K34: =I34+1 -> 46262 | S34: =K34+1 -> 46263 | AB34: Step 4: Print to Paper or PDF
A35: Morning | AC35: Print the entire workbook, or print
AC36: only the selected worksheets.
A37: Afternoon
A39: Evening
A40: =S34+1 -> 46264 | C40: =A40+1 -> 46265 | E40: Notes
K44: Calendar Templates by Vertex42
K45: https://www.vertex42.com/calendars/

Sheet Sep
A1: =DATE(Aug!AD18,Aug!AD20+1,1) -> 46266 | K1: =DATE(YEAR(A1),MONTH(A1)-1,1) -> 46235 | S1: =DATE(YEAR(A1),MONTH(A1)+1,1) -> 46296
K2: =INDEX({"S";"M";"T";"W";"T";"F";"S"},1+MOD(start_day+1-2,7)) -> S | L2: =INDEX({"S";"M";"T";"W";"T";"F";"S"},1+MOD(start_day+2-2,7)) -> M | M2: =INDEX({"S";"M";"T";"W";"T";"F";"S"},1+MOD(start_day+3-2,7)) -> T | N2: =INDEX({"S";"M";"T";"W";"T";"F";"S"},1+MOD(start_day+4-2,7)) -> W | O2: =INDEX({"S";"M";"T";"W";"T";"F";"S"},1+MOD(start_day+5-2,7)) -> T | P2: =INDEX({"S";"M";"T";"W";"T";"F";"S"},1+MOD(start_day+6-2,7)) -> F | Q2: =INDEX({"S";"M";"T";"W";"T";"F";"S"},1+MOD(start_day+7-2,7)) -> S | S2: =INDEX({"S";"M";"T";"W";"T";"F";"S"},1+MOD(start_day+1-2,7)) -> S | T2: =INDEX({"S";"M";"T";"W";"T";"F";"S"},1+MOD(start_day+2-2,7)) -> M | U2: =INDEX({"S";"M";"T";"W";"T";"F";"S"},1+MOD(start_day+3-2,7)) -> T | V2: =INDEX({"S";"M";"T";"W";"T";"F";"S"},1+MOD(start_day+4-2,7)) -> W | W2: =INDEX({"S";"M";"T";"W";"T";"F";"S"},1+MOD(start_day+5-2,7)) -> T | X2: =INDEX({"S";"M";"T";"W";"T";"F";"S"},1+MOD(start_day+6-2,7)) -> F | Y2: =INDEX({"S";"M";"T";"W";"T";"F";"S"},1+MOD(start_day+7-2,7)) -> S
K3: =IF(MONTH($K$1)<>MONTH($K$1-(WEEKDAY($K$1,1)-(start_day-1))-IF((WEEKDAY($K$1,1)-(start_day-1))<=0,7,0)+(ROW(K3)-ROW($K$3))*7+(COLUMN(K3)-COLUMN($K$3)+1)),"",$K$1-(WEEKDAY($K$1,1)-(start_day-1))-IF((WEEKDAY($K$1,1)-(start_day-1))<=0,7,0)+(ROW(K3)-ROW($K$3))*7+(COLUMN(K3)-COLUMN($K$3)+1)) | L3: =IF(MONTH($K$1)<>MONTH($K$1-(WEEKDAY($K$1,1)-(start_day-1))-IF((WEEKDAY($K$1,1)-(start_day-1))<=0,7,0)+(ROW(L3)-ROW($K$3))*7+(COLUMN(L3)-COLUMN($K$3)+1)),"",$K$1-(WEEKDAY($K$1,1)-(start_day-1))-IF((WEEKDAY($K$1,1)-(start_day-1))<=0,7,0)+(ROW(L3)-ROW($K$3))*7+(COLUMN(L3)-COLUMN($K$3)+1)) | M3: =IF(MONTH($K$1)<>MONTH($K$1-(WEEKDAY($K$1,1)-(start_day-1))-IF((WEEKDAY($K$1,1)-(start_day-1))<=0,7,0)+(ROW(M3)-ROW($K$3))*7+(COLUMN(M3)-COLUMN($K$3)+1)),"",$K$1-(WEEKDAY($K$1,1)-(start_day-1))-IF((WEEKDAY($K$1,1)-(start_day-1))<=0,7,0)+(ROW(M3)-ROW($K$3))*7+(COLUMN(M3)-COLUMN($K$3)+1)) | N3: =IF(MONTH($K$1)<>MONTH($K$1-(WEEKDAY($K$1,1)-(start_day-1))-IF((WEEKDAY($K$1,1)-(start_day-1))<=0,7,0)+(ROW(N3)-ROW($K$3))*7+(COLUMN(N3)-COLUMN($K$3)+1)),"",$K$1-(WEEKDAY($K$1,1)-(start_day-1))-IF((WEEKDAY($K$1,1)-(start_day-1))<=0,7,0)+(ROW(N3)-ROW($K$3))*7+(COLUMN(N3)-COLUMN($K$3)+1)) | O3: =IF(MONTH($K$1)<>MONTH($K$1-(WEEKDAY($K$1,1)-(start_day-1))-IF((WEEKDAY($K$1,1)-(start_day-1))<=0,7,0)+(ROW(O3)-ROW($K$3))*7+(COLUMN(O3)-COLUMN($K$3)+1)),"",$K$1-(WEEKDAY($K$1,1)-(start_day-1))-IF((WEEKDAY($K$1,1)-(start_day-1))<=0,7,0)+(ROW(O3)-ROW($K$3))*7+(COLUMN(O3)-COLUMN($K$3)+1)) | P3: =IF(MONTH($K$1)<>MONTH($K$1-(WEEKDAY($K$1,1)-(start_day-1))-IF((WEEKDAY($K$1,1)-(start_day-1))<=0,7,0)+(ROW(P3)-ROW($K$3))*7+(COLUMN(P3)-COLUMN($K$3)+1)),"",$K$1-(WEEKDAY($K$1,1)-(start_day-1))-IF((WEEKDAY($K$1,1)-(start_day-1))<=0,7,0)+(ROW(P3)-ROW($K$3))*7+(COLUMN(P3)-COLUMN($K$3)+1)) | Q3: =IF(MONTH($K$1)<>MONTH($K$1-(WEEKDAY($K$1,1)-(start_day-1))-IF((WEEKDAY($K$1,1)-(start_day-1))<=0,7,0)+(ROW(Q3)-ROW($K$3))*7+(COLUMN(Q3)-COLUMN($K$3)+1)),"",$K$1-(WEEKDAY($K$1,1)-(start_day-1))-IF((WEEKDAY($K$1,1)-(start_day-1))<=0,7,0)+(ROW(Q3)-ROW($K$3))*7+(COLUMN(Q3)-COLUMN($K$3)+1)) -> 46235 | S3: =IF(MONTH($S$1)<>MONTH($S$1-(WEEKDAY($S$1,1)-(start_day-1))-IF((WEEKDAY($S$1,1)-(start_day-1))<=0,7,0)+(ROW(S3)-ROW($S$3))*7+(COLUMN(S3)-COLUMN($S$3)+1)),"",$S$1-(WEEKDAY($S$1,1)-(start_day-1))-IF((WEEKDAY($S$1,1)-(start_day-1))<=0,7,0)+(ROW(S3)-ROW($S$3))*7+(COLUMN(S3)-COLUMN($S$3)+1)) | T3: =IF(MONTH($S$1)<>MONTH($S$1-(WEEKDAY($S$1,1)-(start_day-1))-IF((WEEKDAY($S$1,1)-(start_day-1))<=0,7,0)+(ROW(T3)-ROW($S$3))*7+(COLUMN(T3)-COLUMN($S$3)+1)),"",$S$1-(WEEKDAY($S$1,1)-(start_day-1))-IF((WEEKDAY($S$1,1)-(start_day-1))<=0,7,0)+(ROW(T3)-ROW($S$3))*7+(COLUMN(T3)-COLUMN($S$3)+1)) | U3: =IF(MONTH($S$1)<>MONTH($S$1-(WEEKDAY($S$1,1)-(start_day-1))-IF((WEEKDAY($S$1,1)-(start_day-1))<=0,7,0)+(ROW(U3)-ROW($S$3))*7+(COLUMN(U3)-COLUMN($S$3)+1)),"",$S$1-(WEEKDAY($S$1,1)-(start_day-1))-IF((WEEKDAY($S$1,1)-(start_day-1))<=0,7,0)+(ROW(U3)-ROW($S$3))*7+(COLUMN(U3)-COLUMN($S$3)+1)) | V3: =IF(MONTH($S$1)<>MONTH($S$1-(WEEKDAY($S$1,1)-(start_day-1))-IF((WEEKDAY($S$1,1)-(start_day-1))<=0,7,0)+(ROW(V3)-ROW($S$3))*7+(COLUMN(V3)-COLUMN($S$3)+1)),"",$S$1-(WEEKDAY($S$1,1)-(start_day-1))-IF((WEEKDAY($S$1,1)-(start_day-1))<=0,7,0)+(ROW(V3)-ROW($S$3))*7+(COLUMN(V3)-COLUMN($S$3)+1)) | W3: =IF(MONTH($S$1)<>MONTH($S$1-(WEEKDAY($S$1,1)-(start_day-1))-IF((WEEKDAY($S$1,1)-(start_day-1))<=0,7,0)+(ROW(W3)-ROW($S$3))*7+(COLUMN(W3)-COLUMN($S$3)+1)),"",$S$1-(WEEKDAY($S$1,1)-(start_day-1))-IF((WEEKDAY($S$1,1)-(start_day-1))<=0,7,0)+(ROW(W3)-ROW($S$3))*7+(COLUMN(W3)-COLUMN($S$3)+1)) -> 46296 | X3: =IF(MONTH($S$1)<>MONTH($S$1-(WEEKDAY($S$1,1)-(start_day-1))-IF((WEEKDAY($S$1,1)-(start_day-1))<=0,7,0)+(ROW(X3)-ROW($S$3))*7+(COLUMN(X3)-COLUMN($S$3)+1)),"",$S$1-(WEEKDAY($S$1,1)-(start_day-1))-IF((WEEKDAY($S$1,1)-(start_day-1))<=0,7,0)+(ROW(X3)-ROW($S$3))*7+(COLUMN(X3)-COLUMN($S$3)+1)) -> 46297 | Y3: =IF(MONTH($S$1)<>MONTH($S$1-(WEEKDAY($S$1,1)-(start_day-1))-IF((WEEKDAY($S$1,1)-(start_day-1))<=0,7,0)+(ROW(Y3)-ROW($S$3))*7+(COLUMN(Y3)-COLUMN($S$3)+1)),"",$S$1-(WEEKDAY($S$1,1)-(start_day-1))-IF((WEEKDAY($S$1,1)-(start_day-1))<=0,7,0)+(ROW(Y3)-ROW($S$3))*7+(COLUMN(Y3)-COLUMN($S$3)+1)) -> 46298
J4: Unavailable | K4: =IF(MONTH($K$1)<>MONTH($K$1-(WEEKDAY($K$1,1)-(start_day-1))-IF((WEEKDAY($K$1,1)-(start_day-1))<=0,7,0)+(ROW(K4)-ROW($K$3))*7+(COLUMN(K4)-COLUMN($K$3)+1)),"",$K$1-(WEEKDAY($K$1,1)-(start_day-1))-IF((WEEKDAY($K$1,1)-(start_day-1))<=0,7,0)+(ROW(K4)-ROW($K$3))*7+(COLUMN(K4)-COLUMN($K$3)+1)) -> 46236 | L4: =IF(MONTH($K$1)<>MONTH($K$1-(WEEKDAY($K$1,1)-(start_day-1))-IF((WEEKDAY($K$1,1)-(start_day-1))<=0,7,0)+(ROW(L4)-ROW($K$3))*7+(COLUMN(L4)-COLUMN($K$3)+1)),"",$K$1-(WEEKDAY($K$1,1)-(start_day-1))-IF((WEEKDAY($K$1,1)-(start_day-1))<=0,7,0)+(ROW(L4)-ROW($K$3))*7+(COLUMN(L4)-COLUMN($K$3)+1)) -> 46237 | M4: =IF(MONTH($K$1)<>MONTH($K$1-(WEEKDAY($K$1,1)-(start_day-1))-IF((WEEKDAY($K$1,1)-(start_day-1))<=0,7,0)+(ROW(M4)-ROW($K$3))*7+(COLUMN(M4)-COLUMN($K$3)+1)),"",$K$1-(WEEKDAY($K$1,1)-(start_day-1))-IF((WEEKDAY($K$1,1)-(start_day-1))<=0,7,0)+(ROW(M4)-ROW($K$3))*7+(COLUMN(M4)-COLUMN($K$3)+1)) -> 46238 | N4: =IF(MONTH($K$1)<>MONTH($K$1-(WEEKDAY($K$1,1)-(start_day-1))-IF((WEEKDAY($K$1,1)-(start_day-1))<=0,7,0)+(ROW(N4)-ROW($K$3))*7+(COLUMN(N4)-COLUMN($K$3)+1)),"",$K$1-(WEEKDAY($K$1,1)-(start_day-1))-IF((WEEKDAY($K$1,1)-(start_day-1))<=0,7,0)+(ROW(N4)-ROW($K$3))*7+(COLUMN(N4)-COLUMN($K$3)+1)) -> 46239 | O4: =IF(MONTH($K$1)<>MONTH($K$1-(WEEKDAY($K$1,1)-(start_day-1))-IF((WEEKDAY($K$1,1)-(start_day-1))<=0,7,0)+(ROW(O4)-ROW($K$3))*7+(COLUMN(O4)-COLUMN($K$3)+1)),"",$K$1-(WEEKDAY($K$1,1)-(start_day-1))-IF((WEEKDAY($K$1,1)-(start_day-1))<=0,7,0)+(ROW(O4)-ROW($K$3))*7+(COLUMN(O4)-COLUMN($K$3)+1)) -> 46240 | P4: =IF(MONTH($K$1)<>MONTH($K$1-(WEEKDAY($K$1,1)-(start_day-1))-IF((WEEKDAY($K$1,1)-(start_day-1))<=0,7,0)+(ROW(P4)-ROW($K$3))*7+(COLUMN(P4)-COLUMN($K$3)+1)),"",$K$1-(WEEKDAY($K$1,1)-(start_day-1))-IF((WEEKDAY($K$1,1)-(start_day-1))<=0,7,0)+(ROW(P4)-ROW($K$3))*7+(COLUMN(P4)-COLUMN($K$3)+1)) -> 46241 | Q4: =IF(MONTH($K$1)<>MONTH($K$1-(WEEKDAY($K$1,1)-(start_day-1))-IF((WEEKDAY($K$1,1)-(start_day-1))<=0,7,0)+(ROW(Q4)-ROW($K$3))*7+(COLUMN(Q4)-COLUMN($K$3)+1)),"",$K$1-(WEEKDAY($K$1,1)-(start_day-1))-IF((WEEKDAY($K$1,1)-(start_day-1))<=0,7,0)+(ROW(Q4)-ROW($K$3))*7+(COLUMN(Q4)-COLUMN($K$3)+1)) -> 46242 | S4: =IF(MONTH($S$1)<>MONTH($S$1-(WEEKDAY($S$1,1)-(start_day-1))-IF((WEEKDAY($S$1,1)-(start_day-1))<=0,7,0)+(ROW(S4)-ROW($S$3))*7+(COLUMN(S4)-COLUMN($S$3)+1)),"",$S$1-(WEEKDAY($S$1,1)-(start_day-1))-IF((WEEKDAY($S$1,1)-(start_day-1))<=0,7,0)+(ROW(S4)-ROW($S$3))*7+(COLUMN(S4)-COLUMN($S$3)+1)) -> 46299 | T4: =IF(MONTH($S$1)<>MONTH($S$1-(WEEKDAY($S$1,1)-(start_day-1))-IF((WEEKDAY($S$1,1)-(start_day-1))<=0,7,0)+(ROW(T4)-ROW($S$3))*7+(COLUMN(T4)-COLUMN($S$3)+1)),"",$S$1-(WEEKDAY($S$1,1)-(start_day-1))-IF((WEEKDAY($S$1,1)-(start_day-1))<=0,7,0)+(ROW(T4)-ROW($S$3))*7+(COLUMN(T4)-COLUMN($S$3)+1)) -> 46300 | U4: =IF(MONTH($S$1)<>MONTH($S$1-(WEEKDAY($S$1,1)-(start_day-1))-IF((WEEKDAY($S$1,1)-(start_day-1))<=0,7,0)+(ROW(U4)-ROW($S$3))*7+(COLUMN(U4)-COLUMN($S$3)+1)),"",$S$1-(WEEKDAY($S$1,1)-(start_day-1))-IF((WEEKDAY($S$1,1)-(start_day-1))<=0,7,0)+(ROW(U4)-ROW($S$3))*7+(COLUMN(U4)-COLUMN($S$3)+1)) -> 46301 | V4: =IF(MONTH($S$1)<>MONTH($S$1-(WEEKDAY($S$1,1)-(start_day-1))-IF((WEEKDAY($S$1,1)-(start_day-1))<=0,7,0)+(ROW(V4)-ROW($S$3))*7+(COLUMN(V4)-COLUMN($S$3)+1)),"",$S$1-(WEEKDAY($S$1,1)-(start_day-1))-IF((WEEKDAY($S$1,1)-(start_day-1))<=0,7,0)+(ROW(V4)-ROW($S$3))*7+(COLUMN(V4)-COLUMN($S$3)+1)) -> 46302 | W4: =IF(MONTH($S$1)<>MONTH($S$1-(WEEKDAY($S$1,1)-(start_day-1))-IF((WEEKDAY($S$1,1)-(start_day-1))<=0,7,0)+(ROW(W4)-ROW($S$3))*7+(COLUMN(W4)-COLUMN($S$3)+1)),"",$S$1-(WEEKDAY($S$1,1)-(start_day-1))-IF((WEEKDAY($S$1,1)-(start_day-1))<=0,7,0)+(ROW(W4)-ROW($S$3))*7+(COLUMN(W4)-COLUMN($S$3)+1)) -> 46303 | X4: =IF(MONTH($S$1)<>MONTH($S$1-(WEEKDAY($S$1,1)-(start_day-1))-IF((WEEKDAY($S$1,1)-(start_day-1))<=0,7,0)+(ROW(X4)-ROW($S$3))*7+(COLUMN(X4)-COLUMN($S$3)+1)),"",$S$1-(WEEKDAY($S$1,1)-(start_day-1))-IF((WEEKDAY($S$1,1)-(start_day-1))<=0,7,0)+(ROW(X4)-ROW($S$3))*7+(COLUMN(X4)-COLUMN($S$3)+1)) -> 46304 | Y4: =IF(MONTH($S$1)<>MONTH($S$1-(WEEKDAY($S$1,1)-(start_day-1))-IF((WEEKDAY($S$1,1)-(start_day-1))<=0,7,0)+(ROW(Y4)-ROW($S$3))*7+(COLUMN(Y4)-COLUMN($S$3)+1)),"",$S$1-(WEEKDAY($S$1,1)-(start_day-1))-IF((WEEKDAY($S$1,1)-(start_day-1))<=0,7,0)+(ROW(Y4)-ROW($S$3))*7+(COLUMN(Y4)-COLUMN($S$3)+1)) -> 46305
K5: =IF(MONTH($K$1)<>MONTH($K$1-(WEEKDAY($K$1,1)-(start_day-1))-IF((WEEKDAY($K$1,1)-(start_day-1))<=0,7,0)+(ROW(K5)-ROW($K$3))*7+(COLUMN(K5)-COLUMN($K$3)+1)),"",$K$1-(WEEKDAY($K$1,1)-(start_day-1))-IF((WEEKDAY($K$1,1)-(start_day-1))<=0,7,0)+(ROW(K5)-ROW($K$3))*7+(COLUMN(K5)-COLUMN($K$3)+1)) -> 46243 | L5: =IF(MONTH($K$1)<>MONTH($K$1-(WEEKDAY($K$1,1)-(start_day-1))-IF((WEEKDAY($K$1,1)-(start_day-1))<=0,7,0)+(ROW(L5)-ROW($K$3))*7+(COLUMN(L5)-COLUMN($K$3)+1)),"",$K$1-(WEEKDAY($K$1,1)-(start_day-1))-IF((WEEKDAY($K$1,1)-(start_day-1))<=0,7,0)+(ROW(L5)-ROW($K$3))*7+(COLUMN(L5)-COLUMN($K$3)+1)) -> 46244 | M5: =IF(MONTH($K$1)<>MONTH($K$1-(WEEKDAY($K$1,1)-(start_day-1))-IF((WEEKDAY($K$1,1)-(start_day-1))<=0,7,0)+(ROW(M5)-ROW($K$3))*7+(COLUMN(M5)-COLUMN($K$3)+1)),"",$K$1-(WEEKDAY($K$1,1)-(start_day-1))-IF((WEEKDAY($K$1,1)-(start_day-1))<=0,7,0)+(ROW(M5)-ROW($K$3))*7+(COLUMN(M5)-COLUMN($K$3)+1)) -> 46245 | N5: =IF(MONTH($K$1)<>MONTH($K$1-(WEEKDAY($K$1,1)-(start_day-1))-IF((WEEKDAY($K$1,1)-(start_day-1))<=0,7,0)+(ROW(N5)-ROW($K$3))*7+(COLUMN(N5)-COLUMN($K$3)+1)),"",$K$1-(WEEKDAY($K$1,1)-(start_day-1))-IF((WEEKDAY($K$1,1)-(start_day-1))<=0,7,0)+(ROW(N5)-ROW($K$3))*7+(COLUMN(N5)-COLUMN($K$3)+1)) -> 46246 | O5: =IF(MONTH($K$1)<>MONTH($K$1-(WEEKDAY($K$1,1)-(start_day-1))-IF((WEEKDAY($K$1,1)-(start_day-1))<=0,7,0)+(ROW(O5)-ROW($K$3))*7+(COLUMN(O5)-COLUMN($K$3)+1)),"",$K$1-(WEEKDAY($K$1,1)-(start_day-1))-IF((WEEKDAY($K$1,1)-(start_day-1))<=0,7,0)+(ROW(O5)-ROW($K$3))*7+(COLUMN(O5)-COLUMN($K$3)+1)) -> 46247 | P5: =IF(MONTH($K$1)<>MONTH($K$1-(WEEKDAY($K$1,1)-(start_day-1))-IF((WEEKDAY($K$1,1)-(start_day-1))<=0,7,0)+(ROW(P5)-ROW($K$3))*7+(COLUMN(P5)-COLUMN($K$3)+1)),"",$K$1-(WEEKDAY($K$1,1)-(start_day-1))-IF((WEEKDAY($K$1,1)-(start_day-1))<=0,7,0)+(ROW(P5)-ROW($K$3))*7+(COLUMN(P5)-COLUMN($K$3)+1)) -> 46248 | Q5: =IF(MONTH($K$1)<>MONTH($K$1-(WEEKDAY($K$1,1)-(start_day-1))-IF((WEEKDAY($K$1,1)-(start_day-1))<=0,7,0)+(ROW(Q5)-ROW($K$3))*7+(COLUMN(Q5)-COLUMN($K$3)+1)),"",$K$1-(WEEKDAY($K$1,1)-(start_day-1))-IF((WEEKDAY($K$1,1)-(start_day-1))<=0,7,0)+(ROW(Q5)-ROW($K$3))*7+(COLUMN(Q5)-COLUMN($K$3)+1)) -> 46249 | S5: =IF(MONTH($S$1)<>MONTH($S$1-(WEEKDAY($S$1,1)-(start_day-1))-IF((WEEKDAY($S$1,1)-(start_day-1))<=0,7,0)+(ROW(S5)-ROW($S$3))*7+(COLUMN(S5)-COLUMN($S$3)+1)),"",$S$1-(WEEKDAY($S$1,1)-(start_day-1))-IF((WEEKDAY($S$1,1)-(start_day-1))<=0,7,0)+(ROW(S5)-ROW($S$3))*7+(COLUMN(S5)-COLUMN($S$3)+1)) -> 46306 | T5: =IF(MONTH($S$1)<>MONTH($S$1-(WEEKDAY($S$1,1)-(start_day-1))-IF((WEEKDAY($S$1,1)-(start_day-1))<=0,7,0)+(ROW(T5)-ROW($S$3))*7+(COLUMN(T5)-COLUMN($S$3)+1)),"",$S$1-(WEEKDAY($S$1,1)-(start_day-1))-IF((WEEKDAY($S$1,1)-(start_day-1))<=0,7,0)+(ROW(T5)-ROW($S$3))*7+(COLUMN(T5)-COLUMN($S$3)+1)) -> 46307 | U5: =IF(MONTH($S$1)<>MONTH($S$1-(WEEKDAY($S$1,1)-(start_day-1))-IF((WEEKDAY($S$1,1)-(start_day-1))<=0,7,0)+(ROW(U5)-ROW($S$3))*7+(COLUMN(U5)-COLUMN($S$3)+1)),"",$S$1-(WEEKDAY($S$1,1)-(start_day-1))-IF((WEEKDAY($S$1,1)-(start_day-1))<=0,7,0)+(ROW(U5)-ROW($S$3))*7+(COLUMN(U5)-COLUMN($S$3)+1)) -> 46308 | V5: =IF(MONTH($S$1)<>MONTH($S$1-(WEEKDAY($S$1,1)-(start_day-1))-IF((WEEKDAY($S$1,1)-(start_day-1))<=0,7,0)+(ROW(V5)-ROW($S$3))*7+(COLUMN(V5)-COLUMN($S$3)+1)),"",$S$1-(WEEKDAY($S$1,1)-(start_day-1))-IF((WEEKDAY($S$1,1)-(start_day-1))<=0,7,0)+(ROW(V5)-ROW($S$3))*7+(COLUMN(V5)-COLUMN($S$3)+1)) -> 46309 | W5: =IF(MONTH($S$1)<>MONTH($S$1-(WEEKDAY($S$1,1)-(start_day-1))-IF((WEEKDAY($S$1,1)-(start_day-1))<=0,7,0)+(ROW(W5)-ROW($S$3))*7+(COLUMN(W5)-COLUMN($S$3)+1)),"",$S$1-(WEEKDAY($S$1,1)-(start_day-1))-IF((WEEKDAY($S$1,1)-(start_day-1))<=0,7,0)+(ROW(W5)-ROW($S$3))*7+(COLUMN(W5)-COLUMN($S$3)+1)) -> 46310 | X5: =IF(MONTH($S$1)<>MONTH($S$1-(WEEKDAY($S$1,1)-(start_day-1))-IF((WEEKDAY($S$1,1)-(start_day-1))<=0,7,0)+(ROW(X5)-ROW($S$3))*7+(COLUMN(X5)-COLUMN($S$3)+1)),"",$S$1-(WEEKDAY($S$1,1)-(start_day-1))-IF((WEEKDAY($S$1,1)-(start_day-1))<=0,7,0)+(ROW(X5)-ROW($S$3))*7+(COLUMN(X5)-COLUMN($S$3)+1)) -> 46311 | Y5: =IF(MONTH($S$1)<>MONTH($S$1-(WEEKDAY($S$1,1)-(start_day-1))-IF((WEEKDAY($S$1,1)-(start_day-1))<=0,7,0)+(ROW(Y5)-ROW($S$3))*7+(COLUMN(Y5)-COLUMN($S$3)+1)),"",$S$1-(WEEKDAY($S$1,1)-(start_day-1))-IF((WEEKDAY($S$1,1)-(start_day-1))<=0,7,0)+(ROW(Y5)-ROW($S$3))*7+(COLUMN(Y5)-COLUMN($S$3)+1)) -> 46312
K6: =IF(MONTH($K$1)<>MONTH($K$1-(WEEKDAY($K$1,1)-(start_day-1))-IF((WEEKDAY($K$1,1)-(start_day-1))<=0,7,0)+(ROW(K6)-ROW($K$3))*7+(COLUMN(K6)-COLUMN($K$3)+1)),"",$K$1-(WEEKDAY($K$1,1)-(start_day-1))-IF((WEEKDAY($K$1,1)-(start_day-1))<=0,7,0)+(ROW(K6)-ROW($K$3))*7+(COLUMN(K6)-COLUMN($K$3)+1)) -> 46250 | L6: =IF(MONTH($K$1)<>MONTH($K$1-(WEEKDAY($K$1,1)-(start_day-1))-IF((WEEKDAY($K$1,1)-(start_day-1))<=0,7,0)+(ROW(L6)-ROW($K$3))*7+(COLUMN(L6)-COLUMN($K$3)+1)),"",$K$1-(WEEKDAY($K$1,1)-(start_day-1))-IF((WEEKDAY($K$1,1)-(start_day-1))<=0,7,0)+(ROW(L6)-ROW($K$3))*7+(COLUMN(L6)-COLUMN($K$3)+1)) -> 46251 | M6: =IF(MONTH($K$1)<>MONTH($K$1-(WEEKDAY($K$1,1)-(start_day-1))-IF((WEEKDAY($K$1,1)-(start_day-1))<=0,7,0)+(ROW(M6)-ROW($K$3))*7+(COLUMN(M6)-COLUMN($K$3)+1)),"",$K$1-(WEEKDAY($K$1,1)-(start_day-1))-IF((WEEKDAY($K$1,1)-(start_day-1))<=0,7,0)+(ROW(M6)-ROW($K$3))*7+(COLUMN(M6)-COLUMN($K$3)+1)) -> 46252 | N6: =IF(MONTH($K$1)<>MONTH($K$1-(WEEKDAY($K$1,1)-(start_day-1))-IF((WEEKDAY($K$1,1)-(start_day-1))<=0,7,0)+(ROW(N6)-ROW($K$3))*7+(COLUMN(N6)-COLUMN($K$3)+1)),"",$K$1-(WEEKDAY($K$1,1)-(start_day-1))-IF((WEEKDAY($K$1,1)-(start_day-1))<=0,7,0)+(ROW(N6)-ROW($K$3))*7+(COLUMN(N6)-COLUMN($K$3)+1)) -> 46253 | O6: =IF(MONTH($K$1)<>MONTH($K$1-(WEEKDAY($K$1,1)-(start_day-1))-IF((WEEKDAY($K$1,1)-(start_day-1))<=0,7,0)+(ROW(O6)-ROW($K$3))*7+(COLUMN(O6)-COLUMN($K$3)+1)),"",$K$1-(WEEKDAY($K$1,1)-(start_day-1))-IF((WEEKDAY($K$1,1)-(start_day-1))<=0,7,0)+(ROW(O6)-ROW($K$3))*7+(COLUMN(O6)-COLUMN($K$3)+1)) -> 46254 | P6: =IF(MONTH($K$1)<>MONTH($K$1-(WEEKDAY($K$1,1)-(start_day-1))-IF((WEEKDAY($K$1,1)-(start_day-1))<=0,7,0)+(ROW(P6)-ROW($K$3))*7+(COLUMN(P6)-COLUMN($K$3)+1)),"",$K$1-(WEEKDAY($K$1,1)-(start_day-1))-IF((WEEKDAY($K$1,1)-(start_day-1))<=0,7,0)+(ROW(P6)-ROW($K$3))*7+(COLUMN(P6)-COLUMN($K$3)+1)) -> 46255 | Q6: =IF(MONTH($K$1)<>MONTH($K$1-(WEEKDAY($K$1,1)-(start_day-1))-IF((WEEKDAY($K$1,1)-(start_day-1))<=0,7,0)+(ROW(Q6)-ROW($K$3))*7+(COLUMN(Q6)-COLUMN($K$3)+1)),"",$K$1-(WEEKDAY($K$1,1)-(start_day-1))-IF((WEEKDAY($K$1,1)-(start_day-1))<=0,7,0)+(ROW(Q6)-ROW($K$3))*7+(COLUMN(Q6)-COLUMN($K$3)+1)) -> 46256 | S6: =IF(MONTH($S$1)<>MONTH($S$1-(WEEKDAY($S$1,1)-(start_day-1))-IF((WEEKDAY($S$1,1)-(start_day-1))<=0,7,0)+(ROW(S6)-ROW($S$3))*7+(COLUMN(S6)-COLUMN($S$3)+1)),"",$S$1-(WEEKDAY($S$1,1)-(start_day-1))-IF((WEEKDAY($S$1,1)-(start_day-1))<=0,7,0)+(ROW(S6)-ROW($S$3))*7+(COLUMN(S6)-COLUMN($S$3)+1)) -> 46313 | T6: =IF(MONTH($S$1)<>MONTH($S$1-(WEEKDAY($S$1,1)-(start_day-1))-IF((WEEKDAY($S$1,1)-(start_day-1))<=0,7,0)+(ROW(T6)-ROW($S$3))*7+(COLUMN(T6)-COLUMN($S$3)+1)),"",$S$1-(WEEKDAY($S$1,1)-(start_day-1))-IF((WEEKDAY($S$1,1)-(start_day-1))<=0,7,0)+(ROW(T6)-ROW($S$3))*7+(COLUMN(T6)-COLUMN($S$3)+1)) -> 46314 | U6: =IF(MONTH($S$1)<>MONTH($S$1-(WEEKDAY($S$1,1)-(start_day-1))-IF((WEEKDAY($S$1,1)-(start_day-1))<=0,7,0)+(ROW(U6)-ROW($S$3))*7+(COLUMN(U6)-COLUMN($S$3)+1)),"",$S$1-(WEEKDAY($S$1,1)-(start_day-1))-IF((WEEKDAY($S$1,1)-(start_day-1))<=0,7,0)+(ROW(U6)-ROW($S$3))*7+(COLUMN(U6)-COLUMN($S$3)+1)) -> 46315 | V6: =IF(MONTH($S$1)<>MONTH($S$1-(WEEKDAY($S$1,1)-(start_day-1))-IF((WEEKDAY($S$1,1)-(start_day-1))<=0,7,0)+(ROW(V6)-ROW($S$3))*7+(COLUMN(V6)-COLUMN($S$3)+1)),"",$S$1-(WEEKDAY($S$1,1)-(start_day-1))-IF((WEEKDAY($S$1,1)-(start_day-1))<=0,7,0)+(ROW(V6)-ROW($S$3))*7+(COLUMN(V6)-COLUMN($S$3)+1)) -> 46316 | W6: =IF(MONTH($S$1)<>MONTH($S$1-(WEEKDAY($S$1,1)-(start_day-1))-IF((WEEKDAY($S$1,1)-(start_day-1))<=0,7,0)+(ROW(W6)-ROW($S$3))*7+(COLUMN(W6)-COLUMN($S$3)+1)),"",$S$1-(WEEKDAY($S$1,1)-(start_day-1))-IF((WEEKDAY($S$1,1)-(start_day-1))<=0,7,0)+(ROW(W6)-ROW($S$3))*7+(COLUMN(W6)-COLUMN($S$3)+1)) -> 46317 | X6: =IF(MONTH($S$1)<>MONTH($S$1-(WEEKDAY($S$1,1)-(start_day-1))-IF((WEEKDAY($S$1,1)-(start_day-1))<=0,7,0)+(ROW(X6)-ROW($S$3))*7+(COLUMN(X6)-COLUMN($S$3)+1)),"",$S$1-(WEEKDAY($S$1,1)-(start_day-1))-IF((WEEKDAY($S$1,1)-(start_day-1))<=0,7,0)+(ROW(X6)-ROW($S$3))*7+(COLUMN(X6)-COLUMN($S$3)+1)) -> 46318 | Y6: =IF(MONTH($S$1)<>MONTH($S$1-(WEEKDAY($S$1,1)-(start_day-1))-IF((WEEKDAY($S$1,1)-(start_day-1))<=0,7,0)+(ROW(Y6)-ROW($S$3))*7+(COLUMN(Y6)-COLUMN($S$3)+1)),"",$S$1-(WEEKDAY($S$1,1)-(start_day-1))-IF((WEEKDAY($S$1,1)-(start_day-1))<=0,7,0)+(ROW(Y6)-ROW($S$3))*7+(COLUMN(Y6)-COLUMN($S$3)+1)) -> 46319
K7: =IF(MONTH($K$1)<>MONTH($K$1-(WEEKDAY($K$1,1)-(start_day-1))-IF((WEEKDAY($K$1,1)-(start_day-1))<=0,7,0)+(ROW(K7)-ROW($K$3))*7+(COLUMN(K7)-COLUMN($K$3)+1)),"",$K$1-(WEEKDAY($K$1,1)-(start_day-1))-IF((WEEKDAY($K$1,1)-(start_day-1))<=0,7,0)+(ROW(K7)-ROW($K$3))*7+(COLUMN(K7)-COLUMN($K$3)+1)) -> 46257 | L7: =IF(MONTH($K$1)<>MONTH($K$1-(WEEKDAY($K$1,1)-(start_day-1))-IF((WEEKDAY($K$1,1)-(start_day-1))<=0,7,0)+(ROW(L7)-ROW($K$3))*7+(COLUMN(L7)-COLUMN($K$3)+1)),"",$K$1-(WEEKDAY($K$1,1)-(start_day-1))-IF((WEEKDAY($K$1,1)-(start_day-1))<=0,7,0)+(ROW(L7)-ROW($K$3))*7+(COLUMN(L7)-COLUMN($K$3)+1)) -> 46258 | M7: =IF(MONTH($K$1)<>MONTH($K$1-(WEEKDAY($K$1,1)-(start_day-1))-IF((WEEKDAY($K$1,1)-(start_day-1))<=0,7,0)+(ROW(M7)-ROW($K$3))*7+(COLUMN(M7)-COLUMN($K$3)+1)),"",$K$1-(WEEKDAY($K$1,1)-(start_day-1))-IF((WEEKDAY($K$1,1)-(start_day-1))<=0,7,0)+(ROW(M7)-ROW($K$3))*7+(COLUMN(M7)-COLUMN($K$3)+1)) -> 46259 | N7: =IF(MONTH($K$1)<>MONTH($K$1-(WEEKDAY($K$1,1)-(start_day-1))-IF((WEEKDAY($K$1,1)-(start_day-1))<=0,7,0)+(ROW(N7)-ROW($K$3))*7+(COLUMN(N7)-COLUMN($K$3)+1)),"",$K$1-(WEEKDAY($K$1,1)-(start_day-1))-IF((WEEKDAY($K$1,1)-(start_day-1))<=0,7,0)+(ROW(N7)-ROW($K$3))*7+(COLUMN(N7)-COLUMN($K$3)+1)) -> 46260 | O7: =IF(MONTH($K$1)<>MONTH($K$1-(WEEKDAY($K$1,1)-(start_day-1))-IF((WEEKDAY($K$1,1)-(start_day-1))<=0,7,0)+(ROW(O7)-ROW($K$3))*7+(COLUMN(O7)-COLUMN($K$3)+1)),"",$K$1-(WEEKDAY($K$1,1)-(start_day-1))-IF((WEEKDAY($K$1,1)-(start_day-1))<=0,7,0)+(ROW(O7)-ROW($K$3))*7+(COLUMN(O7)-COLUMN($K$3)+1)) -> 46261 | P7: =IF(MONTH($K$1)<>MONTH($K$1-(WEEKDAY($K$1,1)-(start_day-1))-IF((WEEKDAY($K$1,1)-(start_day-1))<=0,7,0)+(ROW(P7)-ROW($K$3))*7+(COLUMN(P7)-COLUMN($K$3)+1)),"",$K$1-(WEEKDAY($K$1,1)-(start_day-1))-IF((WEEKDAY($K$1,1)-(start_day-1))<=0,7,0)+(ROW(P7)-ROW($K$3))*7+(COLUMN(P7)-COLUMN($K$3)+1)) -> 46262 | Q7: =IF(MONTH($K$1)<>MONTH($K$1-(WEEKDAY($K$1,1)-(start_day-1))-IF((WEEKDAY($K$1,1)-(start_day-1))<=0,7,0)+(ROW(Q7)-ROW($K$3))*7+(COLUMN(Q7)-COLUMN($K$3)+1)),"",$K$1-(WEEKDAY($K$1,1)-(start_day-1))-IF((WEEKDAY($K$1,1)-(start_day-1))<=0,7,0)+(ROW(Q7)-ROW($K$3))*7+(COLUMN(Q7)-COLUMN($K$3)+1)) -> 46263 | S7: =IF(MONTH($S$1)<>MONTH($S$1-(WEEKDAY($S$1,1)-(start_day-1))-IF((WEEKDAY($S$1,1)-(start_day-1))<=0,7,0)+(ROW(S7)-ROW($S$3))*7+(COLUMN(S7)-COLUMN($S$3)+1)),"",$S$1-(WEEKDAY($S$1,1)-(start_day-1))-IF((WEEKDAY($S$1,1)-(start_day-1))<=0,7,0)+(ROW(S7)-ROW($S$3))*7+(COLUMN(S7)-COLUMN($S$3)+1)) -> 46320 | T7: =IF(MONTH($S$1)<>MONTH($S$1-(WEEKDAY($S$1,1)-(start_day-1))-IF((WEEKDAY($S$1,1)-(start_day-1))<=0,7,0)+(ROW(T7)-ROW($S$3))*7+(COLUMN(T7)-COLUMN($S$3)+1)),"",$S$1-(WEEKDAY($S$1,1)-(start_day-1))-IF((WEEKDAY($S$1,1)-(start_day-1))<=0,7,0)+(ROW(T7)-ROW($S$3))*7+(COLUMN(T7)-COLUMN($S$3)+1)) -> 46321 | U7: =IF(MONTH($S$1)<>MONTH($S$1-(WEEKDAY($S$1,1)-(start_day-1))-IF((WEEKDAY($S$1,1)-(start_day-1))<=0,7,0)+(ROW(U7)-ROW($S$3))*7+(COLUMN(U7)-COLUMN($S$3)+1)),"",$S$1-(WEEKDAY($S$1,1)-(start_day-1))-IF((WEEKDAY($S$1,1)-(start_day-1))<=0,7,0)+(ROW(U7)-ROW($S$3))*7+(COLUMN(U7)-COLUMN($S$3)+1)) -> 46322 | V7: =IF(MONTH($S$1)<>MONTH($S$1-(WEEKDAY($S$1,1)-(start_day-1))-IF((WEEKDAY($S$1,1)-(start_day-1))<=0,7,0)+(ROW(V7)-ROW($S$3))*7+(COLUMN(V7)-COLUMN($S$3)+1)),"",$S$1-(WEEKDAY($S$1,1)-(start_day-1))-IF((WEEKDAY($S$1,1)-(start_day-1))<=0,7,0)+(ROW(V7)-ROW($S$3))*7+(COLUMN(V7)-COLUMN($S$3)+1)) -> 46323 | W7: =IF(MONTH($S$1)<>MONTH($S$1-(WEEKDAY($S$1,1)-(start_day-1))-IF((WEEKDAY($S$1,1)-(start_day-1))<=0,7,0)+(ROW(W7)-ROW($S$3))*7+(COLUMN(W7)-COLUMN($S$3)+1)),"",$S$1-(WEEKDAY($S$1,1)-(start_day-1))-IF((WEEKDAY($S$1,1)-(start_day-1))<=0,7,0)+(ROW(W7)-ROW($S$3))*7+(COLUMN(W7)-COLUMN($S$3)+1)) -> 46324 | X7: =IF(MONTH($S$1)<>MONTH($S$1-(WEEKDAY($S$1,1)-(start_day-1))-IF((WEEKDAY($S$1,1)-(start_day-1))<=0,7,0)+(ROW(X7)-ROW($S$3))*7+(COLUMN(X7)-COLUMN($S$3)+1)),"",$S$1-(WEEKDAY($S$1,1)-(start_day-1))-IF((WEEKDAY($S$1,1)-(start_day-1))<=0,7,0)+(ROW(X7)-ROW($S$3))*7+(COLUMN(X7)-COLUMN($S$3)+1)) -> 46325 | Y7: =IF(MONTH($S$1)<>MONTH($S$1-(WEEKDAY($S$1,1)-(start_day-1))-IF((WEEKDAY($S$1,1)-(start_day-1))<=0,7,0)+(ROW(Y7)-ROW($S$3))*7+(COLUMN(Y7)-COLUMN($S$3)+1)),"",$S$1-(WEEKDAY($S$1,1)-(start_day-1))-IF((WEEKDAY($S$1,1)-(start_day-1))<=0,7,0)+(ROW(Y7)-ROW($S$3))*7+(COLUMN(Y7)-COLUMN($S$3)+1)) -> 46326
K8: =IF(MONTH($K$1)<>MONTH($K$1-(WEEKDAY($K$1,1)-(start_day-1))-IF((WEEKDAY($K$1,1)-(start_day-1))<=0,7,0)+(ROW(K8)-ROW($K$3))*7+(COLUMN(K8)-COLUMN($K$3)+1)),"",$K$1-(WEEKDAY($K$1,1)-(start_day-1))-IF((WEEKDAY($K$1,1)-(start_day-1))<=0,7,0)+(ROW(K8)-ROW($K$3))*7+(COLUMN(K8)-COLUMN($K$3)+1)) -> 46264 | L8: =IF(MONTH($K$1)<>MONTH($K$1-(WEEKDAY($K$1,1)-(start_day-1))-IF((WEEKDAY($K$1,1)-(start_day-1))<=0,7,0)+(ROW(L8)-ROW($K$3))*7+(COLUMN(L8)-COLUMN($K$3)+1)),"",$K$1-(WEEKDAY($K$1,1)-(start_day-1))-IF((WEEKDAY($K$1,1)-(start_day-1))<=0,7,0)+(ROW(L8)-ROW($K$3))*7+(COLUMN(L8)-COLUMN($K$3)+1)) -> 46265 | M8: =IF(MONTH($K$1)<>MONTH($K$1-(WEEKDAY($K$1,1)-(start_day-1))-IF((WEEKDAY($K$1,1)-(start_day-1))<=0,7,0)+(ROW(M8)-ROW($K$3))*7+(COLUMN(M8)-COLUMN($K$3)+1)),"",$K$1-(WEEKDAY($K$1,1)-(start_day-1))-IF((WEEKDAY($K$1,1)-(start_day-1))<=0,7,0)+(ROW(M8)-ROW($K$3))*7+(COLUMN(M8)-COLUMN($K$3)+1)) | N8: =IF(MONTH($K$1)<>MONTH($K$1-(WEEKDAY($K$1,1)-(start_day-1))-IF((WEEKDAY($K$1,1)-(start_day-1))<=0,7,0)+(ROW(N8)-ROW($K$3))*7+(COLUMN(N8)-COLUMN($K$3)+1)),"",$K$1-(WEEKDAY($K$1,1)-(start_day-1))-IF((WEEKDAY($K$1,1)-(start_day-1))<=0,7,0)+(ROW(N8)-ROW($K$3))*7+(COLUMN(N8)-COLUMN($K$3)+1)) | O8: =IF(MONTH($K$1)<>MONTH($K$1-(WEEKDAY($K$1,1)-(start_day-1))-IF((WEEKDAY($K$1,1)-(start_day-1))<=0,7,0)+(ROW(O8)-ROW($K$3))*7+(COLUMN(O8)-COLUMN($K$3)+1)),"",$K$1-(WEEKDAY($K$1,1)-(start_day-1))-IF((WEEKDAY($K$1,1)-(start_day-1))<=0,7,0)+(ROW(O8)-ROW($K$3))*7+(COLUMN(O8)-COLUMN($K$3)+1)) | P8: =IF(MONTH($K$1)<>MONTH($K$1-(WEEKDAY($K$1,1)-(start_day-1))-IF((WEEKDAY($K$1,1)-(start_day-1))<=0,7,0)+(ROW(P8)-ROW($K$3))*7+(COLUMN(P8)-COLUMN($K$3)+1)),"",$K$1-(WEEKDAY($K$1,1)-(start_day-1))-IF((WEEKDAY($K$1,1)-(start_day-1))<=0,7,0)+(ROW(P8)-ROW($K$3))*7+(COLUMN(P8)-COLUMN($K$3)+1)) | Q8: =IF(MONTH($K$1)<>MONTH($K$1-(WEEKDAY($K$1,1)-(start_day-1))-IF((WEEKDAY($K$1,1)-(start_day-1))<=0,7,0)+(ROW(Q8)-ROW($K$3))*7+(COLUMN(Q8)-COLUMN($K$3)+1)),"",$K$1-(WEEKDAY($K$1,1)-(start_day-1))-IF((WEEKDAY($K$1,1)-(start_day-1))<=0,7,0)+(ROW(Q8)-ROW($K$3))*7+(COLUMN(Q8)-COLUMN($K$3)+1)) | S8: =IF(MONTH($S$1)<>MONTH($S$1-(WEEKDAY($S$1,1)-(start_day-1))-IF((WEEKDAY($S$1,1)-(start_day-1))<=0,7,0)+(ROW(S8)-ROW($S$3))*7+(COLUMN(S8)-COLUMN($S$3)+1)),"",$S$1-(WEEKDAY($S$1,1)-(start_day-1))-IF((WEEKDAY($S$1,1)-(start_day-1))<=0,7,0)+(ROW(S8)-ROW($S$3))*7+(COLUMN(S8)-COLUMN($S$3)+1)) | T8: =IF(MONTH($S$1)<>MONTH($S$1-(WEEKDAY($S$1,1)-(start_day-1))-IF((WEEKDAY($S$1,1)-(start_day-1))<=0,7,0)+(ROW(T8)-ROW($S$3))*7+(COLUMN(T8)-COLUMN($S$3)+1)),"",$S$1-(WEEKDAY($S$1,1)-(start_day-1))-IF((WEEKDAY($S$1,1)-(start_day-1))<=0,7,0)+(ROW(T8)-ROW($S$3))*7+(COLUMN(T8)-COLUMN($S$3)+1)) | U8: =IF(MONTH($S$1)<>MONTH($S$1-(WEEKDAY($S$1,1)-(start_day-1))-IF((WEEKDAY($S$1,1)-(start_day-1))<=0,7,0)+(ROW(U8)-ROW($S$3))*7+(COLUMN(U8)-COLUMN($S$3)+1)),"",$S$1-(WEEKDAY($S$1,1)-(start_day-1))-IF((WEEKDAY($S$1,1)-(start_day-1))<=0,7,0)+(ROW(U8)-ROW($S$3))*7+(COLUMN(U8)-COLUMN($S$3)+1)) | V8: =IF(MONTH($S$1)<>MONTH($S$1-(WEEKDAY($S$1,1)-(start_day-1))-IF((WEEKDAY($S$1,1)-(start_day-1))<=0,7,0)+(ROW(V8)-ROW($S$3))*7+(COLUMN(V8)-COLUMN($S$3)+1)),"",$S$1-(WEEKDAY($S$1,1)-(start_day-1))-IF((WEEKDAY($S$1,1)-(start_day-1))<=0,7,0)+(ROW(V8)-ROW($S$3))*7+(COLUMN(V8)-COLUMN($S$3)+1)) | W8: =IF(MONTH($S$1)<>MONTH($S$1-(WEEKDAY($S$1,1)-(start_day-1))-IF((WEEKDAY($S$1,1)-(start_day-1))<=0,7,0)+(ROW(W8)-ROW($S$3))*7+(COLUMN(W8)-COLUMN($S$3)+1)),"",$S$1-(WEEKDAY($S$1,1)-(start_day-1))-IF((WEEKDAY($S$1,1)-(start_day-1))<=0,7,0)+(ROW(W8)-ROW($S$3))*7+(COLUMN(W8)-COLUMN($S$3)+1)) | X8: =IF(MONTH($S$1)<>MONTH($S$1-(WEEKDAY($S$1,1)-(start_day-1))-IF((WEEKDAY($S$1,1)-(start_day-1))<=0,7,0)+(ROW(X8)-ROW($S$3))*7+(COLUMN(X8)-COLUMN($S$3)+1)),"",$S$1-(WEEKDAY($S$1,1)-(start_day-1))-IF((WEEKDAY($S$1,1)-(start_day-1))<=0,7,0)+(ROW(X8)-ROW($S$3))*7+(COLUMN(X8)-COLUMN($S$3)+1)) | Y8: =IF(MONTH($S$1)<>MONTH($S$1-(WEEKDAY($S$1,1)-(start_day-1))-IF((WEEKDAY($S$1,1)-(start_day-1))<=0,7,0)+(ROW(Y8)-ROW($S$3))*7+(COLUMN(Y8)-COLUMN($S$3)+1)),"",$S$1-(WEEKDAY($S$1,1)-(start_day-1))-IF((WEEKDAY($S$1,1)-(start_day-1))<=0,7,0)+(ROW(Y8)-ROW($S$3))*7+(COLUMN(Y8)-COLUMN($S$3)+1))
A9: =A10 -> 46264 | C9: =C10 -> 46265 | E9: =E10 -> 46266 | G9: =G10 -> 46267 | I9: =I10 -> 46268 | K9: =K10 -> 46269 | S9: =S10 -> 46270
A10: =$A$1-(WEEKDAY($A$1,1)-(start_day-1))-IF((WEEKDAY($A$1,1)-(start_day-1))<=0,7,0)+1 -> 46264 | C10: =A10+1 -> 46265 | E10: =C10+1 -> 46266 | G10: =E10+1 -> 46267 | I10: =G10+1 -> 46268 | K10: =I10+1 -> 46269 | S10: =K10+1 -> 46270
A11: Morning
A13: Afternoon
A15: Evening
A16: =S10+1 -> 46271 | C16: =A16+1 -> 46272 | E16: =C16+1 -> 46273 | G16: =E16+1 -> 46274 | I16: =G16+1 -> 46275 | K16: =I16+1 -> 46276 | S16: =K16+1 -> 46277
A17: Morning | C17: HOLIDAY
A19: Afternoon
A21: Evening
A22: =S16+1 -> 46278 | C22: =A22+1 -> 46279 | E22: =C22+1 -> 46280 | G22: =E22+1 -> 46281 | I22: =G22+1 -> 46282 | K22: =I22+1 -> 46283 | S22: =K22+1 -> 46284
A23: Morning | C23: PEO Presentation | E23: KISD (KCC)
A25: Afternoon
A27: Evening | E27: KISD (KCC)
A28: =S22+1 -> 46285 | C28: =A28+1 -> 46286 | E28: =C28+1 -> 46287 | G28: =E28+1 -> 46288 | I28: =G28+1 -> 46289 | K28: =I28+1 -> 46290 | S28: =K28+1 -> 46291
A29: Morning | E29: KISD (SHS) | G29: KISD (ECHS 12) | I29: KISD (ECHS 12) | K29: KISD (Gateway)
A31: Afternoon
A33: Evening
A34: =S28+1 -> 46292 | C34: =A34+1 -> 46293 | E34: =C34+1 -> 46294 | G34: =E34+1 -> 46295 | I34: =G34+1 -> 46296 | K34: =I34+1 -> 46297 | S34: =K34+1 -> 46298
A35: Morning | E35: KISD (PAC) | G35: KISD (HHHS)
A37: Afternoon
A39: Evening
A40: =S34+1 -> 46299 | C40: =A40+1 -> 46300 | E40: Notes
K44: Calendar Templates by Vertex42
K45: https://www.vertex42.com/calendars/

Sheet Oct
A1: =DATE(Aug!AD18,Aug!AD20+2,1) -> 46296 | K1: =DATE(YEAR(A1),MONTH(A1)-1,1) -> 46266 | S1: =DATE(YEAR(A1),MONTH(A1)+1,1) -> 46327
K2: =INDEX({"S";"M";"T";"W";"T";"F";"S"},1+MOD(start_day+1-2,7)) -> S | L2: =INDEX({"S";"M";"T";"W";"T";"F";"S"},1+MOD(start_day+2-2,7)) -> M | M2: =INDEX({"S";"M";"T";"W";"T";"F";"S"},1+MOD(start_day+3-2,7)) -> T | N2: =INDEX({"S";"M";"T";"W";"T";"F";"S"},1+MOD(start_day+4-2,7)) -> W | O2: =INDEX({"S";"M";"T";"W";"T";"F";"S"},1+MOD(start_day+5-2,7)) -> T | P2: =INDEX({"S";"M";"T";"W";"T";"F";"S"},1+MOD(start_day+6-2,7)) -> F | Q2: =INDEX({"S";"M";"T";"W";"T";"F";"S"},1+MOD(start_day+7-2,7)) -> S | S2: =INDEX({"S";"M";"T";"W";"T";"F";"S"},1+MOD(start_day+1-2,7)) -> S | T2: =INDEX({"S";"M";"T";"W";"T";"F";"S"},1+MOD(start_day+2-2,7)) -> M | U2: =INDEX({"S";"M";"T";"W";"T";"F";"S"},1+MOD(start_day+3-2,7)) -> T | V2: =INDEX({"S";"M";"T";"W";"T";"F";"S"},1+MOD(start_day+4-2,7)) -> W | W2: =INDEX({"S";"M";"T";"W";"T";"F";"S"},1+MOD(start_day+5-2,7)) -> T | X2: =INDEX({"S";"M";"T";"W";"T";"F";"S"},1+MOD(start_day+6-2,7)) -> F | Y2: =INDEX({"S";"M";"T";"W";"T";"F";"S"},1+MOD(start_day+7-2,7)) -> S
K3: =IF(MONTH($K$1)<>MONTH($K$1-(WEEKDAY($K$1,1)-(start_day-1))-IF((WEEKDAY($K$1,1)-(start_day-1))<=0,7,0)+(ROW(K3)-ROW($K$3))*7+(COLUMN(K3)-COLUMN($K$3)+1)),"",$K$1-(WEEKDAY($K$1,1)-(start_day-1))-IF((WEEKDAY($K$1,1)-(start_day-1))<=0,7,0)+(ROW(K3)-ROW($K$3))*7+(COLUMN(K3)-COLUMN($K$3)+1)) | L3: =IF(MONTH($K$1)<>MONTH($K$1-(WEEKDAY($K$1,1)-(start_day-1))-IF((WEEKDAY($K$1,1)-(start_day-1))<=0,7,0)+(ROW(L3)-ROW($K$3))*7+(COLUMN(L3)-COLUMN($K$3)+1)),"",$K$1-(WEEKDAY($K$1,1)-(start_day-1))-IF((WEEKDAY($K$1,1)-(start_day-1))<=0,7,0)+(ROW(L3)-ROW($K$3))*7+(COLUMN(L3)-COLUMN($K$3)+1)) | M3: =IF(MONTH($K$1)<>MONTH($K$1-(WEEKDAY($K$1,1)-(start_day-1))-IF((WEEKDAY($K$1,1)-(start_day-1))<=0,7,0)+(ROW(M3)-ROW($K$3))*7+(COLUMN(M3)-COLUMN($K$3)+1)),"",$K$1-(WEEKDAY($K$1,1)-(start_day-1))-IF((WEEKDAY($K$1,1)-(start_day-1))<=0,7,0)+(ROW(M3)-ROW($K$3))*7+(COLUMN(M3)-COLUMN($K$3)+1)) -> 46266 | N3: =IF(MONTH($K$1)<>MONTH($K$1-(WEEKDAY($K$1,1)-(start_day-1))-IF((WEEKDAY($K$1,1)-(start_day-1))<=0,7,0)+(ROW(N3)-ROW($K$3))*7+(COLUMN(N3)-COLUMN($K$3)+1)),"",$K$1-(WEEKDAY($K$1,1)-(start_day-1))-IF((WEEKDAY($K$1,1)-(start_day-1))<=0,7,0)+(ROW(N3)-ROW($K$3))*7+(COLUMN(N3)-COLUMN($K$3)+1)) -> 46267 | O3: =IF(MONTH($K$1)<>MONTH($K$1-(WEEKDAY($K$1,1)-(start_day-1))-IF((WEEKDAY($K$1,1)-(start_day-1))<=0,7,0)+(ROW(O3)-ROW($K$3))*7+(COLUMN(O3)-COLUMN($K$3)+1)),"",$K$1-(WEEKDAY($K$1,1)-(start_day-1))-IF((WEEKDAY($K$1,1)-(start_day-1))<=0,7,0)+(ROW(O3)-ROW($K$3))*7+(COLUMN(O3)-COLUMN($K$3)+1)) -> 46268 | P3: =IF(MONTH($K$1)<>MONTH($K$1-(WEEKDAY($K$1,1)-(start_day-1))-IF((WEEKDAY($K$1,1)-(start_day-1))<=0,7,0)+(ROW(P3)-ROW($K$3))*7+(COLUMN(P3)-COLUMN($K$3)+1)),"",$K$1-(WEEKDAY($K$1,1)-(start_day-1))-IF((WEEKDAY($K$1,1)-(start_day-1))<=0,7,0)+(ROW(P3)-ROW($K$3))*7+(COLUMN(P3)-COLUMN($K$3)+1)) -> 46269 | Q3: =IF(MONTH($K$1)<>MONTH($K$1-(WEEKDAY($K$1,1)-(start_day-1))-IF((WEEKDAY($K$1,1)-(start_day-1))<=0,7,0)+(ROW(Q3)-ROW($K$3))*7+(COLUMN(Q3)-COLUMN($K$3)+1)),"",$K$1-(WEEKDAY($K$1,1)-(start_day-1))-IF((WEEKDAY($K$1,1)-(start_day-1))<=0,7,0)+(ROW(Q3)-ROW($K$3))*7+(COLUMN(Q3)-COLUMN($K$3)+1)) -> 46270 | S3: =IF(MONTH($S$1)<>MONTH($S$1-(WEEKDAY($S$1,1)-(start_day-1))-IF((WEEKDAY($S$1,1)-(start_day-1))<=0,7,0)+(ROW(S3)-ROW($S$3))*7+(COLUMN(S3)-COLUMN($S$3)+1)),"",$S$1-(WEEKDAY($S$1,1)-(start_day-1))-IF((WEEKDAY($S$1,1)-(start_day-1))<=0,7,0)+(ROW(S3)-ROW($S$3))*7+(COLUMN(S3)-COLUMN($S$3)+1)) -> 46327 | T3: =IF(MONTH($S$1)<>MONTH($S$1-(WEEKDAY($S$1,1)-(start_day-1))-IF((WEEKDAY($S$1,1)-(start_day-1))<=0,7,0)+(ROW(T3)-ROW($S$3))*7+(COLUMN(T3)-COLUMN($S$3)+1)),"",$S$1-(WEEKDAY($S$1,1)-(start_day-1))-IF((WEEKDAY($S$1,1)-(start_day-1))<=0,7,0)+(ROW(T3)-ROW($S$3))*7+(COLUMN(T3)-COLUMN($S$3)+1)) -> 46328 | U3: =IF(MONTH($S$1)<>MONTH($S$1-(WEEKDAY($S$1,1)-(start_day-1))-IF((WEEKDAY($S$1,1)-(start_day-1))<=0,7,0)+(ROW(U3)-ROW($S$3))*7+(COLUMN(U3)-COLUMN($S$3)+1)),"",$S$1-(WEEKDAY($S$1,1)-(start_day-1))-IF((WEEKDAY($S$1,1)-(start_day-1))<=0,7,0)+(ROW(U3)-ROW($S$3))*7+(COLUMN(U3)-COLUMN($S$3)+1)) -> 46329 | V3: =IF(MONTH($S$1)<>MONTH($S$1-(WEEKDAY($S$1,1)-(start_day-1))-IF((WEEKDAY($S$1,1)-(start_day-1))<=0,7,0)+(ROW(V3)-ROW($S$3))*7+(COLUMN(V3)-COLUMN($S$3)+1)),"",$S$1-(WEEKDAY($S$1,1)-(start_day-1))-IF((WEEKDAY($S$1,1)-(start_day-1))<=0,7,0)+(ROW(V3)-ROW($S$3))*7+(COLUMN(V3)-COLUMN($S$3)+1)) -> 46330 | W3: =IF(MONTH($S$1)<>MONTH($S$1-(WEEKDAY($S$1,1)-(start_day-1))-IF((WEEKDAY($S$1,1)-(start_day-1))<=0,7,0)+(ROW(W3)-ROW($S$3))*7+(COLUMN(W3)-COLUMN($S$3)+1)),"",$S$1-(WEEKDAY($S$1,1)-(start_day-1))-IF((WEEKDAY($S$1,1)-(start_day-1))<=0,7,0)+(ROW(W3)-ROW($S$3))*7+(COLUMN(W3)-COLUMN($S$3)+1)) -> 46331 | X3: =IF(MONTH($S$1)<>MONTH($S$1-(WEEKDAY($S$1,1)-(start_day-1))-IF((WEEKDAY($S$1,1)-(start_day-1))<=0,7,0)+(ROW(X3)-ROW($S$3))*7+(COLUMN(X3)-COLUMN($S$3)+1)),"",$S$1-(WEEKDAY($S$1,1)-(start_day-1))-IF((WEEKDAY($S$1,1)-(start_day-1))<=0,7,0)+(ROW(X3)-ROW($S$3))*7+(COLUMN(X3)-COLUMN($S$3)+1)) -> 46332 | Y3: =IF(MONTH($S$1)<>MONTH($S$1-(WEEKDAY($S$1,1)-(start_day-1))-IF((WEEKDAY($S$1,1)-(start_day-1))<=0,7,0)+(ROW(Y3)-ROW($S$3))*7+(COLUMN(Y3)-COLUMN($S$3)+1)),"",$S$1-(WEEKDAY($S$1,1)-(start_day-1))-IF((WEEKDAY($S$1,1)-(start_day-1))<=0,7,0)+(ROW(Y3)-ROW($S$3))*7+(COLUMN(Y3)-COLUMN($S$3)+1)) -> 46333
J4: Unavailable | K4: =IF(MONTH($K$1)<>MONTH($K$1-(WEEKDAY($K$1,1)-(start_day-1))-IF((WEEKDAY($K$1,1)-(start_day-1))<=0,7,0)+(ROW(K4)-ROW($K$3))*7+(COLUMN(K4)-COLUMN($K$3)+1)),"",$K$1-(WEEKDAY($K$1,1)-(start_day-1))-IF((WEEKDAY($K$1,1)-(start_day-1))<=0,7,0)+(ROW(K4)-ROW($K$3))*7+(COLUMN(K4)-COLUMN($K$3)+1)) -> 46271 | L4: =IF(MONTH($K$1)<>MONTH($K$1-(WEEKDAY($K$1,1)-(start_day-1))-IF((WEEKDAY($K$1,1)-(start_day-1))<=0,7,0)+(ROW(L4)-ROW($K$3))*7+(COLUMN(L4)-COLUMN($K$3)+1)),"",$K$1-(WEEKDAY($K$1,1)-(start_day-1))-IF((WEEKDAY($K$1,1)-(start_day-1))<=0,7,0)+(ROW(L4)-ROW($K$3))*7+(COLUMN(L4)-COLUMN($K$3)+1)) -> 46272 | M4: =IF(MONTH($K$1)<>MONTH($K$1-(WEEKDAY($K$1,1)-(start_day-1))-IF((WEEKDAY($K$1,1)-(start_day-1))<=0,7,0)+(ROW(M4)-ROW($K$3))*7+(COLUMN(M4)-COLUMN($K$3)+1)),"",$K$1-(WEEKDAY($K$1,1)-(start_day-1))-IF((WEEKDAY($K$1,1)-(start_day-1))<=0,7,0)+(ROW(M4)-ROW($K$3))*7+(COLUMN(M4)-COLUMN($K$3)+1)) -> 46273 | N4: =IF(MONTH($K$1)<>MONTH($K$1-(WEEKDAY($K$1,1)-(start_day-1))-IF((WEEKDAY($K$1,1)-(start_day-1))<=0,7,0)+(ROW(N4)-ROW($K$3))*7+(COLUMN(N4)-COLUMN($K$3)+1)),"",$K$1-(WEEKDAY($K$1,1)-(start_day-1))-IF((WEEKDAY($K$1,1)-(start_day-1))<=0,7,0)+(ROW(N4)-ROW($K$3))*7+(COLUMN(N4)-COLUMN($K$3)+1)) -> 46274 | O4: =IF(MONTH($K$1)<>MONTH($K$1-(WEEKDAY($K$1,1)-(start_day-1))-IF((WEEKDAY($K$1,1)-(start_day-1))<=0,7,0)+(ROW(O4)-ROW($K$3))*7+(COLUMN(O4)-COLUMN($K$3)+1)),"",$K$1-(WEEKDAY($K$1,1)-(start_day-1))-IF((WEEKDAY($K$1,1)-(start_day-1))<=0,7,0)+(ROW(O4)-ROW($K$3))*7+(COLUMN(O4)-COLUMN($K$3)+1)) -> 46275 | P4: =IF(MONTH($K$1)<>MONTH($K$1-(WEEKDAY($K$1,1)-(start_day-1))-IF((WEEKDAY($K$1,1)-(start_day-1))<=0,7,0)+(ROW(P4)-ROW($K$3))*7+(COLUMN(P4)-COLUMN($K$3)+1)),"",$K$1-(WEEKDAY($K$1,1)-(start_day-1))-IF((WEEKDAY($K$1,1)-(start_day-1))<=0,7,0)+(ROW(P4)-ROW($K$3))*7+(COLUMN(P4)-COLUMN($K$3)+1)) -> 46276 | Q4: =IF(MONTH($K$1)<>MONTH($K$1-(WEEKDAY($K$1,1)-(start_day-1))-IF((WEEKDAY($K$1,1)-(start_day-1))<=0,7,0)+(ROW(Q4)-ROW($K$3))*7+(COLUMN(Q4)-COLUMN($K$3)+1)),"",$K$1-(WEEKDAY($K$1,1)-(start_day-1))-IF((WEEKDAY($K$1,1)-(start_day-1))<=0,7,0)+(ROW(Q4)-ROW($K$3))*7+(COLUMN(Q4)-COLUMN($K$3)+1)) -> 46277 | S4: =IF(MONTH($S$1)<>MONTH($S$1-(WEEKDAY($S$1,1)-(start_day-1))-IF((WEEKDAY($S$1,1)-(start_day-1))<=0,7,0)+(ROW(S4)-ROW($S$3))*7+(COLUMN(S4)-COLUMN($S$3)+1)),"",$S$1-(WEEKDAY($S$1,1)-(start_day-1))-IF((WEEKDAY($S$1,1)-(start_day-1))<=0,7,0)+(ROW(S4)-ROW($S$3))*7+(COLUMN(S4)-COLUMN($S$3)+1)) -> 46334 | T4: =IF(MONTH($S$1)<>MONTH($S$1-(WEEKDAY($S$1,1)-(start_day-1))-IF((WEEKDAY($S$1,1)-(start_day-1))<=0,7,0)+(ROW(T4)-ROW($S$3))*7+(COLUMN(T4)-COLUMN($S$3)+1)),"",$S$1-(WEEKDAY($S$1,1)-(start_day-1))-IF((WEEKDAY($S$1,1)-(start_day-1))<=0,7,0)+(ROW(T4)-ROW($S$3))*7+(COLUMN(T4)-COLUMN($S$3)+1)) -> 46335 | U4: =IF(MONTH($S$1)<>MONTH($S$1-(WEEKDAY($S$1,1)-(start_day-1))-IF((WEEKDAY($S$1,1)-(start_day-1))<=0,7,0)+(ROW(U4)-ROW($S$3))*7+(COLUMN(U4)-COLUMN($S$3)+1)),"",$S$1-(WEEKDAY($S$1,1)-(start_day-1))-IF((WEEKDAY($S$1,1)-(start_day-1))<=0,7,0)+(ROW(U4)-ROW($S$3))*7+(COLUMN(U4)-COLUMN($S$3)+1)) -> 46336 | V4: =IF(MONTH($S$1)<>MONTH($S$1-(WEEKDAY($S$1,1)-(start_day-1))-IF((WEEKDAY($S$1,1)-(start_day-1))<=0,7,0)+(ROW(V4)-ROW($S$3))*7+(COLUMN(V4)-COLUMN($S$3)+1)),"",$S$1-(WEEKDAY($S$1,1)-(start_day-1))-IF((WEEKDAY($S$1,1)-(start_day-1))<=0,7,0)+(ROW(V4)-ROW($S$3))*7+(COLUMN(V4)-COLUMN($S$3)+1)) -> 46337 | W4: =IF(MONTH($S$1)<>MONTH($S$1-(WEEKDAY($S$1,1)-(start_day-1))-IF((WEEKDAY($S$1,1)-(start_day-1))<=0,7,0)+(ROW(W4)-ROW($S$3))*7+(COLUMN(W4)-COLUMN($S$3)+1)),"",$S$1-(WEEKDAY($S$1,1)-(start_day-1))-IF((WEEKDAY($S$1,1)-(start_day-1))<=0,7,0)+(ROW(W4)-ROW($S$3))*7+(COLUMN(W4)-COLUMN($S$3)+1)) -> 46338 | X4: =IF(MONTH($S$1)<>MONTH($S$1-(WEEKDAY($S$1,1)-(start_day-1))-IF((WEEKDAY($S$1,1)-(start_day-1))<=0,7,0)+(ROW(X4)-ROW($S$3))*7+(COLUMN(X4)-COLUMN($S$3)+1)),"",$S$1-(WEEKDAY($S$1,1)-(start_day-1))-IF((WEEKDAY($S$1,1)-(start_day-1))<=0,7,0)+(ROW(X4)-ROW($S$3))*7+(COLUMN(X4)-COLUMN($S$3)+1)) -> 46339 | Y4: =IF(MONTH($S$1)<>MONTH($S$1-(WEEKDAY($S$1,1)-(start_day-1))-IF((WEEKDAY($S$1,1)-(start_day-1))<=0,7,0)+(ROW(Y4)-ROW($S$3))*7+(COLUMN(Y4)-COLUMN($S$3)+1)),"",$S$1-(WEEKDAY($S$1,1)-(start_day-1))-IF((WEEKDAY($S$1,1)-(start_day-1))<=0,7,0)+(ROW(Y4)-ROW($S$3))*7+(COLUMN(Y4)-COLUMN($S$3)+1)) -> 46340
K5: =IF(MONTH($K$1)<>MONTH($K$1-(WEEKDAY($K$1,1)-(start_day-1))-IF((WEEKDAY($K$1,1)-(start_day-1))<=0,7,0)+(ROW(K5)-ROW($K$3))*7+(COLUMN(K5)-COLUMN($K$3)+1)),"",$K$1-(WEEKDAY($K$1,1)-(start_day-1))-IF((WEEKDAY($K$1,1)-(start_day-1))<=0,7,0)+(ROW(K5)-ROW($K$3))*7+(COLUMN(K5)-COLUMN($K$3)+1)) -> 46278 | L5: =IF(MONTH($K$1)<>MONTH($K$1-(WEEKDAY($K$1,1)-(start_day-1))-IF((WEEKDAY($K$1,1)-(start_day-1))<=0,7,0)+(ROW(L5)-ROW($K$3))*7+(COLUMN(L5)-COLUMN($K$3)+1)),"",$K$1-(WEEKDAY($K$1,1)-(start_day-1))-IF((WEEKDAY($K$1,1)-(start_day-1))<=0,7,0)+(ROW(L5)-ROW($K$3))*7+(COLUMN(L5)-COLUMN($K$3)+1)) -> 46279 | M5: =IF(MONTH($K$1)<>MONTH($K$1-(WEEKDAY($K$1,1)-(start_day-1))-IF((WEEKDAY($K$1,1)-(start_day-1))<=0,7,0)+(ROW(M5)-ROW($K$3))*7+(COLUMN(M5)-COLUMN($K$3)+1)),"",$K$1-(WEEKDAY($K$1,1)-(start_day-1))-IF((WEEKDAY($K$1,1)-(start_day-1))<=0,7,0)+(ROW(M5)-ROW($K$3))*7+(COLUMN(M5)-COLUMN($K$3)+1)) -> 46280 | N5: =IF(MONTH($K$1)<>MONTH($K$1-(WEEKDAY($K$1,1)-(start_day-1))-IF((WEEKDAY($K$1,1)-(start_day-1))<=0,7,0)+(ROW(N5)-ROW($K$3))*7+(COLUMN(N5)-COLUMN($K$3)+1)),"",$K$1-(WEEKDAY($K$1,1)-(start_day-1))-IF((WEEKDAY($K$1,1)-(start_day-1))<=0,7,0)+(ROW(N5)-ROW($K$3))*7+(COLUMN(N5)-COLUMN($K$3)+1)) -> 46281 | O5: =IF(MONTH($K$1)<>MONTH($K$1-(WEEKDAY($K$1,1)-(start_day-1))-IF((WEEKDAY($K$1,1)-(start_day-1))<=0,7,0)+(ROW(O5)-ROW($K$3))*7+(COLUMN(O5)-COLUMN($K$3)+1)),"",$K$1-(WEEKDAY($K$1,1)-(start_day-1))-IF((WEEKDAY($K$1,1)-(start_day-1))<=0,7,0)+(ROW(O5)-ROW($K$3))*7+(COLUMN(O5)-COLUMN($K$3)+1)) -> 46282 | P5: =IF(MONTH($K$1)<>MONTH($K$1-(WEEKDAY($K$1,1)-(start_day-1))-IF((WEEKDAY($K$1,1)-(start_day-1))<=0,7,0)+(ROW(P5)-ROW($K$3))*7+(COLUMN(P5)-COLUMN($K$3)+1)),"",$K$1-(WEEKDAY($K$1,1)-(start_day-1))-IF((WEEKDAY($K$1,1)-(start_day-1))<=0,7,0)+(ROW(P5)-ROW($K$3))*7+(COLUMN(P5)-COLUMN($K$3)+1)) -> 46283 | Q5: =IF(MONTH($K$1)<>MONTH($K$1-(WEEKDAY($K$1,1)-(start_day-1))-IF((WEEKDAY($K$1,1)-(start_day-1))<=0,7,0)+(ROW(Q5)-ROW($K$3))*7+(COLUMN(Q5)-COLUMN($K$3)+1)),"",$K$1-(WEEKDAY($K$1,1)-(start_day-1))-IF((WEEKDAY($K$1,1)-(start_day-1))<=0,7,0)+(ROW(Q5)-ROW($K$3))*7+(COLUMN(Q5)-COLUMN($K$3)+1)) -> 46284 | S5: =IF(MONTH($S$1)<>MONTH($S$1-(WEEKDAY($S$1,1)-(start_day-1))-IF((WEEKDAY($S$1,1)-(start_day-1))<=0,7,0)+(ROW(S5)-ROW($S$3))*7+(COLUMN(S5)-COLUMN($S$3)+1)),"",$S$1-(WEEKDAY($S$1,1)-(start_day-1))-IF((WEEKDAY($S$1,1)-(start_day-1))<=0,7,0)+(ROW(S5)-ROW($S$3))*7+(COLUMN(S5)-COLUMN($S$3)+1)) -> 46341 | T5: =IF(MONTH($S$1)<>MONTH($S$1-(WEEKDAY($S$1,1)-(start_day-1))-IF((WEEKDAY($S$1,1)-(start_day-1))<=0,7,0)+(ROW(T5)-ROW($S$3))*7+(COLUMN(T5)-COLUMN($S$3)+1)),"",$S$1-(WEEKDAY($S$1,1)-(start_day-1))-IF((WEEKDAY($S$1,1)-(start_day-1))<=0,7,0)+(ROW(T5)-ROW($S$3))*7+(COLUMN(T5)-COLUMN($S$3)+1)) -> 46342 | U5: =IF(MONTH($S$1)<>MONTH($S$1-(WEEKDAY($S$1,1)-(start_day-1))-IF((WEEKDAY($S$1,1)-(start_day-1))<=0,7,0)+(ROW(U5)-ROW($S$3))*7+(COLUMN(U5)-COLUMN($S$3)+1)),"",$S$1-(WEEKDAY($S$1,1)-(start_day-1))-IF((WEEKDAY($S$1,1)-(start_day-1))<=0,7,0)+(ROW(U5)-ROW($S$3))*7+(COLUMN(U5)-COLUMN($S$3)+1)) -> 46343 | V5: =IF(MONTH($S$1)<>MONTH($S$1-(WEEKDAY($S$1,1)-(start_day-1))-IF((WEEKDAY($S$1,1)-(start_day-1))<=0,7,0)+(ROW(V5)-ROW($S$3))*7+(COLUMN(V5)-COLUMN($S$3)+1)),"",$S$1-(WEEKDAY($S$1,1)-(start_day-1))-IF((WEEKDAY($S$1,1)-(start_day-1))<=0,7,0)+(ROW(V5)-ROW($S$3))*7+(COLUMN(V5)-COLUMN($S$3)+1)) -> 46344 | W5: =IF(MONTH($S$1)<>MONTH($S$1-(WEEKDAY($S$1,1)-(start_day-1))-IF((WEEKDAY($S$1,1)-(start_day-1))<=0,7,0)+(ROW(W5)-ROW($S$3))*7+(COLUMN(W5)-COLUMN($S$3)+1)),"",$S$1-(WEEKDAY($S$1,1)-(start_day-1))-IF((WEEKDAY($S$1,1)-(start_day-1))<=0,7,0)+(ROW(W5)-ROW($S$3))*7+(COLUMN(W5)-COLUMN($S$3)+1)) -> 46345 | X5: =IF(MONTH($S$1)<>MONTH($S$1-(WEEKDAY($S$1,1)-(start_day-1))-IF((WEEKDAY($S$1,1)-(start_day-1))<=0,7,0)+(ROW(X5)-ROW($S$3))*7+(COLUMN(X5)-COLUMN($S$3)+1)),"",$S$1-(WEEKDAY($S$1,1)-(start_day-1))-IF((WEEKDAY($S$1,1)-(start_day-1))<=0,7,0)+(ROW(X5)-ROW($S$3))*7+(COLUMN(X5)-COLUMN($S$3)+1)) -> 46346 | Y5: =IF(MONTH($S$1)<>MONTH($S$1-(WEEKDAY($S$1,1)-(start_day-1))-IF((WEEKDAY($S$1,1)-(start_day-1))<=0,7,0)+(ROW(Y5)-ROW($S$3))*7+(COLUMN(Y5)-COLUMN($S$3)+1)),"",$S$1-(WEEKDAY($S$1,1)-(start_day-1))-IF((WEEKDAY($S$1,1)-(start_day-1))<=0,7,0)+(ROW(Y5)-ROW($S$3))*7+(COLUMN(Y5)-COLUMN($S$3)+1)) -> 46347
K6: =IF(MONTH($K$1)<>MONTH($K$1-(WEEKDAY($K$1,1)-(start_day-1))-IF((WEEKDAY($K$1,1)-(start_day-1))<=0,7,0)+(ROW(K6)-ROW($K$3))*7+(COLUMN(K6)-COLUMN($K$3)+1)),"",$K$1-(WEEKDAY($K$1,1)-(start_day-1))-IF((WEEKDAY($K$1,1)-(start_day-1))<=0,7,0)+(ROW(K6)-ROW($K$3))*7+(COLUMN(K6)-COLUMN($K$3)+1)) -> 46285 | L6: =IF(MONTH($K$1)<>MONTH($K$1-(WEEKDAY($K$1,1)-(start_day-1))-IF((WEEKDAY($K$1,1)-(start_day-1))<=0,7,0)+(ROW(L6)-ROW($K$3))*7+(COLUMN(L6)-COLUMN($K$3)+1)),"",$K$1-(WEEKDAY($K$1,1)-(start_day-1))-IF((WEEKDAY($K$1,1)-(start_day-1))<=0,7,0)+(ROW(L6)-ROW($K$3))*7+(COLUMN(L6)-COLUMN($K$3)+1)) -> 46286 | M6: =IF(MONTH($K$1)<>MONTH($K$1-(WEEKDAY($K$1,1)-(start_day-1))-IF((WEEKDAY($K$1,1)-(start_day-1))<=0,7,0)+(ROW(M6)-ROW($K$3))*7+(COLUMN(M6)-COLUMN($K$3)+1)),"",$K$1-(WEEKDAY($K$1,1)-(start_day-1))-IF((WEEKDAY($K$1,1)-(start_day-1))<=0,7,0)+(ROW(M6)-ROW($K$3))*7+(COLUMN(M6)-COLUMN($K$3)+1)) -> 46287 | N6: =IF(MONTH($K$1)<>MONTH($K$1-(WEEKDAY($K$1,1)-(start_day-1))-IF((WEEKDAY($K$1,1)-(start_day-1))<=0,7,0)+(ROW(N6)-ROW($K$3))*7+(COLUMN(N6)-COLUMN($K$3)+1)),"",$K$1-(WEEKDAY($K$1,1)-(start_day-1))-IF((WEEKDAY($K$1,1)-(start_day-1))<=0,7,0)+(ROW(N6)-ROW($K$3))*7+(COLUMN(N6)-COLUMN($K$3)+1)) -> 46288 | O6: =IF(MONTH($K$1)<>MONTH($K$1-(WEEKDAY($K$1,1)-(start_day-1))-IF((WEEKDAY($K$1,1)-(start_day-1))<=0,7,0)+(ROW(O6)-ROW($K$3))*7+(COLUMN(O6)-COLUMN($K$3)+1)),"",$K$1-(WEEKDAY($K$1,1)-(start_day-1))-IF((WEEKDAY($K$1,1)-(start_day-1))<=0,7,0)+(ROW(O6)-ROW($K$3))*7+(COLUMN(O6)-COLUMN($K$3)+1)) -> 46289 | P6: =IF(MONTH($K$1)<>MONTH($K$1-(WEEKDAY($K$1,1)-(start_day-1))-IF((WEEKDAY($K$1,1)-(start_day-1))<=0,7,0)+(ROW(P6)-ROW($K$3))*7+(COLUMN(P6)-COLUMN($K$3)+1)),"",$K$1-(WEEKDAY($K$1,1)-(start_day-1))-IF((WEEKDAY($K$1,1)-(start_day-1))<=0,7,0)+(ROW(P6)-ROW($K$3))*7+(COLUMN(P6)-COLUMN($K$3)+1)) -> 46290 | Q6: =IF(MONTH($K$1)<>MONTH($K$1-(WEEKDAY($K$1,1)-(start_day-1))-IF((WEEKDAY($K$1,1)-(start_day-1))<=0,7,0)+(ROW(Q6)-ROW($K$3))*7+(COLUMN(Q6)-COLUMN($K$3)+1)),"",$K$1-(WEEKDAY($K$1,1)-(start_day-1))-IF((WEEKDAY($K$1,1)-(start_day-1))<=0,7,0)+(ROW(Q6)-ROW($K$3))*7+(COLUMN(Q6)-COLUMN($K$3)+1)) -> 46291 | S6: =IF(MONTH($S$1)<>MONTH($S$1-(WEEKDAY($S$1,1)-(start_day-1))-IF((WEEKDAY($S$1,1)-(start_day-1))<=0,7,0)+(ROW(S6)-ROW($S$3))*7+(COLUMN(S6)-COLUMN($S$3)+1)),"",$S$1-(WEEKDAY($S$1,1)-(start_day-1))-IF((WEEKDAY($S$1,1)-(start_day-1))<=0,7,0)+(ROW(S6)-ROW($S$3))*7+(COLUMN(S6)-COLUMN($S$3)+1)) -> 46348 | T6: =IF(MONTH($S$1)<>MONTH($S$1-(WEEKDAY($S$1,1)-(start_day-1))-IF((WEEKDAY($S$1,1)-(start_day-1))<=0,7,0)+(ROW(T6)-ROW($S$3))*7+(COLUMN(T6)-COLUMN($S$3)+1)),"",$S$1-(WEEKDAY($S$1,1)-(start_day-1))-IF((WEEKDAY($S$1,1)-(start_day-1))<=0,7,0)+(ROW(T6)-ROW($S$3))*7+(COLUMN(T6)-COLUMN($S$3)+1)) -> 46349 | U6: =IF(MONTH($S$1)<>MONTH($S$1-(WEEKDAY($S$1,1)-(start_day-1))-IF((WEEKDAY($S$1,1)-(start_day-1))<=0,7,0)+(ROW(U6)-ROW($S$3))*7+(COLUMN(U6)-COLUMN($S$3)+1)),"",$S$1-(WEEKDAY($S$1,1)-(start_day-1))-IF((WEEKDAY($S$1,1)-(start_day-1))<=0,7,0)+(ROW(U6)-ROW($S$3))*7+(COLUMN(U6)-COLUMN($S$3)+1)) -> 46350 | V6: =IF(MONTH($S$1)<>MONTH($S$1-(WEEKDAY($S$1,1)-(start_day-1))-IF((WEEKDAY($S$1,1)-(start_day-1))<=0,7,0)+(ROW(V6)-ROW($S$3))*7+(COLUMN(V6)-COLUMN($S$3)+1)),"",$S$1-(WEEKDAY($S$1,1)-(start_day-1))-IF((WEEKDAY($S$1,1)-(start_day-1))<=0,7,0)+(ROW(V6)-ROW($S$3))*7+(COLUMN(V6)-COLUMN($S$3)+1)) -> 46351 | W6: =IF(MONTH($S$1)<>MONTH($S$1-(WEEKDAY($S$1,1)-(start_day-1))-IF((WEEKDAY($S$1,1)-(start_day-1))<=0,7,0)+(ROW(W6)-ROW($S$3))*7+(COLUMN(W6)-COLUMN($S$3)+1)),"",$S$1-(WEEKDAY($S$1,1)-(start_day-1))-IF((WEEKDAY($S$1,1)-(start_day-1))<=0,7,0)+(ROW(W6)-ROW($S$3))*7+(COLUMN(W6)-COLUMN($S$3)+1)) -> 46352 | X6: =IF(MONTH($S$1)<>MONTH($S$1-(WEEKDAY($S$1,1)-(start_day-1))-IF((WEEKDAY($S$1,1)-(start_day-1))<=0,7,0)+(ROW(X6)-ROW($S$3))*7+(COLUMN(X6)-COLUMN($S$3)+1)),"",$S$1-(WEEKDAY($S$1,1)-(start_day-1))-IF((WEEKDAY($S$1,1)-(start_day-1))<=0,7,0)+(ROW(X6)-ROW($S$3))*7+(COLUMN(X6)-COLUMN($S$3)+1)) -> 46353 | Y6: =IF(MONTH($S$1)<>MONTH($S$1-(WEEKDAY($S$1,1)-(start_day-1))-IF((WEEKDAY($S$1,1)-(start_day-1))<=0,7,0)+(ROW(Y6)-ROW($S$3))*7+(COLUMN(Y6)-COLUMN($S$3)+1)),"",$S$1-(WEEKDAY($S$1,1)-(start_day-1))-IF((WEEKDAY($S$1,1)-(start_day-1))<=0,7,0)+(ROW(Y6)-ROW($S$3))*7+(COLUMN(Y6)-COLUMN($S$3)+1)) -> 46354
K7: =IF(MONTH($K$1)<>MONTH($K$1-(WEEKDAY($K$1,1)-(start_day-1))-IF((WEEKDAY($K$1,1)-(start_day-1))<=0,7,0)+(ROW(K7)-ROW($K$3))*7+(COLUMN(K7)-COLUMN($K$3)+1)),"",$K$1-(WEEKDAY($K$1,1)-(start_day-1))-IF((WEEKDAY($K$1,1)-(start_day-1))<=0,7,0)+(ROW(K7)-ROW($K$3))*7+(COLUMN(K7)-COLUMN($K$3)+1)) -> 46292 | L7: =IF(MONTH($K$1)<>MONTH($K$1-(WEEKDAY($K$1,1)-(start_day-1))-IF((WEEKDAY($K$1,1)-(start_day-1))<=0,7,0)+(ROW(L7)-ROW($K$3))*7+(COLUMN(L7)-COLUMN($K$3)+1)),"",$K$1-(WEEKDAY($K$1,1)-(start_day-1))-IF((WEEKDAY($K$1,1)-(start_day-1))<=0,7,0)+(ROW(L7)-ROW($K$3))*7+(COLUMN(L7)-COLUMN($K$3)+1)) -> 46293 | M7: =IF(MONTH($K$1)<>MONTH($K$1-(WEEKDAY($K$1,1)-(start_day-1))-IF((WEEKDAY($K$1,1)-(start_day-1))<=0,7,0)+(ROW(M7)-ROW($K$3))*7+(COLUMN(M7)-COLUMN($K$3)+1)),"",$K$1-(WEEKDAY($K$1,1)-(start_day-1))-IF((WEEKDAY($K$1,1)-(start_day-1))<=0,7,0)+(ROW(M7)-ROW($K$3))*7+(COLUMN(M7)-COLUMN($K$3)+1)) -> 46294 | N7: =IF(MONTH($K$1)<>MONTH($K$1-(WEEKDAY($K$1,1)-(start_day-1))-IF((WEEKDAY($K$1,1)-(start_day-1))<=0,7,0)+(ROW(N7)-ROW($K$3))*7+(COLUMN(N7)-COLUMN($K$3)+1)),"",$K$1-(WEEKDAY($K$1,1)-(start_day-1))-IF((WEEKDAY($K$1,1)-(start_day-1))<=0,7,0)+(ROW(N7)-ROW($K$3))*7+(COLUMN(N7)-COLUMN($K$3)+1)) -> 46295 | O7: =IF(MONTH($K$1)<>MONTH($K$1-(WEEKDAY($K$1,1)-(start_day-1))-IF((WEEKDAY($K$1,1)-(start_day-1))<=0,7,0)+(ROW(O7)-ROW($K$3))*7+(COLUMN(O7)-COLUMN($K$3)+1)),"",$K$1-(WEEKDAY($K$1,1)-(start_day-1))-IF((WEEKDAY($K$1,1)-(start_day-1))<=0,7,0)+(ROW(O7)-ROW($K$3))*7+(COLUMN(O7)-COLUMN($K$3)+1)) | P7: =IF(MONTH($K$1)<>MONTH($K$1-(WEEKDAY($K$1,1)-(start_day-1))-IF((WEEKDAY($K$1,1)-(start_day-1))<=0,7,0)+(ROW(P7)-ROW($K$3))*7+(COLUMN(P7)-COLUMN($K$3)+1)),"",$K$1-(WEEKDAY($K$1,1)-(start_day-1))-IF((WEEKDAY($K$1,1)-(start_day-1))<=0,7,0)+(ROW(P7)-ROW($K$3))*7+(COLUMN(P7)-COLUMN($K$3)+1)) | Q7: =IF(MONTH($K$1)<>MONTH($K$1-(WEEKDAY($K$1,1)-(start_day-1))-IF((WEEKDAY($K$1,1)-(start_day-1))<=0,7,0)+(ROW(Q7)-ROW($K$3))*7+(COLUMN(Q7)-COLUMN($K$3)+1)),"",$K$1-(WEEKDAY($K$1,1)-(start_day-1))-IF((WEEKDAY($K$1,1)-(start_day-1))<=0,7,0)+(ROW(Q7)-ROW($K$3))*7+(COLUMN(Q7)-COLUMN($K$3)+1)) | S7: =IF(MONTH($S$1)<>MONTH($S$1-(WEEKDAY($S$1,1)-(start_day-1))-IF((WEEKDAY($S$1,1)-(start_day-1))<=0,7,0)+(ROW(S7)-ROW($S$3))*7+(COLUMN(S7)-COLUMN($S$3)+1)),"",$S$1-(WEEKDAY($S$1,1)-(start_day-1))-IF((WEEKDAY($S$1,1)-(start_day-1))<=0,7,0)+(ROW(S7)-ROW($S$3))*7+(COLUMN(S7)-COLUMN($S$3)+1)) -> 46355 | T7: =IF(MONTH($S$1)<>MONTH($S$1-(WEEKDAY($S$1,1)-(start_day-1))-IF((WEEKDAY($S$1,1)-(start_day-1))<=0,7,0)+(ROW(T7)-ROW($S$3))*7+(COLUMN(T7)-COLUMN($S$3)+1)),"",$S$1-(WEEKDAY($S$1,1)-(start_day-1))-IF((WEEKDAY($S$1,1)-(start_day-1))<=0,7,0)+(ROW(T7)-ROW($S$3))*7+(COLUMN(T7)-COLUMN($S$3)+1)) -> 46356 | U7: =IF(MONTH($S$1)<>MONTH($S$1-(WEEKDAY($S$1,1)-(start_day-1))-IF((WEEKDAY($S$1,1)-(start_day-1))<=0,7,0)+(ROW(U7)-ROW($S$3))*7+(COLUMN(U7)-COLUMN($S$3)+1)),"",$S$1-(WEEKDAY($S$1,1)-(start_day-1))-IF((WEEKDAY($S$1,1)-(start_day-1))<=0,7,0)+(ROW(U7)-ROW($S$3))*7+(COLUMN(U7)-COLUMN($S$3)+1)) | V7: =IF(MONTH($S$1)<>MONTH($S$1-(WEEKDAY($S$1,1)-(start_day-1))-IF((WEEKDAY($S$1,1)-(start_day-1))<=0,7,0)+(ROW(V7)-ROW($S$3))*7+(COLUMN(V7)-COLUMN($S$3)+1)),"",$S$1-(WEEKDAY($S$1,1)-(start_day-1))-IF((WEEKDAY($S$1,1)-(start_day-1))<=0,7,0)+(ROW(V7)-ROW($S$3))*7+(COLUMN(V7)-COLUMN($S$3)+1)) | W7: =IF(MONTH($S$1)<>MONTH($S$1-(WEEKDAY($S$1,1)-(start_day-1))-IF((WEEKDAY($S$1,1)-(start_day-1))<=0,7,0)+(ROW(W7)-ROW($S$3))*7+(COLUMN(W7)-COLUMN($S$3)+1)),"",$S$1-(WEEKDAY($S$1,1)-(start_day-1))-IF((WEEKDAY($S$1,1)-(start_day-1))<=0,7,0)+(ROW(W7)-ROW($S$3))*7+(COLUMN(W7)-COLUMN($S$3)+1)) | X7: =IF(MONTH($S$1)<>MONTH($S$1-(WEEKDAY($S$1,1)-(start_day-1))-IF((WEEKDAY($S$1,1)-(start_day-1))<=0,7,0)+(ROW(X7)-ROW($S$3))*7+(COLUMN(X7)-COLUMN($S$3)+1)),"",$S$1-(WEEKDAY($S$1,1)-(start_day-1))-IF((WEEKDAY($S$1,1)-(start_day-1))<=0,7,0)+(ROW(X7)-ROW($S$3))*7+(COLUMN(X7)-COLUMN($S$3)+1)) | Y7: =IF(MONTH($S$1)<>MONTH($S$1-(WEEKDAY($S$1,1)-(start_day-1))-IF((WEEKDAY($S$1,1)-(start_day-1))<=0,7,0)+(ROW(Y7)-ROW($S$3))*7+(COLUMN(Y7)-COLUMN($S$3)+1)),"",$S$1-(WEEKDAY($S$1,1)-(start_day-1))-IF((WEEKDAY($S$1,1)-(start_day-1))<=0,7,0)+(ROW(Y7)-ROW($S$3))*7+(COLUMN(Y7)-COLUMN($S$3)+1))
K8: =IF(MONTH($K$1)<>MONTH($K$1-(WEEKDAY($K$1,1)-(start_day-1))-IF((WEEKDAY($K$1,1)-(start_day-1))<=0,7,0)+(ROW(K8)-ROW($K$3))*7+(COLUMN(K8)-COLUMN($K$3)+1)),"",$K$1-(WEEKDAY($K$1,1)-(start_day-1))-IF((WEEKDAY($K$1,1)-(start_day-1))<=0,7,0)+(ROW(K8)-ROW($K$3))*7+(COLUMN(K8)-COLUMN($K$3)+1)) | L8: =IF(MONTH($K$1)<>MONTH($K$1-(WEEKDAY($K$1,1)-(start_day-1))-IF((WEEKDAY($K$1,1)-(start_day-1))<=0,7,0)+(ROW(L8)-ROW($K$3))*7+(COLUMN(L8)-COLUMN($K$3)+1)),"",$K$1-(WEEKDAY($K$1,1)-(start_day-1))-IF((WEEKDAY($K$1,1)-(start_day-1))<=0,7,0)+(ROW(L8)-ROW($K$3))*7+(COLUMN(L8)-COLUMN($K$3)+1)) | M8: =IF(MONTH($K$1)<>MONTH($K$1-(WEEKDAY($K$1,1)-(start_day-1))-IF((WEEKDAY($K$1,1)-(start_day-1))<=0,7,0)+(ROW(M8)-ROW($K$3))*7+(COLUMN(M8)-COLUMN($K$3)+1)),"",$K$1-(WEEKDAY($K$1,1)-(start_day-1))-IF((WEEKDAY($K$1,1)-(start_day-1))<=0,7,0)+(ROW(M8)-ROW($K$3))*7+(COLUMN(M8)-COLUMN($K$3)+1)) | N8: =IF(MONTH($K$1)<>MONTH($K$1-(WEEKDAY($K$1,1)-(start_day-1))-IF((WEEKDAY($K$1,1)-(start_day-1))<=0,7,0)+(ROW(N8)-ROW($K$3))*7+(COLUMN(N8)-COLUMN($K$3)+1)),"",$K$1-(WEEKDAY($K$1,1)-(start_day-1))-IF((WEEKDAY($K$1,1)-(start_day-1))<=0,7,0)+(ROW(N8)-ROW($K$3))*7+(COLUMN(N8)-COLUMN($K$3)+1)) | O8: =IF(MONTH($K$1)<>MONTH($K$1-(WEEKDAY($K$1,1)-(start_day-1))-IF((WEEKDAY($K$1,1)-(start_day-1))<=0,7,0)+(ROW(O8)-ROW($K$3))*7+(COLUMN(O8)-COLUMN($K$3)+1)),"",$K$1-(WEEKDAY($K$1,1)-(start_day-1))-IF((WEEKDAY($K$1,1)-(start_day-1))<=0,7,0)+(ROW(O8)-ROW($K$3))*7+(COLUMN(O8)-COLUMN($K$3)+1)) | P8: =IF(MONTH($K$1)<>MONTH($K$1-(WEEKDAY($K$1,1)-(start_day-1))-IF((WEEKDAY($K$1,1)-(start_day-1))<=0,7,0)+(ROW(P8)-ROW($K$3))*7+(COLUMN(P8)-COLUMN($K$3)+1)),"",$K$1-(WEEKDAY($K$1,1)-(start_day-1))-IF((WEEKDAY($K$1,1)-(start_day-1))<=0,7,0)+(ROW(P8)-ROW($K$3))*7+(COLUMN(P8)-COLUMN($K$3)+1)) | Q8: =IF(MONTH($K$1)<>MONTH($K$1-(WEEKDAY($K$1,1)-(start_day-1))-IF((WEEKDAY($K$1,1)-(start_day-1))<=0,7,0)+(ROW(Q8)-ROW($K$3))*7+(COLUMN(Q8)-COLUMN($K$3)+1)),"",$K$1-(WEEKDAY($K$1,1)-(start_day-1))-IF((WEEKDAY($K$1,1)-(start_day-1))<=0,7,0)+(ROW(Q8)-ROW($K$3))*7+(COLUMN(Q8)-COLUMN($K$3)+1)) | S8: =IF(MONTH($S$1)<>MONTH($S$1-(WEEKDAY($S$1,1)-(start_day-1))-IF((WEEKDAY($S$1,1)-(start_day-1))<=0,7,0)+(ROW(S8)-ROW($S$3))*7+(COLUMN(S8)-COLUMN($S$3)+1)),"",$S$1-(WEEKDAY($S$1,1)-(start_day-1))-IF((WEEKDAY($S$1,1)-(start_day-1))<=0,7,0)+(ROW(S8)-ROW($S$3))*7+(COLUMN(S8)-COLUMN($S$3)+1)) | T8: =IF(MONTH($S$1)<>MONTH($S$1-(WEEKDAY($S$1,1)-(start_day-1))-IF((WEEKDAY($S$1,1)-(start_day-1))<=0,7,0)+(ROW(T8)-ROW($S$3))*7+(COLUMN(T8)-COLUMN($S$3)+1)),"",$S$1-(WEEKDAY($S$1,1)-(start_day-1))-IF((WEEKDAY($S$1,1)-(start_day-1))<=0,7,0)+(ROW(T8)-ROW($S$3))*7+(COLUMN(T8)-COLUMN($S$3)+1)) | U8: =IF(MONTH($S$1)<>MONTH($S$1-(WEEKDAY($S$1,1)-(start_day-1))-IF((WEEKDAY($S$1,1)-(start_day-1))<=0,7,0)+(ROW(U8)-ROW($S$3))*7+(COLUMN(U8)-COLUMN($S$3)+1)),"",$S$1-(WEEKDAY($S$1,1)-(start_day-1))-IF((WEEKDAY($S$1,1)-(start_day-1))<=0,7,0)+(ROW(U8)-ROW($S$3))*7+(COLUMN(U8)-COLUMN($S$3)+1)) | V8: =IF(MONTH($S$1)<>MONTH($S$1-(WEEKDAY($S$1,1)-(start_day-1))-IF((WEEKDAY($S$1,1)-(start_day-1))<=0,7,0)+(ROW(V8)-ROW($S$3))*7+(COLUMN(V8)-COLUMN($S$3)+1)),"",$S$1-(WEEKDAY($S$1,1)-(start_day-1))-IF((WEEKDAY($S$1,1)-(start_day-1))<=0,7,0)+(ROW(V8)-ROW($S$3))*7+(COLUMN(V8)-COLUMN($S$3)+1)) | W8: =IF(MONTH($S$1)<>MONTH($S$1-(WEEKDAY($S$1,1)-(start_day-1))-IF((WEEKDAY($S$1,1)-(start_day-1))<=0,7,0)+(ROW(W8)-ROW($S$3))*7+(COLUMN(W8)-COLUMN($S$3)+1)),"",$S$1-(WEEKDAY($S$1,1)-(start_day-1))-IF((WEEKDAY($S$1,1)-(start_day-1))<=0,7,0)+(ROW(W8)-ROW($S$3))*7+(COLUMN(W8)-COLUMN($S$3)+1)) | X8: =IF(MONTH($S$1)<>MONTH($S$1-(WEEKDAY($S$1,1)-(start_day-1))-IF((WEEKDAY($S$1,1)-(start_day-1))<=0,7,0)+(ROW(X8)-ROW($S$3))*7+(COLUMN(X8)-COLUMN($S$3)+1)),"",$S$1-(WEEKDAY($S$1,1)-(start_day-1))-IF((WEEKDAY($S$1,1)-(start_day-1))<=0,7,0)+(ROW(X8)-ROW($S$3))*7+(COLUMN(X8)-COLUMN($S$3)+1)) | Y8: =IF(MONTH($S$1)<>MONTH($S$1-(WEEKDAY($S$1,1)-(start_day-1))-IF((WEEKDAY($S$1,1)-(start_day-1))<=0,7,0)+(ROW(Y8)-ROW($S$3))*7+(COLUMN(Y8)-COLUMN($S$3)+1)),"",$S$1-(WEEKDAY($S$1,1)-(start_day-1))-IF((WEEKDAY($S$1,1)-(start_day-1))<=0,7,0)+(ROW(Y8)-ROW($S$3))*7+(COLUMN(Y8)-COLUMN($S$3)+1))
A9: =A10 -> 46292 | C9: =C10 -> 46293 | E9: =E10 -> 46294 | G9: =G10 -> 46295 | I9: =I10 -> 46296 | K9: =K10 -> 46297 | S9: =S10 -> 46298
A10: =$A$1-(WEEKDAY($A$1,1)-(start_day-1))-IF((WEEKDAY($A$1,1)-(start_day-1))<=0,7,0)+1 -> 46292 | C10: =A10+1 -> 46293 | E10: =C10+1 -> 46294 | G10: =E10+1 -> 46295 | I10: =G10+1 -> 46296 | K10: =I10+1 -> 46297 | S10: =K10+1 -> 46298
A11: Morning
A13: Afternoon
A15: Evening
A16: =S10+1 -> 46299 | C16: =A16+1 -> 46300 | E16: =C16+1 -> 46301 | G16: =E16+1 -> 46302 | I16: =G16+1 -> 46303 | K16: =I16+1 -> 46304 | S16: =K16+1 -> 46305
A17: Morning | E17: f | G17: KISD (KHS)
A19: Afternoon
A21: Evening | E21: KISD (KCC) | G21: X
A22: =S16+1 -> 46306 | C22: =A22+1 -> 46307 | E22: =C22+1 -> 46308 | G22: =E22+1 -> 46309 | I22: =G22+1 -> 46310 | K22: =I22+1 -> 46311 | S22: =K22+1 -> 46312
A23: Morning | C23: FALL BREAK | E23: FALL BREAK | G23: FALL BREAK | I23: FALL BREAK | K23: FALL BREAK | S23: X
A25: Afternoon | K25: X | S25: X
A27: Evening | K27: X | S27: X
A28: =S22+1 -> 46313 | C28: =A28+1 -> 46314 | E28: =C28+1 -> 46315 | G28: =E28+1 -> 46316 | I28: =G28+1 -> 46317 | K28: =I28+1 -> 46318 | S28: =K28+1 -> 46319
A29: Morning | E29: KISD (PAC) | G29: KISD (EHS) | K29: X | S29: X
A31: Afternoon | K31: X | S31: X
A33: Evening | I33: KISD (HHHS) Sr FAFSA Night | K33: X | S33: X
A34: =S28+1 -> 46320 | C34: =A34+1 -> 46321 | E34: =C34+1 -> 46322 | G34: =E34+1 -> 46323 | I34: =G34+1 -> 46324 | K34: =I34+1 -> 46325 | S34: =K34+1 -> 46326
A35: Morning | C35: X | E35: X | G35: X | I35: X | K35: X | S35: X
A37: Afternoon | C37: X | E37: X | G37: X | I37: X | K37: X | S37: X
A39: Evening | C39: X | E39: X | G39: X | I39: X | K39: X | S39: X
A40: =S34+1 -> 46327 | C40: =A40+1 -> 46328 | E40: Notes
A41: Morning
A43: Afternoon
K44: Calendar Templates by Vertex42
A45: Evening | K45: https://www.vertex42.com/calendars/

Sheet Nov
A1: =DATE(Aug!AD18,Aug!AD20+3,1) -> 46327 | K1: =DATE(YEAR(A1),MONTH(A1)-1,1) -> 46296 | S1: =DATE(YEAR(A1),MONTH(A1)+1,1) -> 46357
K2: =INDEX({"S";"M";"T";"W";"T";"F";"S"},1+MOD(start_day+1-2,7)) -> S | L2: =INDEX({"S";"M";"T";"W";"T";"F";"S"},1+MOD(start_day+2-2,7)) -> M | M2: =INDEX({"S";"M";"T";"W";"T";"F";"S"},1+MOD(start_day+3-2,7)) -> T | N2: =INDEX({"S";"M";"T";"W";"T";"F";"S"},1+MOD(start_day+4-2,7)) -> W | O2: =INDEX({"S";"M";"T";"W";"T";"F";"S"},1+MOD(start_day+5-2,7)) -> T | P2: =INDEX({"S";"M";"T";"W";"T";"F";"S"},1+MOD(start_day+6-2,7)) -> F | Q2: =INDEX({"S";"M";"T";"W";"T";"F";"S"},1+MOD(start_day+7-2,7)) -> S | S2: =INDEX({"S";"M";"T";"W";"T";"F";"S"},1+MOD(start_day+1-2,7)) -> S | T2: =INDEX({"S";"M";"T";"W";"T";"F";"S"},1+MOD(start_day+2-2,7)) -> M | U2: =INDEX({"S";"M";"T";"W";"T";"F";"S"},1+MOD(start_day+3-2,7)) -> T | V2: =INDEX({"S";"M";"T";"W";"T";"F";"S"},1+MOD(start_day+4-2,7)) -> W | W2: =INDEX({"S";"M";"T";"W";"T";"F";"S"},1+MOD(start_day+5-2,7)) -> T | X2: =INDEX({"S";"M";"T";"W";"T";"F";"S"},1+MOD(start_day+6-2,7)) -> F | Y2: =INDEX({"S";"M";"T";"W";"T";"F";"S"},1+MOD(start_day+7-2,7)) -> S
K3: =IF(MONTH($K$1)<>MONTH($K$1-(WEEKDAY($K$1,1)-(start_day-1))-IF((WEEKDAY($K$1,1)-(start_day-1))<=0,7,0)+(ROW(K3)-ROW($K$3))*7+(COLUMN(K3)-COLUMN($K$3)+1)),"",$K$1-(WEEKDAY($K$1,1)-(start_day-1))-IF((WEEKDAY($K$1,1)-(start_day-1))<=0,7,0)+(ROW(K3)-ROW($K$3))*7+(COLUMN(K3)-COLUMN($K$3)+1)) | L3: =IF(MONTH($K$1)<>MONTH($K$1-(WEEKDAY($K$1,1)-(start_day-1))-IF((WEEKDAY($K$1,1)-(start_day-1))<=0,7,0)+(ROW(L3)-ROW($K$3))*7+(COLUMN(L3)-COLUMN($K$3)+1)),"",$K$1-(WEEKDAY($K$1,1)-(start_day-1))-IF((WEEKDAY($K$1,1)-(start_day-1))<=0,7,0)+(ROW(L3)-ROW($K$3))*7+(COLUMN(L3)-COLUMN($K$3)+1)) | M3: =IF(MONTH($K$1)<>MONTH($K$1-(WEEKDAY($K$1,1)-(start_day-1))-IF((WEEKDAY($K$1,1)-(start_day-1))<=0,7,0)+(ROW(M3)-ROW($K$3))*7+(COLUMN(M3)-COLUMN($K$3)+1)),"",$K$1-(WEEKDAY($K$1,1)-(start_day-1))-IF((WEEKDAY($K$1,1)-(start_day-1))<=0,7,0)+(ROW(M3)-ROW($K$3))*7+(COLUMN(M3)-COLUMN($K$3)+1)) | N3: =IF(MONTH($K$1)<>MONTH($K$1-(WEEKDAY($K$1,1)-(start_day-1))-IF((WEEKDAY($K$1,1)-(start_day-1))<=0,7,0)+(ROW(N3)-ROW($K$3))*7+(COLUMN(N3)-COLUMN($K$3)+1)),"",$K$1-(WEEKDAY($K$1,1)-(start_day-1))-IF((WEEKDAY($K$1,1)-(start_day-1))<=0,7,0)+(ROW(N3)-ROW($K$3))*7+(COLUMN(N3)-COLUMN($K$3)+1)) | O3: =IF(MONTH($K$1)<>MONTH($K$1-(WEEKDAY($K$1,1)-(start_day-1))-IF((WEEKDAY($K$1,1)-(start_day-1))<=0,7,0)+(ROW(O3)-ROW($K$3))*7+(COLUMN(O3)-COLUMN($K$3)+1)),"",$K$1-(WEEKDAY($K$1,1)-(start_day-1))-IF((WEEKDAY($K$1,1)-(start_day-1))<=0,7,0)+(ROW(O3)-ROW($K$3))*7+(COLUMN(O3)-COLUMN($K$3)+1)) -> 46296 | P3: =IF(MONTH($K$1)<>MONTH($K$1-(WEEKDAY($K$1,1)-(start_day-1))-IF((WEEKDAY($K$1,1)-(start_day-1))<=0,7,0)+(ROW(P3)-ROW($K$3))*7+(COLUMN(P3)-COLUMN($K$3)+1)),"",$K$1-(WEEKDAY($K$1,1)-(start_day-1))-IF((WEEKDAY($K$1,1)-(start_day-1))<=0,7,0)+(ROW(P3)-ROW($K$3))*7+(COLUMN(P3)-COLUMN($K$3)+1)) -> 46297 | Q3: =IF(MONTH($K$1)<>MONTH($K$1-(WEEKDAY($K$1,1)-(start_day-1))-IF((WEEKDAY($K$1,1)-(start_day-1))<=0,7,0)+(ROW(Q3)-ROW($K$3))*7+(COLUMN(Q3)-COLUMN($K$3)+1)),"",$K$1-(WEEKDAY($K$1,1)-(start_day-1))-IF((WEEKDAY($K$1,1)-(start_day-1))<=0,7,0)+(ROW(Q3)-ROW($K$3))*7+(COLUMN(Q3)-COLUMN($K$3)+1)) -> 46298 | S3: =IF(MONTH($S$1)<>MONTH($S$1-(WEEKDAY($S$1,1)-(start_day-1))-IF((WEEKDAY($S$1,1)-(start_day-1))<=0,7,0)+(ROW(S3)-ROW($S$3))*7+(COLUMN(S3)-COLUMN($S$3)+1)),"",$S$1-(WEEKDAY($S$1,1)-(start_day-1))-IF((WEEKDAY($S$1,1)-(start_day-1))<=0,7,0)+(ROW(S3)-ROW($S$3))*7+(COLUMN(S3)-COLUMN($S$3)+1)) | T3: =IF(MONTH($S$1)<>MONTH($S$1-(WEEKDAY($S$1,1)-(start_day-1))-IF((WEEKDAY($S$1,1)-(start_day-1))<=0,7,0)+(ROW(T3)-ROW($S$3))*7+(COLUMN(T3)-COLUMN($S$3)+1)),"",$S$1-(WEEKDAY($S$1,1)-(start_day-1))-IF((WEEKDAY($S$1,1)-(start_day-1))<=0,7,0)+(ROW(T3)-ROW($S$3))*7+(COLUMN(T3)-COLUMN($S$3)+1)) | U3: =IF(MONTH($S$1)<>MONTH($S$1-(WEEKDAY($S$1,1)-(start_day-1))-IF((WEEKDAY($S$1,1)-(start_day-1))<=0,7,0)+(ROW(U3)-ROW($S$3))*7+(COLUMN(U3)-COLUMN($S$3)+1)),"",$S$1-(WEEKDAY($S$1,1)-(start_day-1))-IF((WEEKDAY($S$1,1)-(start_day-1))<=0,7,0)+(ROW(U3)-ROW($S$3))*7+(COLUMN(U3)-COLUMN($S$3)+1)) -> 46357 | V3: =IF(MONTH($S$1)<>MONTH($S$1-(WEEKDAY($S$1,1)-(start_day-1))-IF((WEEKDAY($S$1,1)-(start_day-1))<=0,7,0)+(ROW(V3)-ROW($S$3))*7+(COLUMN(V3)-COLUMN($S$3)+1)),"",$S$1-(WEEKDAY($S$1,1)-(start_day-1))-IF((WEEKDAY($S$1,1)-(start_day-1))<=0,7,0)+(ROW(V3)-ROW($S$3))*7+(COLUMN(V3)-COLUMN($S$3)+1)) -> 46358 | W3: =IF(MONTH($S$1)<>MONTH($S$1-(WEEKDAY($S$1,1)-(start_day-1))-IF((WEEKDAY($S$1,1)-(start_day-1))<=0,7,0)+(ROW(W3)-ROW($S$3))*7+(COLUMN(W3)-COLUMN($S$3)+1)),"",$S$1-(WEEKDAY($S$1,1)-(start_day-1))-IF((WEEKDAY($S$1,1)-(start_day-1))<=0,7,0)+(ROW(W3)-ROW($S$3))*7+(COLUMN(W3)-COLUMN($S$3)+1)) -> 46359 | X3: =IF(MONTH($S$1)<>MONTH($S$1-(WEEKDAY($S$1,1)-(start_day-1))-IF((WEEKDAY($S$1,1)-(start_day-1))<=0,7,0)+(ROW(X3)-ROW($S$3))*7+(COLUMN(X3)-COLUMN($S$3)+1)),"",$S$1-(WEEKDAY($S$1,1)-(start_day-1))-IF((WEEKDAY($S$1,1)-(start_day-1))<=0,7,0)+(ROW(X3)-ROW($S$3))*7+(COLUMN(X3)-COLUMN($S$3)+1)) -> 46360 | Y3: =IF(MONTH($S$1)<>MONTH($S$1-(WEEKDAY($S$1,1)-(start_day-1))-IF((WEEKDAY($S$1,1)-(start_day-1))<=0,7,0)+(ROW(Y3)-ROW($S$3))*7+(COLUMN(Y3)-COLUMN($S$3)+1)),"",$S$1-(WEEKDAY($S$1,1)-(start_day-1))-IF((WEEKDAY($S$1,1)-(start_day-1))<=0,7,0)+(ROW(Y3)-ROW($S$3))*7+(COLUMN(Y3)-COLUMN($S$3)+1)) -> 46361
J4: Unavailable | K4: =IF(MONTH($K$1)<>MONTH($K$1-(WEEKDAY($K$1,1)-(start_day-1))-IF((WEEKDAY($K$1,1)-(start_day-1))<=0,7,0)+(ROW(K4)-ROW($K$3))*7+(COLUMN(K4)-COLUMN($K$3)+1)),"",$K$1-(WEEKDAY($K$1,1)-(start_day-1))-IF((WEEKDAY($K$1,1)-(start_day-1))<=0,7,0)+(ROW(K4)-ROW($K$3))*7+(COLUMN(K4)-COLUMN($K$3)+1)) -> 46299 | L4: =IF(MONTH($K$1)<>MONTH($K$1-(WEEKDAY($K$1,1)-(start_day-1))-IF((WEEKDAY($K$1,1)-(start_day-1))<=0,7,0)+(ROW(L4)-ROW($K$3))*7+(COLUMN(L4)-COLUMN($K$3)+1)),"",$K$1-(WEEKDAY($K$1,1)-(start_day-1))-IF((WEEKDAY($K$1,1)-(start_day-1))<=0,7,0)+(ROW(L4)-ROW($K$3))*7+(COLUMN(L4)-COLUMN($K$3)+1)) -> 46300 | M4: =IF(MONTH($K$1)<>MONTH($K$1-(WEEKDAY($K$1,1)-(start_day-1))-IF((WEEKDAY($K$1,1)-(start_day-1))<=0,7,0)+(ROW(M4)-ROW($K$3))*7+(COLUMN(M4)-COLUMN($K$3)+1)),"",$K$1-(WEEKDAY($K$1,1)-(start_day-1))-IF((WEEKDAY($K$1,1)-(start_day-1))<=0,7,0)+(ROW(M4)-ROW($K$3))*7+(COLUMN(M4)-COLUMN($K$3)+1)) -> 46301 | N4: =IF(MONTH($K$1)<>MONTH($K$1-(WEEKDAY($K$1,1)-(start_day-1))-IF((WEEKDAY($K$1,1)-(start_day-1))<=0,7,0)+(ROW(N4)-ROW($K$3))*7+(COLUMN(N4)-COLUMN($K$3)+1)),"",$K$1-(WEEKDAY($K$1,1)-(start_day-1))-IF((WEEKDAY($K$1,1)-(start_day-1))<=0,7,0)+(ROW(N4)-ROW($K$3))*7+(COLUMN(N4)-COLUMN($K$3)+1)) -> 46302 | O4: =IF(MONTH($K$1)<>MONTH($K$1-(WEEKDAY($K$1,1)-(start_day-1))-IF((WEEKDAY($K$1,1)-(start_day-1))<=0,7,0)+(ROW(O4)-ROW($K$3))*7+(COLUMN(O4)-COLUMN($K$3)+1)),"",$K$1-(WEEKDAY($K$1,1)-(start_day-1))-IF((WEEKDAY($K$1,1)-(start_day-1))<=0,7,0)+(ROW(O4)-ROW($K$3))*7+(COLUMN(O4)-COLUMN($K$3)+1)) -> 46303 | P4: =IF(MONTH($K$1)<>MONTH($K$1-(WEEKDAY($K$1,1)-(start_day-1))-IF((WEEKDAY($K$1,1)-(start_day-1))<=0,7,0)+(ROW(P4)-ROW($K$3))*7+(COLUMN(P4)-COLUMN($K$3)+1)),"",$K$1-(WEEKDAY($K$1,1)-(start_day-1))-IF((WEEKDAY($K$1,1)-(start_day-1))<=0,7,0)+(ROW(P4)-ROW($K$3))*7+(COLUMN(P4)-COLUMN($K$3)+1)) -> 46304 | Q4: =IF(MONTH($K$1)<>MONTH($K$1-(WEEKDAY($K$1,1)-(start_day-1))-IF((WEEKDAY($K$1,1)-(start_day-1))<=0,7,0)+(ROW(Q4)-ROW($K$3))*7+(COLUMN(Q4)-COLUMN($K$3)+1)),"",$K$1-(WEEKDAY($K$1,1)-(start_day-1))-IF((WEEKDAY($K$1,1)-(start_day-1))<=0,7,0)+(ROW(Q4)-ROW($K$3))*7+(COLUMN(Q4)-COLUMN($K$3)+1)) -> 46305 | S4: =IF(MONTH($S$1)<>MONTH($S$1-(WEEKDAY($S$1,1)-(start_day-1))-IF((WEEKDAY($S$1,1)-(start_day-1))<=0,7,0)+(ROW(S4)-ROW($S$3))*7+(COLUMN(S4)-COLUMN($S$3)+1)),"",$S$1-(WEEKDAY($S$1,1)-(start_day-1))-IF((WEEKDAY($S$1,1)-(start_day-1))<=0,7,0)+(ROW(S4)-ROW($S$3))*7+(COLUMN(S4)-COLUMN($S$3)+1)) -> 46362 | T4: =IF(MONTH($S$1)<>MONTH($S$1-(WEEKDAY($S$1,1)-(start_day-1))-IF((WEEKDAY($S$1,1)-(start_day-1))<=0,7,0)+(ROW(T4)-ROW($S$3))*7+(COLUMN(T4)-COLUMN($S$3)+1)),"",$S$1-(WEEKDAY($S$1,1)-(start_day-1))-IF((WEEKDAY($S$1,1)-(start_day-1))<=0,7,0)+(ROW(T4)-ROW($S$3))*7+(COLUMN(T4)-COLUMN($S$3)+1)) -> 46363 | U4: =IF(MONTH($S$1)<>MONTH($S$1-(WEEKDAY($S$1,1)-(start_day-1))-IF((WEEKDAY($S$1,1)-(start_day-1))<=0,7,0)+(ROW(U4)-ROW($S$3))*7+(COLUMN(U4)-COLUMN($S$3)+1)),"",$S$1-(WEEKDAY($S$1,1)-(start_day-1))-IF((WEEKDAY($S$1,1)-(start_day-1))<=0,7,0)+(ROW(U4)-ROW($S$3))*7+(COLUMN(U4)-COLUMN($S$3)+1)) -> 46364 | V4: =IF(MONTH($S$1)<>MONTH($S$1-(WEEKDAY($S$1,1)-(start_day-1))-IF((WEEKDAY($S$1,1)-(start_day-1))<=0,7,0)+(ROW(V4)-ROW($S$3))*7+(COLUMN(V4)-COLUMN($S$3)+1)),"",$S$1-(WEEKDAY($S$1,1)-(start_day-1))-IF((WEEKDAY($S$1,1)-(start_day-1))<=0,7,0)+(ROW(V4)-ROW($S$3))*7+(COLUMN(V4)-COLUMN($S$3)+1)) -> 46365 | W4: =IF(MONTH($S$1)<>MONTH($S$1-(WEEKDAY($S$1,1)-(start_day-1))-IF((WEEKDAY($S$1,1)-(start_day-1))<=0,7,0)+(ROW(W4)-ROW($S$3))*7+(COLUMN(W4)-COLUMN($S$3)+1)),"",$S$1-(WEEKDAY($S$1,1)-(start_day-1))-IF((WEEKDAY($S$1,1)-(start_day-1))<=0,7,0)+(ROW(W4)-ROW($S$3))*7+(COLUMN(W4)-COLUMN($S$3)+1)) -> 46366 | X4: =IF(MONTH($S$1)<>MONTH($S$1-(WEEKDAY($S$1,1)-(start_day-1))-IF((WEEKDAY($S$1,1)-(start_day-1))<=0,7,0)+(ROW(X4)-ROW($S$3))*7+(COLUMN(X4)-COLUMN($S$3)+1)),"",$S$1-(WEEKDAY($S$1,1)-(start_day-1))-IF((WEEKDAY($S$1,1)-(start_day-1))<=0,7,0)+(ROW(X4)-ROW($S$3))*7+(COLUMN(X4)-COLUMN($S$3)+1)) -> 46367 | Y4: =IF(MONTH($S$1)<>MONTH($S$1-(WEEKDAY($S$1,1)-(start_day-1))-IF((WEEKDAY($S$1,1)-(start_day-1))<=0,7,0)+(ROW(Y4)-ROW($S$3))*7+(COLUMN(Y4)-COLUMN($S$3)+1)),"",$S$1-(WEEKDAY($S$1,1)-(start_day-1))-IF((WEEKDAY($S$1,1)-(start_day-1))<=0,7,0)+(ROW(Y4)-ROW($S$3))*7+(COLUMN(Y4)-COLUMN($S$3)+1)) -> 46368
K5: =IF(MONTH($K$1)<>MONTH($K$1-(WEEKDAY($K$1,1)-(start_day-1))-IF((WEEKDAY($K$1,1)-(start_day-1))<=0,7,0)+(ROW(K5)-ROW($K$3))*7+(COLUMN(K5)-COLUMN($K$3)+1)),"",$K$1-(WEEKDAY($K$1,1)-(start_day-1))-IF((WEEKDAY($K$1,1)-(start_day-1))<=0,7,0)+(ROW(K5)-ROW($K$3))*7+(COLUMN(K5)-COLUMN($K$3)+1)) -> 46306 | L5: =IF(MONTH($K$1)<>MONTH($K$1-(WEEKDAY($K$1,1)-(start_day-1))-IF((WEEKDAY($K$1,1)-(start_day-1))<=0,7,0)+(ROW(L5)-ROW($K$3))*7+(COLUMN(L5)-COLUMN($K$3)+1)),"",$K$1-(WEEKDAY($K$1,1)-(start_day-1))-IF((WEEKDAY($K$1,1)-(start_day-1))<=0,7,0)+(ROW(L5)-ROW($K$3))*7+(COLUMN(L5)-COLUMN($K$3)+1)) -> 46307 | M5: =IF(MONTH($K$1)<>MONTH($K$1-(WEEKDAY($K$1,1)-(start_day-1))-IF((WEEKDAY($K$1,1)-(start_day-1))<=0,7,0)+(ROW(M5)-ROW($K$3))*7+(COLUMN(M5)-COLUMN($K$3)+1)),"",$K$1-(WEEKDAY($K$1,1)-(start_day-1))-IF((WEEKDAY($K$1,1)-(start_day-1))<=0,7,0)+(ROW(M5)-ROW($K$3))*7+(COLUMN(M5)-COLUMN($K$3)+1)) -> 46308 | N5: =IF(MONTH($K$1)<>MONTH($K$1-(WEEKDAY($K$1,1)-(start_day-1))-IF((WEEKDAY($K$1,1)-(start_day-1))<=0,7,0)+(ROW(N5)-ROW($K$3))*7+(COLUMN(N5)-COLUMN($K$3)+1)),"",$K$1-(WEEKDAY($K$1,1)-(start_day-1))-IF((WEEKDAY($K$1,1)-(start_day-1))<=0,7,0)+(ROW(N5)-ROW($K$3))*7+(COLUMN(N5)-COLUMN($K$3)+1)) -> 46309 | O5: =IF(MONTH($K$1)<>MONTH($K$1-(WEEKDAY($K$1,1)-(start_day-1))-IF((WEEKDAY($K$1,1)-(start_day-1))<=0,7,0)+(ROW(O5)-ROW($K$3))*7+(COLUMN(O5)-COLUMN($K$3)+1)),"",$K$1-(WEEKDAY($K$1,1)-(start_day-1))-IF((WEEKDAY($K$1,1)-(start_day-1))<=0,7,0)+(ROW(O5)-ROW($K$3))*7+(COLUMN(O5)-COLUMN($K$3)+1)) -> 46310 | P5: =IF(MONTH($K$1)<>MONTH($K$1-(WEEKDAY($K$1,1)-(start_day-1))-IF((WEEKDAY($K$1,1)-(start_day-1))<=0,7,0)+(ROW(P5)-ROW($K$3))*7+(COLUMN(P5)-COLUMN($K$3)+1)),"",$K$1-(WEEKDAY($K$1,1)-(start_day-1))-IF((WEEKDAY($K$1,1)-(start_day-1))<=0,7,0)+(ROW(P5)-ROW($K$3))*7+(COLUMN(P5)-COLUMN($K$3)+1)) -> 46311 | Q5: =IF(MONTH($K$1)<>MONTH($K$1-(WEEKDAY($K$1,1)-(start_day-1))-IF((WEEKDAY($K$1,1)-(start_day-1))<=0,7,0)+(ROW(Q5)-ROW($K$3))*7+(COLUMN(Q5)-COLUMN($K$3)+1)),"",$K$1-(WEEKDAY($K$1,1)-(start_day-1))-IF((WEEKDAY($K$1,1)-(start_day-1))<=0,7,0)+(ROW(Q5)-ROW($K$3))*7+(COLUMN(Q5)-COLUMN($K$3)+1)) -> 46312 | S5: =IF(MONTH($S$1)<>MONTH($S$1-(WEEKDAY($S$1,1)-(start_day-1))-IF((WEEKDAY($S$1,1)-(start_day-1))<=0,7,0)+(ROW(S5)-ROW($S$3))*7+(COLUMN(S5)-COLUMN($S$3)+1)),"",$S$1-(WEEKDAY($S$1,1)-(start_day-1))-IF((WEEKDAY($S$1,1)-(start_day-1))<=0,7,0)+(ROW(S5)-ROW($S$3))*7+(COLUMN(S5)-COLUMN($S$3)+1)) -> 46369 | T5: =IF(MONTH($S$1)<>MONTH($S$1-(WEEKDAY($S$1,1)-(start_day-1))-IF((WEEKDAY($S$1,1)-(start_day-1))<=0,7,0)+(ROW(T5)-ROW($S$3))*7+(COLUMN(T5)-COLUMN($S$3)+1)),"",$S$1-(WEEKDAY($S$1,1)-(start_day-1))-IF((WEEKDAY($S$1,1)-(start_day-1))<=0,7,0)+(ROW(T5)-ROW($S$3))*7+(COLUMN(T5)-COLUMN($S$3)+1)) -> 46370 | U5: =IF(MONTH($S$1)<>MONTH($S$1-(WEEKDAY($S$1,1)-(start_day-1))-IF((WEEKDAY($S$1,1)-(start_day-1))<=0,7,0)+(ROW(U5)-ROW($S$3))*7+(COLUMN(U5)-COLUMN($S$3)+1)),"",$S$1-(WEEKDAY($S$1,1)-(start_day-1))-IF((WEEKDAY($S$1,1)-(start_day-1))<=0,7,0)+(ROW(U5)-ROW($S$3))*7+(COLUMN(U5)-COLUMN($S$3)+1)) -> 46371 | V5: =IF(MONTH($S$1)<>MONTH($S$1-(WEEKDAY($S$1,1)-(start_day-1))-IF((WEEKDAY($S$1,1)-(start_day-1))<=0,7,0)+(ROW(V5)-ROW($S$3))*7+(COLUMN(V5)-COLUMN($S$3)+1)),"",$S$1-(WEEKDAY($S$1,1)-(start_day-1))-IF((WEEKDAY($S$1,1)-(start_day-1))<=0,7,0)+(ROW(V5)-ROW($S$3))*7+(COLUMN(V5)-COLUMN($S$3)+1)) -> 46372 | W5: =IF(MONTH($S$1)<>MONTH($S$1-(WEEKDAY($S$1,1)-(start_day-1))-IF((WEEKDAY($S$1,1)-(start_day-1))<=0,7,0)+(ROW(W5)-ROW($S$3))*7+(COLUMN(W5)-COLUMN($S$3)+1)),"",$S$1-(WEEKDAY($S$1,1)-(start_day-1))-IF((WEEKDAY($S$1,1)-(start_day-1))<=0,7,0)+(ROW(W5)-ROW($S$3))*7+(COLUMN(W5)-COLUMN($S$3)+1)) -> 46373 | X5: =IF(MONTH($S$1)<>MONTH($S$1-(WEEKDAY($S$1,1)-(start_day-1))-IF((WEEKDAY($S$1,1)-(start_day-1))<=0,7,0)+(ROW(X5)-ROW($S$3))*7+(COLUMN(X5)-COLUMN($S$3)+1)),"",$S$1-(WEEKDAY($S$1,1)-(start_day-1))-IF((WEEKDAY($S$1,1)-(start_day-1))<=0,7,0)+(ROW(X5)-ROW($S$3))*7+(COLUMN(X5)-COLUMN($S$3)+1)) -> 46374 | Y5: =IF(MONTH($S$1)<>MONTH($S$1-(WEEKDAY($S$1,1)-(start_day-1))-IF((WEEKDAY($S$1,1)-(start_day-1))<=0,7,0)+(ROW(Y5)-ROW($S$3))*7+(COLUMN(Y5)-COLUMN($S$3)+1)),"",$S$1-(WEEKDAY($S$1,1)-(start_day-1))-IF((WEEKDAY($S$1,1)-(start_day-1))<=0,7,0)+(ROW(Y5)-ROW($S$3))*7+(COLUMN(Y5)-COLUMN($S$3)+1)) -> 46375
K6: =IF(MONTH($K$1)<>MONTH($K$1-(WEEKDAY($K$1,1)-(start_day-1))-IF((WEEKDAY($K$1,1)-(start_day-1))<=0,7,0)+(ROW(K6)-ROW($K$3))*7+(COLUMN(K6)-COLUMN($K$3)+1)),"",$K$1-(WEEKDAY($K$1,1)-(start_day-1))-IF((WEEKDAY($K$1,1)-(start_day-1))<=0,7,0)+(ROW(K6)-ROW($K$3))*7+(COLUMN(K6)-COLUMN($K$3)+1)) -> 46313 | L6: =IF(MONTH($K$1)<>MONTH($K$1-(WEEKDAY($K$1,1)-(start_day-1))-IF((WEEKDAY($K$1,1)-(start_day-1))<=0,7,0)+(ROW(L6)-ROW($K$3))*7+(COLUMN(L6)-COLUMN($K$3)+1)),"",$K$1-(WEEKDAY($K$1,1)-(start_day-1))-IF((WEEKDAY($K$1,1)-(start_day-1))<=0,7,0)+(ROW(L6)-ROW($K$3))*7+(COLUMN(L6)-COLUMN($K$3)+1)) -> 46314 | M6: =IF(MONTH($K$1)<>MONTH($K$1-(WEEKDAY($K$1,1)-(start_day-1))-IF((WEEKDAY($K$1,1)-(start_day-1))<=0,7,0)+(ROW(M6)-ROW($K$3))*7+(COLUMN(M6)-COLUMN($K$3)+1)),"",$K$1-(WEEKDAY($K$1,1)-(start_day-1))-IF((WEEKDAY($K$1,1)-(start_day-1))<=0,7,0)+(ROW(M6)-ROW($K$3))*7+(COLUMN(M6)-COLUMN($K$3)+1)) -> 46315 | N6: =IF(MONTH($K$1)<>MONTH($K$1-(WEEKDAY($K$1,1)-(start_day-1))-IF((WEEKDAY($K$1,1)-(start_day-1))<=0,7,0)+(ROW(N6)-ROW($K$3))*7+(COLUMN(N6)-COLUMN($K$3)+1)),"",$K$1-(WEEKDAY($K$1,1)-(start_day-1))-IF((WEEKDAY($K$1,1)-(start_day-1))<=0,7,0)+(ROW(N6)-ROW($K$3))*7+(COLUMN(N6)-COLUMN($K$3)+1)) -> 46316 | O6: =IF(MONTH($K$1)<>MONTH($K$1-(WEEKDAY($K$1,1)-(start_day-1))-IF((WEEKDAY($K$1,1)-(start_day-1))<=0,7,0)+(ROW(O6)-ROW($K$3))*7+(COLUMN(O6)-COLUMN($K$3)+1)),"",$K$1-(WEEKDAY($K$1,1)-(start_day-1))-IF((WEEKDAY($K$1,1)-(start_day-1))<=0,7,0)+(ROW(O6)-ROW($K$3))*7+(COLUMN(O6)-COLUMN($K$3)+1)) -> 46317 | P6: =IF(MONTH($K$1)<>MONTH($K$1-(WEEKDAY($K$1,1)-(start_day-1))-IF((WEEKDAY($K$1,1)-(start_day-1))<=0,7,0)+(ROW(P6)-ROW($K$3))*7+(COLUMN(P6)-COLUMN($K$3)+1)),"",$K$1-(WEEKDAY($K$1,1)-(start_day-1))-IF((WEEKDAY($K$1,1)-(start_day-1))<=0,7,0)+(ROW(P6)-ROW($K$3))*7+(COLUMN(P6)-COLUMN($K$3)+1)) -> 46318 | Q6: =IF(MONTH($K$1)<>MONTH($K$1-(WEEKDAY($K$1,1)-(start_day-1))-IF((WEEKDAY($K$1,1)-(start_day-1))<=0,7,0)+(ROW(Q6)-ROW($K$3))*7+(COLUMN(Q6)-COLUMN($K$3)+1)),"",$K$1-(WEEKDAY($K$1,1)-(start_day-1))-IF((WEEKDAY($K$1,1)-(start_day-1))<=0,7,0)+(ROW(Q6)-ROW($K$3))*7+(COLUMN(Q6)-COLUMN($K$3)+1)) -> 46319 | S6: =IF(MONTH($S$1)<>MONTH($S$1-(WEEKDAY($S$1,1)-(start_day-1))-IF((WEEKDAY($S$1,1)-(start_day-1))<=0,7,0)+(ROW(S6)-ROW($S$3))*7+(COLUMN(S6)-COLUMN($S$3)+1)),"",$S$1-(WEEKDAY($S$1,1)-(start_day-1))-IF((WEEKDAY($S$1,1)-(start_day-1))<=0,7,0)+(ROW(S6)-ROW($S$3))*7+(COLUMN(S6)-COLUMN($S$3)+1)) -> 46376 | T6: =IF(MONTH($S$1)<>MONTH($S$1-(WEEKDAY($S$1,1)-(start_day-1))-IF((WEEKDAY($S$1,1)-(start_day-1))<=0,7,0)+(ROW(T6)-ROW($S$3))*7+(COLUMN(T6)-COLUMN($S$3)+1)),"",$S$1-(WEEKDAY($S$1,1)-(start_day-1))-IF((WEEKDAY($S$1,1)-(start_day-1))<=0,7,0)+(ROW(T6)-ROW($S$3))*7+(COLUMN(T6)-COLUMN($S$3)+1)) -> 46377 | U6: =IF(MONTH($S$1)<>MONTH($S$1-(WEEKDAY($S$1,1)-(start_day-1))-IF((WEEKDAY($S$1,1)-(start_day-1))<=0,7,0)+(ROW(U6)-ROW($S$3))*7+(COLUMN(U6)-COLUMN($S$3)+1)),"",$S$1-(WEEKDAY($S$1,1)-(start_day-1))-IF((WEEKDAY($S$1,1)-(start_day-1))<=0,7,0)+(ROW(U6)-ROW($S$3))*7+(COLUMN(U6)-COLUMN($S$3)+1)) -> 46378 | V6: =IF(MONTH($S$1)<>MONTH($S$1-(WEEKDAY($S$1,1)-(start_day-1))-IF((WEEKDAY($S$1,1)-(start_day-1))<=0,7,0)+(ROW(V6)-ROW($S$3))*7+(COLUMN(V6)-COLUMN($S$3)+1)),"",$S$1-(WEEKDAY($S$1,1)-(start_day-1))-IF((WEEKDAY($S$1,1)-(start_day-1))<=0,7,0)+(ROW(V6)-ROW($S$3))*7+(COLUMN(V6)-COLUMN($S$3)+1)) -> 46379 | W6: =IF(MONTH($S$1)<>MONTH($S$1-(WEEKDAY($S$1,1)-(start_day-1))-IF((WEEKDAY($S$1,1)-(start_day-1))<=0,7,0)+(ROW(W6)-ROW($S$3))*7+(COLUMN(W6)-COLUMN($S$3)+1)),"",$S$1-(WEEKDAY($S$1,1)-(start_day-1))-IF((WEEKDAY($S$1,1)-(start_day-1))<=0,7,0)+(ROW(W6)-ROW($S$3))*7+(COLUMN(W6)-COLUMN($S$3)+1)) -> 46380 | X6: =IF(MONTH($S$1)<>MONTH($S$1-(WEEKDAY($S$1,1)-(start_day-1))-IF((WEEKDAY($S$1,1)-(start_day-1))<=0,7,0)+(ROW(X6)-ROW($S$3))*7+(COLUMN(X6)-COLUMN($S$3)+1)),"",$S$1-(WEEKDAY($S$1,1)-(start_day-1))-IF((WEEKDAY($S$1,1)-(start_day-1))<=0,7,0)+(ROW(X6)-ROW($S$3))*7+(COLUMN(X6)-COLUMN($S$3)+1)) -> 46381 | Y6: =IF(MONTH($S$1)<>MONTH($S$1-(WEEKDAY($S$1,1)-(start_day-1))-IF((WEEKDAY($S$1,1)-(start_day-1))<=0,7,0)+(ROW(Y6)-ROW($S$3))*7+(COLUMN(Y6)-COLUMN($S$3)+1)),"",$S$1-(WEEKDAY($S$1,1)-(start_day-1))-IF((WEEKDAY($S$1,1)-(start_day-1))<=0,7,0)+(ROW(Y6)-ROW($S$3))*7+(COLUMN(Y6)-COLUMN($S$3)+1)) -> 46382
K7: =IF(MONTH($K$1)<>MONTH($K$1-(WEEKDAY($K$1,1)-(start_day-1))-IF((WEEKDAY($K$1,1)-(start_day-1))<=0,7,0)+(ROW(K7)-ROW($K$3))*7+(COLUMN(K7)-COLUMN($K$3)+1)),"",$K$1-(WEEKDAY($K$1,1)-(start_day-1))-IF((WEEKDAY($K$1,1)-(start_day-1))<=0,7,0)+(ROW(K7)-ROW($K$3))*7+(COLUMN(K7)-COLUMN($K$3)+1)) -> 46320 | L7: =IF(MONTH($K$1)<>MONTH($K$1-(WEEKDAY($K$1,1)-(start_day-1))-IF((WEEKDAY($K$1,1)-(start_day-1))<=0,7,0)+(ROW(L7)-ROW($K$3))*7+(COLUMN(L7)-COLUMN($K$3)+1)),"",$K$1-(WEEKDAY($K$1,1)-(start_day-1))-IF((WEEKDAY($K$1,1)-(start_day-1))<=0,7,0)+(ROW(L7)-ROW($K$3))*7+(COLUMN(L7)-COLUMN($K$3)+1)) -> 46321 | M7: =IF(MONTH($K$1)<>MONTH($K$1-(WEEKDAY($K$1,1)-(start_day-1))-IF((WEEKDAY($K$1,1)-(start_day-1))<=0,7,0)+(ROW(M7)-ROW($K$3))*7+(COLUMN(M7)-COLUMN($K$3)+1)),"",$K$1-(WEEKDAY($K$1,1)-(start_day-1))-IF((WEEKDAY($K$1,1)-(start_day-1))<=0,7,0)+(ROW(M7)-ROW($K$3))*7+(COLUMN(M7)-COLUMN($K$3)+1)) -> 46322 | N7: =IF(MONTH($K$1)<>MONTH($K$1-(WEEKDAY($K$1,1)-(start_day-1))-IF((WEEKDAY($K$1,1)-(start_day-1))<=0,7,0)+(ROW(N7)-ROW($K$3))*7+(COLUMN(N7)-COLUMN($K$3)+1)),"",$K$1-(WEEKDAY($K$1,1)-(start_day-1))-IF((WEEKDAY($K$1,1)-(start_day-1))<=0,7,0)+(ROW(N7)-ROW($K$3))*7+(COLUMN(N7)-COLUMN($K$3)+1)) -> 46323 | O7: =IF(MONTH($K$1)<>MONTH($K$1-(WEEKDAY($K$1,1)-(start_day-1))-IF((WEEKDAY($K$1,1)-(start_day-1))<=0,7,0)+(ROW(O7)-ROW($K$3))*7+(COLUMN(O7)-COLUMN($K$3)+1)),"",$K$1-(WEEKDAY($K$1,1)-(start_day-1))-IF((WEEKDAY($K$1,1)-(start_day-1))<=0,7,0)+(ROW(O7)-ROW($K$3))*7+(COLUMN(O7)-COLUMN($K$3)+1)) -> 46324 | P7: =IF(MONTH($K$1)<>MONTH($K$1-(WEEKDAY($K$1,1)-(start_day-1))-IF((WEEKDAY($K$1,1)-(start_day-1))<=0,7,0)+(ROW(P7)-ROW($K$3))*7+(COLUMN(P7)-COLUMN($K$3)+1)),"",$K$1-(WEEKDAY($K$1,1)-(start_day-1))-IF((WEEKDAY($K$1,1)-(start_day-1))<=0,7,0)+(ROW(P7)-ROW($K$3))*7+(COLUMN(P7)-COLUMN($K$3)+1)) -> 46325 | Q7: =IF(MONTH($K$1)<>MONTH($K$1-(WEEKDAY($K$1,1)-(start_day-1))-IF((WEEKDAY($K$1,1)-(start_day-1))<=0,7,0)+(ROW(Q7)-ROW($K$3))*7+(COLUMN(Q7)-COLUMN($K$3)+1)),"",$K$1-(WEEKDAY($K$1,1)-(start_day-1))-IF((WEEKDAY($K$1,1)-(start_day-1))<=0,7,0)+(ROW(Q7)-ROW($K$3))*7+(COLUMN(Q7)-COLUMN($K$3)+1)) -> 46326 | S7: =IF(MONTH($S$1)<>MONTH($S$1-(WEEKDAY($S$1,1)-(start_day-1))-IF((WEEKDAY($S$1,1)-(start_day-1))<=0,7,0)+(ROW(S7)-ROW($S$3))*7+(COLUMN(S7)-COLUMN($S$3)+1)),"",$S$1-(WEEKDAY($S$1,1)-(start_day-1))-IF((WEEKDAY($S$1,1)-(start_day-1))<=0,7,0)+(ROW(S7)-ROW($S$3))*7+(COLUMN(S7)-COLUMN($S$3)+1)) -> 46383 | T7: =IF(MONTH($S$1)<>MONTH($S$1-(WEEKDAY($S$1,1)-(start_day-1))-IF((WEEKDAY($S$1,1)-(start_day-1))<=0,7,0)+(ROW(T7)-ROW($S$3))*7+(COLUMN(T7)-COLUMN($S$3)+1)),"",$S$1-(WEEKDAY($S$1,1)-(start_day-1))-IF((WEEKDAY($S$1,1)-(start_day-1))<=0,7,0)+(ROW(T7)-ROW($S$3))*7+(COLUMN(T7)-COLUMN($S$3)+1)) -> 46384 | U7: =IF(MONTH($S$1)<>MONTH($S$1-(WEEKDAY($S$1,1)-(start_day-1))-IF((WEEKDAY($S$1,1)-(start_day-1))<=0,7,0)+(ROW(U7)-ROW($S$3))*7+(COLUMN(U7)-COLUMN($S$3)+1)),"",$S$1-(WEEKDAY($S$1,1)-(start_day-1))-IF((WEEKDAY($S$1,1)-(start_day-1))<=0,7,0)+(ROW(U7)-ROW($S$3))*7+(COLUMN(U7)-COLUMN($S$3)+1)) -> 46385 | V7: =IF(MONTH($S$1)<>MONTH($S$1-(WEEKDAY($S$1,1)-(start_day-1))-IF((WEEKDAY($S$1,1)-(start_day-1))<=0,7,0)+(ROW(V7)-ROW($S$3))*7+(COLUMN(V7)-COLUMN($S$3)+1)),"",$S$1-(WEEKDAY($S$1,1)-(start_day-1))-IF((WEEKDAY($S$1,1)-(start_day-1))<=0,7,0)+(ROW(V7)-ROW($S$3))*7+(COLUMN(V7)-COLUMN($S$3)+1)) -> 46386 | W7: =IF(MONTH($S$1)<>MONTH($S$1-(WEEKDAY($S$1,1)-(start_day-1))-IF((WEEKDAY($S$1,1)-(start_day-1))<=0,7,0)+(ROW(W7)-ROW($S$3))*7+(COLUMN(W7)-COLUMN($S$3)+1)),"",$S$1-(WEEKDAY($S$1,1)-(start_day-1))-IF((WEEKDAY($S$1,1)-(start_day-1))<=0,7,0)+(ROW(W7)-ROW($S$3))*7+(COLUMN(W7)-COLUMN($S$3)+1)) -> 46387 | X7: =IF(MONTH($S$1)<>MONTH($S$1-(WEEKDAY($S$1,1)-(start_day-1))-IF((WEEKDAY($S$1,1)-(start_day-1))<=0,7,0)+(ROW(X7)-ROW($S$3))*7+(COLUMN(X7)-COLUMN($S$3)+1)),"",$S$1-(WEEKDAY($S$1,1)-(start_day-1))-IF((WEEKDAY($S$1,1)-(start_day-1))<=0,7,0)+(ROW(X7)-ROW($S$3))*7+(COLUMN(X7)-COLUMN($S$3)+1)) | Y7: =IF(MONTH($S$1)<>MONTH($S$1-(WEEKDAY($S$1,1)-(start_day-1))-IF((WEEKDAY($S$1,1)-(start_day-1))<=0,7,0)+(ROW(Y7)-ROW($S$3))*7+(COLUMN(Y7)-COLUMN($S$3)+1)),"",$S$1-(WEEKDAY($S$1,1)-(start_day-1))-IF((WEEKDAY($S$1,1)-(start_day-1))<=0,7,0)+(ROW(Y7)-ROW($S$3))*7+(COLUMN(Y7)-COLUMN($S$3)+1))
K8: =IF(MONTH($K$1)<>MONTH($K$1-(WEEKDAY($K$1,1)-(start_day-1))-IF((WEEKDAY($K$1,1)-(start_day-1))<=0,7,0)+(ROW(K8)-ROW($K$3))*7+(COLUMN(K8)-COLUMN($K$3)+1)),"",$K$1-(WEEKDAY($K$1,1)-(start_day-1))-IF((WEEKDAY($K$1,1)-(start_day-1))<=0,7,0)+(ROW(K8)-ROW($K$3))*7+(COLUMN(K8)-COLUMN($K$3)+1)) | L8: =IF(MONTH($K$1)<>MONTH($K$1-(WEEKDAY($K$1,1)-(start_day-1))-IF((WEEKDAY($K$1,1)-(start_day-1))<=0,7,0)+(ROW(L8)-ROW($K$3))*7+(COLUMN(L8)-COLUMN($K$3)+1)),"",$K$1-(WEEKDAY($K$1,1)-(start_day-1))-IF((WEEKDAY($K$1,1)-(start_day-1))<=0,7,0)+(ROW(L8)-ROW($K$3))*7+(COLUMN(L8)-COLUMN($K$3)+1)) | M8: =IF(MONTH($K$1)<>MONTH($K$1-(WEEKDAY($K$1,1)-(start_day-1))-IF((WEEKDAY($K$1,1)-(start_day-1))<=0,7,0)+(ROW(M8)-ROW($K$3))*7+(COLUMN(M8)-COLUMN($K$3)+1)),"",$K$1-(WEEKDAY($K$1,1)-(start_day-1))-IF((WEEKDAY($K$1,1)-(start_day-1))<=0,7,0)+(ROW(M8)-ROW($K$3))*7+(COLUMN(M8)-COLUMN($K$3)+1)) | N8: =IF(MONTH($K$1)<>MONTH($K$1-(WEEKDAY($K$1,1)-(start_day-1))-IF((WEEKDAY($K$1,1)-(start_day-1))<=0,7,0)+(ROW(N8)-ROW($K$3))*7+(COLUMN(N8)-COLUMN($K$3)+1)),"",$K$1-(WEEKDAY($K$1,1)-(start_day-1))-IF((WEEKDAY($K$1,1)-(start_day-1))<=0,7,0)+(ROW(N8)-ROW($K$3))*7+(COLUMN(N8)-COLUMN($K$3)+1)) | O8: =IF(MONTH($K$1)<>MONTH($K$1-(WEEKDAY($K$1,1)-(start_day-1))-IF((WEEKDAY($K$1,1)-(start_day-1))<=0,7,0)+(ROW(O8)-ROW($K$3))*7+(COLUMN(O8)-COLUMN($K$3)+1)),"",$K$1-(WEEKDAY($K$1,1)-(start_day-1))-IF((WEEKDAY($K$1,1)-(start_day-1))<=0,7,0)+(ROW(O8)-ROW($K$3))*7+(COLUMN(O8)-COLUMN($K$3)+1)) | P8: =IF(MONTH($K$1)<>MONTH($K$1-(WEEKDAY($K$1,1)-(start_day-1))-IF((WEEKDAY($K$1,1)-(start_day-1))<=0,7,0)+(ROW(P8)-ROW($K$3))*7+(COLUMN(P8)-COLUMN($K$3)+1)),"",$K$1-(WEEKDAY($K$1,1)-(start_day-1))-IF((WEEKDAY($K$1,1)-(start_day-1))<=0,7,0)+(ROW(P8)-ROW($K$3))*7+(COLUMN(P8)-COLUMN($K$3)+1)) | Q8: =IF(MONTH($K$1)<>MONTH($K$1-(WEEKDAY($K$1,1)-(start_day-1))-IF((WEEKDAY($K$1,1)-(start_day-1))<=0,7,0)+(ROW(Q8)-ROW($K$3))*7+(COLUMN(Q8)-COLUMN($K$3)+1)),"",$K$1-(WEEKDAY($K$1,1)-(start_day-1))-IF((WEEKDAY($K$1,1)-(start_day-1))<=0,7,0)+(ROW(Q8)-ROW($K$3))*7+(COLUMN(Q8)-COLUMN($K$3)+1)) | S8: =IF(MONTH($S$1)<>MONTH($S$1-(WEEKDAY($S$1,1)-(start_day-1))-IF((WEEKDAY($S$1,1)-(start_day-1))<=0,7,0)+(ROW(S8)-ROW($S$3))*7+(COLUMN(S8)-COLUMN($S$3)+1)),"",$S$1-(WEEKDAY($S$1,1)-(start_day-1))-IF((WEEKDAY($S$1,1)-(start_day-1))<=0,7,0)+(ROW(S8)-ROW($S$3))*7+(COLUMN(S8)-COLUMN($S$3)+1)) | T8: =IF(MONTH($S$1)<>MONTH($S$1-(WEEKDAY($S$1,1)-(start_day-1))-IF((WEEKDAY($S$1,1)-(start_day-1))<=0,7,0)+(ROW(T8)-ROW($S$3))*7+(COLUMN(T8)-COLUMN($S$3)+1)),"",$S$1-(WEEKDAY($S$1,1)-(start_day-1))-IF((WEEKDAY($S$1,1)-(start_day-1))<=0,7,0)+(ROW(T8)-ROW($S$3))*7+(COLUMN(T8)-COLUMN($S$3)+1)) | U8: =IF(MONTH($S$1)<>MONTH($S$1-(WEEKDAY($S$1,1)-(start_day-1))-IF((WEEKDAY($S$1,1)-(start_day-1))<=0,7,0)+(ROW(U8)-ROW($S$3))*7+(COLUMN(U8)-COLUMN($S$3)+1)),"",$S$1-(WEEKDAY($S$1,1)-(start_day-1))-IF((WEEKDAY($S$1,1)-(start_day-1))<=0,7,0)+(ROW(U8)-ROW($S$3))*7+(COLUMN(U8)-COLUMN($S$3)+1)) | V8: =IF(MONTH($S$1)<>MONTH($S$1-(WEEKDAY($S$1,1)-(start_day-1))-IF((WEEKDAY($S$1,1)-(start_day-1))<=0,7,0)+(ROW(V8)-ROW($S$3))*7+(COLUMN(V8)-COLUMN($S$3)+1)),"",$S$1-(WEEKDAY($S$1,1)-(start_day-1))-IF((WEEKDAY($S$1,1)-(start_day-1))<=0,7,0)+(ROW(V8)-ROW($S$3))*7+(COLUMN(V8)-COLUMN($S$3)+1)) | W8: =IF(MONTH($S$1)<>MONTH($S$1-(WEEKDAY($S$1,1)-(start_day-1))-IF((WEEKDAY($S$1,1)-(start_day-1))<=0,7,0)+(ROW(W8)-ROW($S$3))*7+(COLUMN(W8)-COLUMN($S$3)+1)),"",$S$1-(WEEKDAY($S$1,1)-(start_day-1))-IF((WEEKDAY($S$1,1)-(start_day-1))<=0,7,0)+(ROW(W8)-ROW($S$3))*7+(COLUMN(W8)-COLUMN($S$3)+1)) | X8: =IF(MONTH($S$1)<>MONTH($S$1-(WEEKDAY($S$1,1)-(start_day-1))-IF((WEEKDAY($S$1,1)-(start_day-1))<=0,7,0)+(ROW(X8)-ROW($S$3))*7+(COLUMN(X8)-COLUMN($S$3)+1)),"",$S$1-(WEEKDAY($S$1,1)-(start_day-1))-IF((WEEKDAY($S$1,1)-(start_day-1))<=0,7,0)+(ROW(X8)-ROW($S$3))*7+(COLUMN(X8)-COLUMN($S$3)+1)) | Y8: =IF(MONTH($S$1)<>MONTH($S$1-(WEEKDAY($S$1,1)-(start_day-1))-IF((WEEKDAY($S$1,1)-(start_day-1))<=0,7,0)+(ROW(Y8)-ROW($S$3))*7+(COLUMN(Y8)-COLUMN($S$3)+1)),"",$S$1-(WEEKDAY($S$1,1)-(start_day-1))-IF((WEEKDAY($S$1,1)-(start_day-1))<=0,7,0)+(ROW(Y8)-ROW($S$3))*7+(COLUMN(Y8)-COLUMN($S$3)+1))
A9: =A10 -> 46327 | C9: =C10 -> 46328 | E9: =E10 -> 46329 | G9: =G10 -> 46330 | I9: =I10 -> 46331 | K9: =K10 -> 46332 | S9: =S10 -> 46333
A10: =$A$1-(WEEKDAY($A$1,1)-(start_day-1))-IF((WEEKDAY($A$1,1)-(start_day-1))<=0,7,0)+1 -> 46327 | C10: =A10+1 -> 46328 | E10: =C10+1 -> 46329 | G10: =E10+1 -> 46330 | I10: =G10+1 -> 46331 | K10: =I10+1 -> 46332 | S10: =K10+1 -> 46333
A11: Morning | C11: X | E11: X | G11: X | I11: X | K11: X | S11: X
A13: Afternoon | C13: X | E13: X | G13: X | I13: X | K13: X | S13: X
A15: Evening | C15: X | E15: X | G15: X | I15: X | K15: X | S15: X
A16: =S10+1 -> 46334 | C16: =A16+1 -> 46335 | E16: =C16+1 -> 46336 | G16: =E16+1 -> 46337 | I16: =G16+1 -> 46338 | K16: =I16+1 -> 46339 | S16: =K16+1 -> 46340
A17: Morning | E17: KISD (EHS) | G17: HOLIDAY | I17: KISD (HHHS)
A19: Afternoon | AG19: 6766
A21: Evening
A22: =S16+1 -> 46341 | C22: =A22+1 -> 46342 | E22: =C22+1 -> 46343 | G22: =E22+1 -> 46344 | I22: =G22+1 -> 46345 | K22: =I22+1 -> 46346 | S22: =K22+1 -> 46347
A23: Morning | E23: KISD (KCC)
A25: Afternoon
A27: Evening | E27: KISD (KCC)
A28: =S22+1 -> 46348 | C28: =A28+1 -> 46349 | E28: =C28+1 -> 46350 | G28: =E28+1 -> 46351 | I28: =G28+1 -> 46352 | K28: =I28+1 -> 46353 | S28: =K28+1 -> 46354
A29: Morning | C29: HOLIDAY | E29: HOLIDAY | G29: HOLIDAY | I29: HOLIDAY
A31: Afternoon
A33: Evening
A34: =S28+1 -> 46355 | C34: =A34+1 -> 46356 | E34: =C34+1 -> 46357 | G34: =E34+1 -> 46358 | I34: =G34+1 -> 46359 | K34: =I34+1 -> 46360 | S34: =K34+1 -> 46361
A35: Morning
A37: Afternoon
A39: Evening
A40: =S34+1 -> 46362 | C40: =A40+1 -> 46363 | E40: Notes
K44: Calendar Templates by Vertex42
K45: https://www.vertex42.com/calendars/

Sheet Dec
A1: =DATE(Aug!AD18,Aug!AD20+4,1) -> 46357 | K1: =DATE(YEAR(A1),MONTH(A1)-1,1) -> 46327 | S1: =DATE(YEAR(A1),MONTH(A1)+1,1) -> 46388
K2: =INDEX({"S";"M";"T";"W";"T";"F";"S"},1+MOD(start_day+1-2,7)) -> S | L2: =INDEX({"S";"M";"T";"W";"T";"F";"S"},1+MOD(start_day+2-2,7)) -> M | M2: =INDEX({"S";"M";"T";"W";"T";"F";"S"},1+MOD(start_day+3-2,7)) -> T | N2: =INDEX({"S";"M";"T";"W";"T";"F";"S"},1+MOD(start_day+4-2,7)) -> W | O2: =INDEX({"S";"M";"T";"W";"T";"F";"S"},1+MOD(start_day+5-2,7)) -> T | P2: =INDEX({"S";"M";"T";"W";"T";"F";"S"},1+MOD(start_day+6-2,7)) -> F | Q2: =INDEX({"S";"M";"T";"W";"T";"F";"S"},1+MOD(start_day+7-2,7)) -> S | S2: =INDEX({"S";"M";"T";"W";"T";"F";"S"},1+MOD(start_day+1-2,7)) -> S | T2: =INDEX({"S";"M";"T";"W";"T";"F";"S"},1+MOD(start_day+2-2,7)) -> M | U2: =INDEX({"S";"M";"T";"W";"T";"F";"S"},1+MOD(start_day+3-2,7)) -> T | V2: =INDEX({"S";"M";"T";"W";"T";"F";"S"},1+MOD(start_day+4-2,7)) -> W | W2: =INDEX({"S";"M";"T";"W";"T";"F";"S"},1+MOD(start_day+5-2,7)) -> T | X2: =INDEX({"S";"M";"T";"W";"T";"F";"S"},1+MOD(start_day+6-2,7)) -> F | Y2: =INDEX({"S";"M";"T";"W";"T";"F";"S"},1+MOD(start_day+7-2,7)) -> S
K3: =IF(MONTH($K$1)<>MONTH($K$1-(WEEKDAY($K$1,1)-(start_day-1))-IF((WEEKDAY($K$1,1)-(start_day-1))<=0,7,0)+(ROW(K3)-ROW($K$3))*7+(COLUMN(K3)-COLUMN($K$3)+1)),"",$K$1-(WEEKDAY($K$1,1)-(start_day-1))-IF((WEEKDAY($K$1,1)-(start_day-1))<=0,7,0)+(ROW(K3)-ROW($K$3))*7+(COLUMN(K3)-COLUMN($K$3)+1)) -> 46327 | L3: =IF(MONTH($K$1)<>MONTH($K$1-(WEEKDAY($K$1,1)-(start_day-1))-IF((WEEKDAY($K$1,1)-(start_day-1))<=0,7,0)+(ROW(L3)-ROW($K$3))*7+(COLUMN(L3)-COLUMN($K$3)+1)),"",$K$1-(WEEKDAY($K$1,1)-(start_day-1))-IF((WEEKDAY($K$1,1)-(start_day-1))<=0,7,0)+(ROW(L3)-ROW($K$3))*7+(COLUMN(L3)-COLUMN($K$3)+1)) -> 46328 | M3: =IF(MONTH($K$1)<>MONTH($K$1-(WEEKDAY($K$1,1)-(start_day-1))-IF((WEEKDAY($K$1,1)-(start_day-1))<=0,7,0)+(ROW(M3)-ROW($K$3))*7+(COLUMN(M3)-COLUMN($K$3)+1)),"",$K$1-(WEEKDAY($K$1,1)-(start_day-1))-IF((WEEKDAY($K$1,1)-(start_day-1))<=0,7,0)+(ROW(M3)-ROW($K$3))*7+(COLUMN(M3)-COLUMN($K$3)+1)) -> 46329 | N3: =IF(MONTH($K$1)<>MONTH($K$1-(WEEKDAY($K$1,1)-(start_day-1))-IF((WEEKDAY($K$1,1)-(start_day-1))<=0,7,0)+(ROW(N3)-ROW($K$3))*7+(COLUMN(N3)-COLUMN($K$3)+1)),"",$K$1-(WEEKDAY($K$1,1)-(start_day-1))-IF((WEEKDAY($K$1,1)-(start_day-1))<=0,7,0)+(ROW(N3)-ROW($K$3))*7+(COLUMN(N3)-COLUMN($K$3)+1)) -> 46330 | O3: =IF(MONTH($K$1)<>MONTH($K$1-(WEEKDAY($K$1,1)-(start_day-1))-IF((WEEKDAY($K$1,1)-(start_day-1))<=0,7,0)+(ROW(O3)-ROW($K$3))*7+(COLUMN(O3)-COLUMN($K$3)+1)),"",$K$1-(WEEKDAY($K$1,1)-(start_day-1))-IF((WEEKDAY($K$1,1)-(start_day-1))<=0,7,0)+(ROW(O3)-ROW($K$3))*7+(COLUMN(O3)-COLUMN($K$3)+1)) -> 46331 | P3: =IF(MONTH($K$1)<>MONTH($K$1-(WEEKDAY($K$1,1)-(start_day-1))-IF((WEEKDAY($K$1,1)-(start_day-1))<=0,7,0)+(ROW(P3)-ROW($K$3))*7+(COLUMN(P3)-COLUMN($K$3)+1)),"",$K$1-(WEEKDAY($K$1,1)-(start_day-1))-IF((WEEKDAY($K$1,1)-(start_day-1))<=0,7,0)+(ROW(P3)-ROW($K$3))*7+(COLUMN(P3)-COLUMN($K$3)+1)) -> 46332 | Q3: =IF(MONTH($K$1)<>MONTH($K$1-(WEEKDAY($K$1,1)-(start_day-1))-IF((WEEKDAY($K$1,1)-(start_day-1))<=0,7,0)+(ROW(Q3)-ROW($K$3))*7+(COLUMN(Q3)-COLUMN($K$3)+1)),"",$K$1-(WEEKDAY($K$1,1)-(start_day-1))-IF((WEEKDAY($K$1,1)-(start_day-1))<=0,7,0)+(ROW(Q3)-ROW($K$3))*7+(COLUMN(Q3)-COLUMN($K$3)+1)) -> 46333 | S3: =IF(MONTH($S$1)<>MONTH($S$1-(WEEKDAY($S$1,1)-(start_day-1))-IF((WEEKDAY($S$1,1)-(start_day-1))<=0,7,0)+(ROW(S3)-ROW($S$3))*7+(COLUMN(S3)-COLUMN($S$3)+1)),"",$S$1-(WEEKDAY($S$1,1)-(start_day-1))-IF((WEEKDAY($S$1,1)-(start_day-1))<=0,7,0)+(ROW(S3)-ROW($S$3))*7+(COLUMN(S3)-COLUMN($S$3)+1)) | T3: =IF(MONTH($S$1)<>MONTH($S$1-(WEEKDAY($S$1,1)-(start_day-1))-IF((WEEKDAY($S$1,1)-(start_day-1))<=0,7,0)+(ROW(T3)-ROW($S$3))*7+(COLUMN(T3)-COLUMN($S$3)+1)),"",$S$1-(WEEKDAY($S$1,1)-(start_day-1))-IF((WEEKDAY($S$1,1)-(start_day-1))<=0,7,0)+(ROW(T3)-ROW($S$3))*7+(COLUMN(T3)-COLUMN($S$3)+1)) | U3: =IF(MONTH($S$1)<>MONTH($S$1-(WEEKDAY($S$1,1)-(start_day-1))-IF((WEEKDAY($S$1,1)-(start_day-1))<=0,7,0)+(ROW(U3)-ROW($S$3))*7+(COLUMN(U3)-COLUMN($S$3)+1)),"",$S$1-(WEEKDAY($S$1,1)-(start_day-1))-IF((WEEKDAY($S$1,1)-(start_day-1))<=0,7,0)+(ROW(U3)-ROW($S$3))*7+(COLUMN(U3)-COLUMN($S$3)+1)) | V3: =IF(MONTH($S$1)<>MONTH($S$1-(WEEKDAY($S$1,1)-(start_day-1))-IF((WEEKDAY($S$1,1)-(start_day-1))<=0,7,0)+(ROW(V3)-ROW($S$3))*7+(COLUMN(V3)-COLUMN($S$3)+1)),"",$S$1-(WEEKDAY($S$1,1)-(start_day-1))-IF((WEEKDAY($S$1,1)-(start_day-1))<=0,7,0)+(ROW(V3)-ROW($S$3))*7+(COLUMN(V3)-COLUMN($S$3)+1)) | W3: =IF(MONTH($S$1)<>MONTH($S$1-(WEEKDAY($S$1,1)-(start_day-1))-IF((WEEKDAY($S$1,1)-(start_day-1))<=0,7,0)+(ROW(W3)-ROW($S$3))*7+(COLUMN(W3)-COLUMN($S$3)+1)),"",$S$1-(WEEKDAY($S$1,1)-(start_day-1))-IF((WEEKDAY($S$1,1)-(start_day-1))<=0,7,0)+(ROW(W3)-ROW($S$3))*7+(COLUMN(W3)-COLUMN($S$3)+1)) | X3: =IF(MONTH($S$1)<>MONTH($S$1-(WEEKDAY($S$1,1)-(start_day-1))-IF((WEEKDAY($S$1,1)-(start_day-1))<=0,7,0)+(ROW(X3)-ROW($S$3))*7+(COLUMN(X3)-COLUMN($S$3)+1)),"",$S$1-(WEEKDAY($S$1,1)-(start_day-1))-IF((WEEKDAY($S$1,1)-(start_day-1))<=0,7,0)+(ROW(X3)-ROW($S$3))*7+(COLUMN(X3)-COLUMN($S$3)+1)) -> 46388 | Y3: =IF(MONTH($S$1)<>MONTH($S$1-(WEEKDAY($S$1,1)-(start_day-1))-IF((WEEKDAY($S$1,1)-(start_day-1))<=0,7,0)+(ROW(Y3)-ROW($S$3))*7+(COLUMN(Y3)-COLUMN($S$3)+1)),"",$S$1-(WEEKDAY($S$1,1)-(start_day-1))-IF((WEEKDAY($S$1,1)-(start_day-1))<=0,7,0)+(ROW(Y3)-ROW($S$3))*7+(COLUMN(Y3)-COLUMN($S$3)+1)) -> 46389
J4: Unavailable | K4: =IF(MONTH($K$1)<>MONTH($K$1-(WEEKDAY($K$1,1)-(start_day-1))-IF((WEEKDAY($K$1,1)-(start_day-1))<=0,7,0)+(ROW(K4)-ROW($K$3))*7+(COLUMN(K4)-COLUMN($K$3)+1)),"",$K$1-(WEEKDAY($K$1,1)-(start_day-1))-IF((WEEKDAY($K$1,1)-(start_day-1))<=0,7,0)+(ROW(K4)-ROW($K$3))*7+(COLUMN(K4)-COLUMN($K$3)+1)) -> 46334 | L4: =IF(MONTH($K$1)<>MONTH($K$1-(WEEKDAY($K$1,1)-(start_day-1))-IF((WEEKDAY($K$1,1)-(start_day-1))<=0,7,0)+(ROW(L4)-ROW($K$3))*7+(COLUMN(L4)-COLUMN($K$3)+1)),"",$K$1-(WEEKDAY($K$1,1)-(start_day-1))-IF((WEEKDAY($K$1,1)-(start_day-1))<=0,7,0)+(ROW(L4)-ROW($K$3))*7+(COLUMN(L4)-COLUMN($K$3)+1)) -> 46335 | M4: =IF(MONTH($K$1)<>MONTH($K$1-(WEEKDAY($K$1,1)-(start_day-1))-IF((WEEKDAY($K$1,1)-(start_day-1))<=0,7,0)+(ROW(M4)-ROW($K$3))*7+(COLUMN(M4)-COLUMN($K$3)+1)),"",$K$1-(WEEKDAY($K$1,1)-(start_day-1))-IF((WEEKDAY($K$1,1)-(start_day-1))<=0,7,0)+(ROW(M4)-ROW($K$3))*7+(COLUMN(M4)-COLUMN($K$3)+1)) -> 46336 | N4: =IF(MONTH($K$1)<>MONTH($K$1-(WEEKDAY($K$1,1)-(start_day-1))-IF((WEEKDAY($K$1,1)-(start_day-1))<=0,7,0)+(ROW(N4)-ROW($K$3))*7+(COLUMN(N4)-COLUMN($K$3)+1)),"",$K$1-(WEEKDAY($K$1,1)-(start_day-1))-IF((WEEKDAY($K$1,1)-(start_day-1))<=0,7,0)+(ROW(N4)-ROW($K$3))*7+(COLUMN(N4)-COLUMN($K$3)+1)) -> 46337 | O4: =IF(MONTH($K$1)<>MONTH($K$1-(WEEKDAY($K$1,1)-(start_day-1))-IF((WEEKDAY($K$1,1)-(start_day-1))<=0,7,0)+(ROW(O4)-ROW($K$3))*7+(COLUMN(O4)-COLUMN($K$3)+1)),"",$K$1-(WEEKDAY($K$1,1)-(start_day-1))-IF((WEEKDAY($K$1,1)-(start_day-1))<=0,7,0)+(ROW(O4)-ROW($K$3))*7+(COLUMN(O4)-COLUMN($K$3)+1)) -> 46338 | P4: =IF(MONTH($K$1)<>MONTH($K$1-(WEEKDAY($K$1,1)-(start_day-1))-IF((WEEKDAY($K$1,1)-(start_day-1))<=0,7,0)+(ROW(P4)-ROW($K$3))*7+(COLUMN(P4)-COLUMN($K$3)+1)),"",$K$1-(WEEKDAY($K$1,1)-(start_day-1))-IF((WEEKDAY($K$1,1)-(start_day-1))<=0,7,0)+(ROW(P4)-ROW($K$3))*7+(COLUMN(P4)-COLUMN($K$3)+1)) -> 46339 | Q4: =IF(MONTH($K$1)<>MONTH($K$1-(WEEKDAY($K$1,1)-(start_day-1))-IF((WEEKDAY($K$1,1)-(start_day-1))<=0,7,0)+(ROW(Q4)-ROW($K$3))*7+(COLUMN(Q4)-COLUMN($K$3)+1)),"",$K$1-(WEEKDAY($K$1,1)-(start_day-1))-IF((WEEKDAY($K$1,1)-(start_day-1))<=0,7,0)+(ROW(Q4)-ROW($K$3))*7+(COLUMN(Q4)-COLUMN($K$3)+1)) -> 46340 | S4: =IF(MONTH($S$1)<>MONTH($S$1-(WEEKDAY($S$1,1)-(start_day-1))-IF((WEEKDAY($S$1,1)-(start_day-1))<=0,7,0)+(ROW(S4)-ROW($S$3))*7+(COLUMN(S4)-COLUMN($S$3)+1)),"",$S$1-(WEEKDAY($S$1,1)-(start_day-1))-IF((WEEKDAY($S$1,1)-(start_day-1))<=0,7,0)+(ROW(S4)-ROW($S$3))*7+(COLUMN(S4)-COLUMN($S$3)+1)) -> 46390 | T4: =IF(MONTH($S$1)<>MONTH($S$1-(WEEKDAY($S$1,1)-(start_day-1))-IF((WEEKDAY($S$1,1)-(start_day-1))<=0,7,0)+(ROW(T4)-ROW($S$3))*7+(COLUMN(T4)-COLUMN($S$3)+1)),"",$S$1-(WEEKDAY($S$1,1)-(start_day-1))-IF((WEEKDAY($S$1,1)-(start_day-1))<=0,7,0)+(ROW(T4)-ROW($S$3))*7+(COLUMN(T4)-COLUMN($S$3)+1)) -> 46391 | U4: =IF(MONTH($S$1)<>MONTH($S$1-(WEEKDAY($S$1,1)-(start_day-1))-IF((WEEKDAY($S$1,1)-(start_day-1))<=0,7,0)+(ROW(U4)-ROW($S$3))*7+(COLUMN(U4)-COLUMN($S$3)+1)),"",$S$1-(WEEKDAY($S$1,1)-(start_day-1))-IF((WEEKDAY($S$1,1)-(start_day-1))<=0,7,0)+(ROW(U4)-ROW($S$3))*7+(COLUMN(U4)-COLUMN($S$3)+1)) -> 46392 | V4: =IF(MONTH($S$1)<>MONTH($S$1-(WEEKDAY($S$1,1)-(start_day-1))-IF((WEEKDAY($S$1,1)-(start_day-1))<=0,7,0)+(ROW(V4)-ROW($S$3))*7+(COLUMN(V4)-COLUMN($S$3)+1)),"",$S$1-(WEEKDAY($S$1,1)-(start_day-1))-IF((WEEKDAY($S$1,1)-(start_day-1))<=0,7,0)+(ROW(V4)-ROW($S$3))*7+(COLUMN(V4)-COLUMN($S$3)+1)) -> 46393 | W4: =IF(MONTH($S$1)<>MONTH($S$1-(WEEKDAY($S$1,1)-(start_day-1))-IF((WEEKDAY($S$1,1)-(start_day-1))<=0,7,0)+(ROW(W4)-ROW($S$3))*7+(COLUMN(W4)-COLUMN($S$3)+1)),"",$S$1-(WEEKDAY($S$1,1)-(start_day-1))-IF((WEEKDAY($S$1,1)-(start_day-1))<=0,7,0)+(ROW(W4)-ROW($S$3))*7+(COLUMN(W4)-COLUMN($S$3)+1)) -> 46394 | X4: =IF(MONTH($S$1)<>MONTH($S$1-(WEEKDAY($S$1,1)-(start_day-1))-IF((WEEKDAY($S$1,1)-(start_day-1))<=0,7,0)+(ROW(X4)-ROW($S$3))*7+(COLUMN(X4)-COLUMN($S$3)+1)),"",$S$1-(WEEKDAY($S$1,1)-(start_day-1))-IF((WEEKDAY($S$1,1)-(start_day-1))<=0,7,0)+(ROW(X4)-ROW($S$3))*7+(COLUMN(X4)-COLUMN($S$3)+1)) -> 46395 | Y4: =IF(MONTH($S$1)<>MONTH($S$1-(WEEKDAY($S$1,1)-(start_day-1))-IF((WEEKDAY($S$1,1)-(start_day-1))<=0,7,0)+(ROW(Y4)-ROW($S$3))*7+(COLUMN(Y4)-COLUMN($S$3)+1)),"",$S$1-(WEEKDAY($S$1,1)-(start_day-1))-IF((WEEKDAY($S$1,1)-(start_day-1))<=0,7,0)+(ROW(Y4)-ROW($S$3))*7+(COLUMN(Y4)-COLUMN($S$3)+1)) -> 46396
K5: =IF(MONTH($K$1)<>MONTH($K$1-(WEEKDAY($K$1,1)-(start_day-1))-IF((WEEKDAY($K$1,1)-(start_day-1))<=0,7,0)+(ROW(K5)-ROW($K$3))*7+(COLUMN(K5)-COLUMN($K$3)+1)),"",$K$1-(WEEKDAY($K$1,1)-(start_day-1))-IF((WEEKDAY($K$1,1)-(start_day-1))<=0,7,0)+(ROW(K5)-ROW($K$3))*7+(COLUMN(K5)-COLUMN($K$3)+1)) -> 46341 | L5: =IF(MONTH($K$1)<>MONTH($K$1-(WEEKDAY($K$1,1)-(start_day-1))-IF((WEEKDAY($K$1,1)-(start_day-1))<=0,7,0)+(ROW(L5)-ROW($K$3))*7+(COLUMN(L5)-COLUMN($K$3)+1)),"",$K$1-(WEEKDAY($K$1,1)-(start_day-1))-IF((WEEKDAY($K$1,1)-(start_day-1))<=0,7,0)+(ROW(L5)-ROW($K$3))*7+(COLUMN(L5)-COLUMN($K$3)+1)) -> 46342 | M5: =IF(MONTH($K$1)<>MONTH($K$1-(WEEKDAY($K$1,1)-(start_day-1))-IF((WEEKDAY($K$1,1)-(start_day-1))<=0,7,0)+(ROW(M5)-ROW($K$3))*7+(COLUMN(M5)-COLUMN($K$3)+1)),"",$K$1-(WEEKDAY($K$1,1)-(start_day-1))-IF((WEEKDAY($K$1,1)-(start_day-1))<=0,7,0)+(ROW(M5)-ROW($K$3))*7+(COLUMN(M5)-COLUMN($K$3)+1)) -> 46343 | N5: =IF(MONTH($K$1)<>MONTH($K$1-(WEEKDAY($K$1,1)-(start_day-1))-IF((WEEKDAY($K$1,1)-(start_day-1))<=0,7,0)+(ROW(N5)-ROW($K$3))*7+(COLUMN(N5)-COLUMN($K$3)+1)),"",$K$1-(WEEKDAY($K$1,1)-(start_day-1))-IF((WEEKDAY($K$1,1)-(start_day-1))<=0,7,0)+(ROW(N5)-ROW($K$3))*7+(COLUMN(N5)-COLUMN($K$3)+1)) -> 46344 | O5: =IF(MONTH($K$1)<>MONTH($K$1-(WEEKDAY($K$1,1)-(start_day-1))-IF((WEEKDAY($K$1,1)-(start_day-1))<=0,7,0)+(ROW(O5)-ROW($K$3))*7+(COLUMN(O5)-COLUMN($K$3)+1)),"",$K$1-(WEEKDAY($K$1,1)-(start_day-1))-IF((WEEKDAY($K$1,1)-(start_day-1))<=0,7,0)+(ROW(O5)-ROW($K$3))*7+(COLUMN(O5)-COLUMN($K$3)+1)) -> 46345 | P5: =IF(MONTH($K$1)<>MONTH($K$1-(WEEKDAY($K$1,1)-(start_day-1))-IF((WEEKDAY($K$1,1)-(start_day-1))<=0,7,0)+(ROW(P5)-ROW($K$3))*7+(COLUMN(P5)-COLUMN($K$3)+1)),"",$K$1-(WEEKDAY($K$1,1)-(start_day-1))-IF((WEEKDAY($K$1,1)-(start_day-1))<=0,7,0)+(ROW(P5)-ROW($K$3))*7+(COLUMN(P5)-COLUMN($K$3)+1)) -> 46346 | Q5: =IF(MONTH($K$1)<>MONTH($K$1-(WEEKDAY($K$1,1)-(start_day-1))-IF((WEEKDAY($K$1,1)-(start_day-1))<=0,7,0)+(ROW(Q5)-ROW($K$3))*7+(COLUMN(Q5)-COLUMN($K$3)+1)),"",$K$1-(WEEKDAY($K$1,1)-(start_day-1))-IF((WEEKDAY($K$1,1)-(start_day-1))<=0,7,0)+(ROW(Q5)-ROW($K$3))*7+(COLUMN(Q5)-COLUMN($K$3)+1)) -> 46347 | S5: =IF(MONTH($S$1)<>MONTH($S$1-(WEEKDAY($S$1,1)-(start_day-1))-IF((WEEKDAY($S$1,1)-(start_day-1))<=0,7,0)+(ROW(S5)-ROW($S$3))*7+(COLUMN(S5)-COLUMN($S$3)+1)),"",$S$1-(WEEKDAY($S$1,1)-(start_day-1))-IF((WEEKDAY($S$1,1)-(start_day-1))<=0,7,0)+(ROW(S5)-ROW($S$3))*7+(COLUMN(S5)-COLUMN($S$3)+1)) -> 46397 | T5: =IF(MONTH($S$1)<>MONTH($S$1-(WEEKDAY($S$1,1)-(start_day-1))-IF((WEEKDAY($S$1,1)-(start_day-1))<=0,7,0)+(ROW(T5)-ROW($S$3))*7+(COLUMN(T5)-COLUMN($S$3)+1)),"",$S$1-(WEEKDAY($S$1,1)-(start_day-1))-IF((WEEKDAY($S$1,1)-(start_day-1))<=0,7,0)+(ROW(T5)-ROW($S$3))*7+(COLUMN(T5)-COLUMN($S$3)+1)) -> 46398 | U5: =IF(MONTH($S$1)<>MONTH($S$1-(WEEKDAY($S$1,1)-(start_day-1))-IF((WEEKDAY($S$1,1)-(start_day-1))<=0,7,0)+(ROW(U5)-ROW($S$3))*7+(COLUMN(U5)-COLUMN($S$3)+1)),"",$S$1-(WEEKDAY($S$1,1)-(start_day-1))-IF((WEEKDAY($S$1,1)-(start_day-1))<=0,7,0)+(ROW(U5)-ROW($S$3))*7+(COLUMN(U5)-COLUMN($S$3)+1)) -> 46399 | V5: =IF(MONTH($S$1)<>MONTH($S$1-(WEEKDAY($S$1,1)-(start_day-1))-IF((WEEKDAY($S$1,1)-(start_day-1))<=0,7,0)+(ROW(V5)-ROW($S$3))*7+(COLUMN(V5)-COLUMN($S$3)+1)),"",$S$1-(WEEKDAY($S$1,1)-(start_day-1))-IF((WEEKDAY($S$1,1)-(start_day-1))<=0,7,0)+(ROW(V5)-ROW($S$3))*7+(COLUMN(V5)-COLUMN($S$3)+1)) -> 46400 | W5: =IF(MONTH($S$1)<>MONTH($S$1-(WEEKDAY($S$1,1)-(start_day-1))-IF((WEEKDAY($S$1,1)-(start_day-1))<=0,7,0)+(ROW(W5)-ROW($S$3))*7+(COLUMN(W5)-COLUMN($S$3)+1)),"",$S$1-(WEEKDAY($S$1,1)-(start_day-1))-IF((WEEKDAY($S$1,1)-(start_day-1))<=0,7,0)+(ROW(W5)-ROW($S$3))*7+(COLUMN(W5)-COLUMN($S$3)+1)) -> 46401 | X5: =IF(MONTH($S$1)<>MONTH($S$1-(WEEKDAY($S$1,1)-(start_day-1))-IF((WEEKDAY($S$1,1)-(start_day-1))<=0,7,0)+(ROW(X5)-ROW($S$3))*7+(COLUMN(X5)-COLUMN($S$3)+1)),"",$S$1-(WEEKDAY($S$1,1)-(start_day-1))-IF((WEEKDAY($S$1,1)-(start_day-1))<=0,7,0)+(ROW(X5)-ROW($S$3))*7+(COLUMN(X5)-COLUMN($S$3)+1)) -> 46402 | Y5: =IF(MONTH($S$1)<>MONTH($S$1-(WEEKDAY($S$1,1)-(start_day-1))-IF((WEEKDAY($S$1,1)-(start_day-1))<=0,7,0)+(ROW(Y5)-ROW($S$3))*7+(COLUMN(Y5)-COLUMN($S$3)+1)),"",$S$1-(WEEKDAY($S$1,1)-(start_day-1))-IF((WEEKDAY($S$1,1)-(start_day-1))<=0,7,0)+(ROW(Y5)-ROW($S$3))*7+(COLUMN(Y5)-COLUMN($S$3)+1)) -> 46403
K6: =IF(MONTH($K$1)<>MONTH($K$1-(WEEKDAY($K$1,1)-(start_day-1))-IF((WEEKDAY($K$1,1)-(start_day-1))<=0,7,0)+(ROW(K6)-ROW($K$3))*7+(COLUMN(K6)-COLUMN($K$3)+1)),"",$K$1-(WEEKDAY($K$1,1)-(start_day-1))-IF((WEEKDAY($K$1,1)-(start_day-1))<=0,7,0)+(ROW(K6)-ROW($K$3))*7+(COLUMN(K6)-COLUMN($K$3)+1)) -> 46348 | L6: =IF(MONTH($K$1)<>MONTH($K$1-(WEEKDAY($K$1,1)-(start_day-1))-IF((WEEKDAY($K$1,1)-(start_day-1))<=0,7,0)+(ROW(L6)-ROW($K$3))*7+(COLUMN(L6)-COLUMN($K$3)+1)),"",$K$1-(WEEKDAY($K$1,1)-(start_day-1))-IF((WEEKDAY($K$1,1)-(start_day-1))<=0,7,0)+(ROW(L6)-ROW($K$3))*7+(COLUMN(L6)-COLUMN($K$3)+1)) -> 46349 | M6: =IF(MONTH($K$1)<>MONTH($K$1-(WEEKDAY($K$1,1)-(start_day-1))-IF((WEEKDAY($K$1,1)-(start_day-1))<=0,7,0)+(ROW(M6)-ROW($K$3))*7+(COLUMN(M6)-COLUMN($K$3)+1)),"",$K$1-(WEEKDAY($K$1,1)-(start_day-1))-IF((WEEKDAY($K$1,1)-(start_day-1))<=0,7,0)+(ROW(M6)-ROW($K$3))*7+(COLUMN(M6)-COLUMN($K$3)+1)) -> 46350 | N6: =IF(MONTH($K$1)<>MONTH($K$1-(WEEKDAY($K$1,1)-(start_day-1))-IF((WEEKDAY($K$1,1)-(start_day-1))<=0,7,0)+(ROW(N6)-ROW($K$3))*7+(COLUMN(N6)-COLUMN($K$3)+1)),"",$K$1-(WEEKDAY($K$1,1)-(start_day-1))-IF((WEEKDAY($K$1,1)-(start_day-1))<=0,7,0)+(ROW(N6)-ROW($K$3))*7+(COLUMN(N6)-COLUMN($K$3)+1)) -> 46351 | O6: =IF(MONTH($K$1)<>MONTH($K$1-(WEEKDAY($K$1,1)-(start_day-1))-IF((WEEKDAY($K$1,1)-(start_day-1))<=0,7,0)+(ROW(O6)-ROW($K$3))*7+(COLUMN(O6)-COLUMN($K$3)+1)),"",$K$1-(WEEKDAY($K$1,1)-(start_day-1))-IF((WEEKDAY($K$1,1)-(start_day-1))<=0,7,0)+(ROW(O6)-ROW($K$3))*7+(COLUMN(O6)-COLUMN($K$3)+1)) -> 46352 | P6: =IF(MONTH($K$1)<>MONTH($K$1-(WEEKDAY($K$1,1)-(start_day-1))-IF((WEEKDAY($K$1,1)-(start_day-1))<=0,7,0)+(ROW(P6)-ROW($K$3))*7+(COLUMN(P6)-COLUMN($K$3)+1)),"",$K$1-(WEEKDAY($K$1,1)-(start_day-1))-IF((WEEKDAY($K$1,1)-(start_day-1))<=0,7,0)+(ROW(P6)-ROW($K$3))*7+(COLUMN(P6)-COLUMN($K$3)+1)) -> 46353 | Q6: =IF(MONTH($K$1)<>MONTH($K$1-(WEEKDAY($K$1,1)-(start_day-1))-IF((WEEKDAY($K$1,1)-(start_day-1))<=0,7,0)+(ROW(Q6)-ROW($K$3))*7+(COLUMN(Q6)-COLUMN($K$3)+1)),"",$K$1-(WEEKDAY($K$1,1)-(start_day-1))-IF((WEEKDAY($K$1,1)-(start_day-1))<=0,7,0)+(ROW(Q6)-ROW($K$3))*7+(COLUMN(Q6)-COLUMN($K$3)+1)) -> 46354 | S6: =IF(MONTH($S$1)<>MONTH($S$1-(WEEKDAY($S$1,1)-(start_day-1))-IF((WEEKDAY($S$1,1)-(start_day-1))<=0,7,0)+(ROW(S6)-ROW($S$3))*7+(COLUMN(S6)-COLUMN($S$3)+1)),"",$S$1-(WEEKDAY($S$1,1)-(start_day-1))-IF((WEEKDAY($S$1,1)-(start_day-1))<=0,7,0)+(ROW(S6)-ROW($S$3))*7+(COLUMN(S6)-COLUMN($S$3)+1)) -> 46404 | T6: =IF(MONTH($S$1)<>MONTH($S$1-(WEEKDAY($S$1,1)-(start_day-1))-IF((WEEKDAY($S$1,1)-(start_day-1))<=0,7,0)+(ROW(T6)-ROW($S$3))*7+(COLUMN(T6)-COLUMN($S$3)+1)),"",$S$1-(WEEKDAY($S$1,1)-(start_day-1))-IF((WEEKDAY($S$1,1)-(start_day-1))<=0,7,0)+(ROW(T6)-ROW($S$3))*7+(COLUMN(T6)-COLUMN($S$3)+1)) -> 46405 | U6: =IF(MONTH($S$1)<>MONTH($S$1-(WEEKDAY($S$1,1)-(start_day-1))-IF((WEEKDAY($S$1,1)-(start_day-1))<=0,7,0)+(ROW(U6)-ROW($S$3))*7+(COLUMN(U6)-COLUMN($S$3)+1)),"",$S$1-(WEEKDAY($S$1,1)-(start_day-1))-IF((WEEKDAY($S$1,1)-(start_day-1))<=0,7,0)+(ROW(U6)-ROW($S$3))*7+(COLUMN(U6)-COLUMN($S$3)+1)) -> 46406 | V6: =IF(MONTH($S$1)<>MONTH($S$1-(WEEKDAY($S$1,1)-(start_day-1))-IF((WEEKDAY($S$1,1)-(start_day-1))<=0,7,0)+(ROW(V6)-ROW($S$3))*7+(COLUMN(V6)-COLUMN($S$3)+1)),"",$S$1-(WEEKDAY($S$1,1)-(start_day-1))-IF((WEEKDAY($S$1,1)-(start_day-1))<=0,7,0)+(ROW(V6)-ROW($S$3))*7+(COLUMN(V6)-COLUMN($S$3)+1)) -> 46407 | W6: =IF(MONTH($S$1)<>MONTH($S$1-(WEEKDAY($S$1,1)-(start_day-1))-IF((WEEKDAY($S$1,1)-(start_day-1))<=0,7,0)+(ROW(W6)-ROW($S$3))*7+(COLUMN(W6)-COLUMN($S$3)+1)),"",$S$1-(WEEKDAY($S$1,1)-(start_day-1))-IF((WEEKDAY($S$1,1)-(start_day-1))<=0,7,0)+(ROW(W6)-ROW($S$3))*7+(COLUMN(W6)-COLUMN($S$3)+1)) -> 46408 | X6: =IF(MONTH($S$1)<>MONTH($S$1-(WEEKDAY($S$1,1)-(start_day-1))-IF((WEEKDAY($S$1,1)-(start_day-1))<=0,7,0)+(ROW(X6)-ROW($S$3))*7+(COLUMN(X6)-COLUMN($S$3)+1)),"",$S$1-(WEEKDAY($S$1,1)-(start_day-1))-IF((WEEKDAY($S$1,1)-(start_day-1))<=0,7,0)+(ROW(X6)-ROW($S$3))*7+(COLUMN(X6)-COLUMN($S$3)+1)) -> 46409 | Y6: =IF(MONTH($S$1)<>MONTH($S$1-(WEEKDAY($S$1,1)-(start_day-1))-IF((WEEKDAY($S$1,1)-(start_day-1))<=0,7,0)+(ROW(Y6)-ROW($S$3))*7+(COLUMN(Y6)-COLUMN($S$3)+1)),"",$S$1-(WEEKDAY($S$1,1)-(start_day-1))-IF((WEEKDAY($S$1,1)-(start_day-1))<=0,7,0)+(ROW(Y6)-ROW($S$3))*7+(COLUMN(Y6)-COLUMN($S$3)+1)) -> 46410
K7: =IF(MONTH($K$1)<>MONTH($K$1-(WEEKDAY($K$1,1)-(start_day-1))-IF((WEEKDAY($K$1,1)-(start_day-1))<=0,7,0)+(ROW(K7)-ROW($K$3))*7+(COLUMN(K7)-COLUMN($K$3)+1)),"",$K$1-(WEEKDAY($K$1,1)-(start_day-1))-IF((WEEKDAY($K$1,1)-(start_day-1))<=0,7,0)+(ROW(K7)-ROW($K$3))*7+(COLUMN(K7)-COLUMN($K$3)+1)) -> 46355 | L7: =IF(MONTH($K$1)<>MONTH($K$1-(WEEKDAY($K$1,1)-(start_day-1))-IF((WEEKDAY($K$1,1)-(start_day-1))<=0,7,0)+(ROW(L7)-ROW($K$3))*7+(COLUMN(L7)-COLUMN($K$3)+1)),"",$K$1-(WEEKDAY($K$1,1)-(start_day-1))-IF((WEEKDAY($K$1,1)-(start_day-1))<=0,7,0)+(ROW(L7)-ROW($K$3))*7+(COLUMN(L7)-COLUMN($K$3)+1)) -> 46356 | M7: =IF(MONTH($K$1)<>MONTH($K$1-(WEEKDAY($K$1,1)-(start_day-1))-IF((WEEKDAY($K$1,1)-(start_day-1))<=0,7,0)+(ROW(M7)-ROW($K$3))*7+(COLUMN(M7)-COLUMN($K$3)+1)),"",$K$1-(WEEKDAY($K$1,1)-(start_day-1))-IF((WEEKDAY($K$1,1)-(start_day-1))<=0,7,0)+(ROW(M7)-ROW($K$3))*7+(COLUMN(M7)-COLUMN($K$3)+1)) | N7: =IF(MONTH($K$1)<>MONTH($K$1-(WEEKDAY($K$1,1)-(start_day-1))-IF((WEEKDAY($K$1,1)-(start_day-1))<=0,7,0)+(ROW(N7)-ROW($K$3))*7+(COLUMN(N7)-COLUMN($K$3)+1)),"",$K$1-(WEEKDAY($K$1,1)-(start_day-1))-IF((WEEKDAY($K$1,1)-(start_day-1))<=0,7,0)+(ROW(N7)-ROW($K$3))*7+(COLUMN(N7)-COLUMN($K$3)+1)) | O7: =IF(MONTH($K$1)<>MONTH($K$1-(WEEKDAY($K$1,1)-(start_day-1))-IF((WEEKDAY($K$1,1)-(start_day-1))<=0,7,0)+(ROW(O7)-ROW($K$3))*7+(COLUMN(O7)-COLUMN($K$3)+1)),"",$K$1-(WEEKDAY($K$1,1)-(start_day-1))-IF((WEEKDAY($K$1,1)-(start_day-1))<=0,7,0)+(ROW(O7)-ROW($K$3))*7+(COLUMN(O7)-COLUMN($K$3)+1)) | P7: =IF(MONTH($K$1)<>MONTH($K$1-(WEEKDAY($K$1,1)-(start_day-1))-IF((WEEKDAY($K$1,1)-(start_day-1))<=0,7,0)+(ROW(P7)-ROW($K$3))*7+(COLUMN(P7)-COLUMN($K$3)+1)),"",$K$1-(WEEKDAY($K$1,1)-(start_day-1))-IF((WEEKDAY($K$1,1)-(start_day-1))<=0,7,0)+(ROW(P7)-ROW($K$3))*7+(COLUMN(P7)-COLUMN($K$3)+1)) | Q7: =IF(MONTH($K$1)<>MONTH($K$1-(WEEKDAY($K$1,1)-(start_day-1))-IF((WEEKDAY($K$1,1)-(start_day-1))<=0,7,0)+(ROW(Q7)-ROW($K$3))*7+(COLUMN(Q7)-COLUMN($K$3)+1)),"",$K$1-(WEEKDAY($K$1,1)-(start_day-1))-IF((WEEKDAY($K$1,1)-(start_day-1))<=0,7,0)+(ROW(Q7)-ROW($K$3))*7+(COLUMN(Q7)-COLUMN($K$3)+1)) | S7: =IF(MONTH($S$1)<>MONTH($S$1-(WEEKDAY($S$1,1)-(start_day-1))-IF((WEEKDAY($S$1,1)-(start_day-1))<=0,7,0)+(ROW(S7)-ROW($S$3))*7+(COLUMN(S7)-COLUMN($S$3)+1)),"",$S$1-(WEEKDAY($S$1,1)-(start_day-1))-IF((WEEKDAY($S$1,1)-(start_day-1))<=0,7,0)+(ROW(S7)-ROW($S$3))*7+(COLUMN(S7)-COLUMN($S$3)+1)) -> 46411 | T7: =IF(MONTH($S$1)<>MONTH($S$1-(WEEKDAY($S$1,1)-(start_day-1))-IF((WEEKDAY($S$1,1)-(start_day-1))<=0,7,0)+(ROW(T7)-ROW($S$3))*7+(COLUMN(T7)-COLUMN($S$3)+1)),"",$S$1-(WEEKDAY($S$1,1)-(start_day-1))-IF((WEEKDAY($S$1,1)-(start_day-1))<=0,7,0)+(ROW(T7)-ROW($S$3))*7+(COLUMN(T7)-COLUMN($S$3)+1)) -> 46412 | U7: =IF(MONTH($S$1)<>MONTH($S$1-(WEEKDAY($S$1,1)-(start_day-1))-IF((WEEKDAY($S$1,1)-(start_day-1))<=0,7,0)+(ROW(U7)-ROW($S$3))*7+(COLUMN(U7)-COLUMN($S$3)+1)),"",$S$1-(WEEKDAY($S$1,1)-(start_day-1))-IF((WEEKDAY($S$1,1)-(start_day-1))<=0,7,0)+(ROW(U7)-ROW($S$3))*7+(COLUMN(U7)-COLUMN($S$3)+1)) -> 46413 | V7: =IF(MONTH($S$1)<>MONTH($S$1-(WEEKDAY($S$1,1)-(start_day-1))-IF((WEEKDAY($S$1,1)-(start_day-1))<=0,7,0)+(ROW(V7)-ROW($S$3))*7+(COLUMN(V7)-COLUMN($S$3)+1)),"",$S$1-(WEEKDAY($S$1,1)-(start_day-1))-IF((WEEKDAY($S$1,1)-(start_day-1))<=0,7,0)+(ROW(V7)-ROW($S$3))*7+(COLUMN(V7)-COLUMN($S$3)+1)) -> 46414 | W7: =IF(MONTH($S$1)<>MONTH($S$1-(WEEKDAY($S$1,1)-(start_day-1))-IF((WEEKDAY($S$1,1)-(start_day-1))<=0,7,0)+(ROW(W7)-ROW($S$3))*7+(COLUMN(W7)-COLUMN($S$3)+1)),"",$S$1-(WEEKDAY($S$1,1)-(start_day-1))-IF((WEEKDAY($S$1,1)-(start_day-1))<=0,7,0)+(ROW(W7)-ROW($S$3))*7+(COLUMN(W7)-COLUMN($S$3)+1)) -> 46415 | X7: =IF(MONTH($S$1)<>MONTH($S$1-(WEEKDAY($S$1,1)-(start_day-1))-IF((WEEKDAY($S$1,1)-(start_day-1))<=0,7,0)+(ROW(X7)-ROW($S$3))*7+(COLUMN(X7)-COLUMN($S$3)+1)),"",$S$1-(WEEKDAY($S$1,1)-(start_day-1))-IF((WEEKDAY($S$1,1)-(start_day-1))<=0,7,0)+(ROW(X7)-ROW($S$3))*7+(COLUMN(X7)-COLUMN($S$3)+1)) -> 46416 | Y7: =IF(MONTH($S$1)<>MONTH($S$1-(WEEKDAY($S$1,1)-(start_day-1))-IF((WEEKDAY($S$1,1)-(start_day-1))<=0,7,0)+(ROW(Y7)-ROW($S$3))*7+(COLUMN(Y7)-COLUMN($S$3)+1)),"",$S$1-(WEEKDAY($S$1,1)-(start_day-1))-IF((WEEKDAY($S$1,1)-(start_day-1))<=0,7,0)+(ROW(Y7)-ROW($S$3))*7+(COLUMN(Y7)-COLUMN($S$3)+1)) -> 46417
K8: =IF(MONTH($K$1)<>MONTH($K$1-(WEEKDAY($K$1,1)-(start_day-1))-IF((WEEKDAY($K$1,1)-(start_day-1))<=0,7,0)+(ROW(K8)-ROW($K$3))*7+(COLUMN(K8)-COLUMN($K$3)+1)),"",$K$1-(WEEKDAY($K$1,1)-(start_day-1))-IF((WEEKDAY($K$1,1)-(start_day-1))<=0,7,0)+(ROW(K8)-ROW($K$3))*7+(COLUMN(K8)-COLUMN($K$3)+1)) | L8: =IF(MONTH($K$1)<>MONTH($K$1-(WEEKDAY($K$1,1)-(start_day-1))-IF((WEEKDAY($K$1,1)-(start_day-1))<=0,7,0)+(ROW(L8)-ROW($K$3))*7+(COLUMN(L8)-COLUMN($K$3)+1)),"",$K$1-(WEEKDAY($K$1,1)-(start_day-1))-IF((WEEKDAY($K$1,1)-(start_day-1))<=0,7,0)+(ROW(L8)-ROW($K$3))*7+(COLUMN(L8)-COLUMN($K$3)+1)) | M8: =IF(MONTH($K$1)<>MONTH($K$1-(WEEKDAY($K$1,1)-(start_day-1))-IF((WEEKDAY($K$1,1)-(start_day-1))<=0,7,0)+(ROW(M8)-ROW($K$3))*7+(COLUMN(M8)-COLUMN($K$3)+1)),"",$K$1-(WEEKDAY($K$1,1)-(start_day-1))-IF((WEEKDAY($K$1,1)-(start_day-1))<=0,7,0)+(ROW(M8)-ROW($K$3))*7+(COLUMN(M8)-COLUMN($K$3)+1)) | N8: =IF(MONTH($K$1)<>MONTH($K$1-(WEEKDAY($K$1,1)-(start_day-1))-IF((WEEKDAY($K$1,1)-(start_day-1))<=0,7,0)+(ROW(N8)-ROW($K$3))*7+(COLUMN(N8)-COLUMN($K$3)+1)),"",$K$1-(WEEKDAY($K$1,1)-(start_day-1))-IF((WEEKDAY($K$1,1)-(start_day-1))<=0,7,0)+(ROW(N8)-ROW($K$3))*7+(COLUMN(N8)-COLUMN($K$3)+1)) | O8: =IF(MONTH($K$1)<>MONTH($K$1-(WEEKDAY($K$1,1)-(start_day-1))-IF((WEEKDAY($K$1,1)-(start_day-1))<=0,7,0)+(ROW(O8)-ROW($K$3))*7+(COLUMN(O8)-COLUMN($K$3)+1)),"",$K$1-(WEEKDAY($K$1,1)-(start_day-1))-IF((WEEKDAY($K$1,1)-(start_day-1))<=0,7,0)+(ROW(O8)-ROW($K$3))*7+(COLUMN(O8)-COLUMN($K$3)+1)) | P8: =IF(MONTH($K$1)<>MONTH($K$1-(WEEKDAY($K$1,1)-(start_day-1))-IF((WEEKDAY($K$1,1)-(start_day-1))<=0,7,0)+(ROW(P8)-ROW($K$3))*7+(COLUMN(P8)-COLUMN($K$3)+1)),"",$K$1-(WEEKDAY($K$1,1)-(start_day-1))-IF((WEEKDAY($K$1,1)-(start_day-1))<=0,7,0)+(ROW(P8)-ROW($K$3))*7+(COLUMN(P8)-COLUMN($K$3)+1)) | Q8: =IF(MONTH($K$1)<>MONTH($K$1-(WEEKDAY($K$1,1)-(start_day-1))-IF((WEEKDAY($K$1,1)-(start_day-1))<=0,7,0)+(ROW(Q8)-ROW($K$3))*7+(COLUMN(Q8)-COLUMN($K$3)+1)),"",$K$1-(WEEKDAY($K$1,1)-(start_day-1))-IF((WEEKDAY($K$1,1)-(start_day-1))<=0,7,0)+(ROW(Q8)-ROW($K$3))*7+(COLUMN(Q8)-COLUMN($K$3)+1)) | S8: =IF(MONTH($S$1)<>MONTH($S$1-(WEEKDAY($S$1,1)-(start_day-1))-IF((WEEKDAY($S$1,1)-(start_day-1))<=0,7,0)+(ROW(S8)-ROW($S$3))*7+(COLUMN(S8)-COLUMN($S$3)+1)),"",$S$1-(WEEKDAY($S$1,1)-(start_day-1))-IF((WEEKDAY($S$1,1)-(start_day-1))<=0,7,0)+(ROW(S8)-ROW($S$3))*7+(COLUMN(S8)-COLUMN($S$3)+1)) -> 46418 | T8: =IF(MONTH($S$1)<>MONTH($S$1-(WEEKDAY($S$1,1)-(start_day-1))-IF((WEEKDAY($S$1,1)-(start_day-1))<=0,7,0)+(ROW(T8)-ROW($S$3))*7+(COLUMN(T8)-COLUMN($S$3)+1)),"",$S$1-(WEEKDAY($S$1,1)-(start_day-1))-IF((WEEKDAY($S$1,1)-(start_day-1))<=0,7,0)+(ROW(T8)-ROW($S$3))*7+(COLUMN(T8)-COLUMN($S$3)+1)) | U8: =IF(MONTH($S$1)<>MONTH($S$1-(WEEKDAY($S$1,1)-(start_day-1))-IF((WEEKDAY($S$1,1)-(start_day-1))<=0,7,0)+(ROW(U8)-ROW($S$3))*7+(COLUMN(U8)-COLUMN($S$3)+1)),"",$S$1-(WEEKDAY($S$1,1)-(start_day-1))-IF((WEEKDAY($S$1,1)-(start_day-1))<=0,7,0)+(ROW(U8)-ROW($S$3))*7+(COLUMN(U8)-COLUMN($S$3)+1)) | V8: =IF(MONTH($S$1)<>MONTH($S$1-(WEEKDAY($S$1,1)-(start_day-1))-IF((WEEKDAY($S$1,1)-(start_day-1))<=0,7,0)+(ROW(V8)-ROW($S$3))*7+(COLUMN(V8)-COLUMN($S$3)+1)),"",$S$1-(WEEKDAY($S$1,1)-(start_day-1))-IF((WEEKDAY($S$1,1)-(start_day-1))<=0,7,0)+(ROW(V8)-ROW($S$3))*7+(COLUMN(V8)-COLUMN($S$3)+1)) | W8: =IF(MONTH($S$1)<>MONTH($S$1-(WEEKDAY($S$1,1)-(start_day-1))-IF((WEEKDAY($S$1,1)-(start_day-1))<=0,7,0)+(ROW(W8)-ROW($S$3))*7+(COLUMN(W8)-COLUMN($S$3)+1)),"",$S$1-(WEEKDAY($S$1,1)-(start_day-1))-IF((WEEKDAY($S$1,1)-(start_day-1))<=0,7,0)+(ROW(W8)-ROW($S$3))*7+(COLUMN(W8)-COLUMN($S$3)+1)) | X8: =IF(MONTH($S$1)<>MONTH($S$1-(WEEKDAY($S$1,1)-(start_day-1))-IF((WEEKDAY($S$1,1)-(start_day-1))<=0,7,0)+(ROW(X8)-ROW($S$3))*7+(COLUMN(X8)-COLUMN($S$3)+1)),"",$S$1-(WEEKDAY($S$1,1)-(start_day-1))-IF((WEEKDAY($S$1,1)-(start_day-1))<=0,7,0)+(ROW(X8)-ROW($S$3))*7+(COLUMN(X8)-COLUMN($S$3)+1)) | Y8: =IF(MONTH($S$1)<>MONTH($S$1-(WEEKDAY($S$1,1)-(start_day-1))-IF((WEEKDAY($S$1,1)-(start_day-1))<=0,7,0)+(ROW(Y8)-ROW($S$3))*7+(COLUMN(Y8)-COLUMN($S$3)+1)),"",$S$1-(WEEKDAY($S$1,1)-(start_day-1))-IF((WEEKDAY($S$1,1)-(start_day-1))<=0,7,0)+(ROW(Y8)-ROW($S$3))*7+(COLUMN(Y8)-COLUMN($S$3)+1))
A9: =A10 -> 46355 | C9: =C10 -> 46356 | E9: =E10 -> 46357 | G9: =G10 -> 46358 | I9: =I10 -> 46359 | K9: =K10 -> 46360 | S9: =S10 -> 46361
A10: =$A$1-(WEEKDAY($A$1,1)-(start_day-1))-IF((WEEKDAY($A$1,1)-(start_day-1))<=0,7,0)+1 -> 46355 | C10: =A10+1 -> 46356 | E10: =C10+1 -> 46357 | G10: =E10+1 -> 46358 | I10: =G10+1 -> 46359 | K10: =I10+1 -> 46360 | S10: =K10+1 -> 46361
A11: Morning
A13: Afternoon
A15: Evening
A16: =S10+1 -> 46362 | C16: =A16+1 -> 46363 | E16: =C16+1 -> 46364 | G16: =E16+1 -> 46365 | I16: =G16+1 -> 46366 | K16: =I16+1 -> 46367 | S16: =K16+1 -> 46368
A17: Morning | I17: KISD (CHS)
A19: Afternoon
A21: Evening
A22: =S16+1 -> 46369 | C22: =A22+1 -> 46370 | E22: =C22+1 -> 46371 | G22: =E22+1 -> 46372 | I22: =G22+1 -> 46373 | K22: =I22+1 -> 46374 | S22: =K22+1 -> 46375
A23: Morning
A25: Afternoon
A27: Evening
A28: =S22+1 -> 46376 | C28: =A28+1 -> 46377 | E28: =C28+1 -> 46378 | G28: =E28+1 -> 46379 | I28: =G28+1 -> 46380 | K28: =I28+1 -> 46381 | S28: =K28+1 -> 46382
A29: Morning | C29: HOLIDAY | E29: HOLIDAY | G29: HOLIDAY | I29: HOLIDAY | K29: HOLIDAY | S29: HOLIDAY
A31: Afternoon
A33: Evening
A34: =S28+1 -> 46383 | C34: =A34+1 -> 46384 | E34: =C34+1 -> 46385 | G34: =E34+1 -> 46386 | I34: =G34+1 -> 46387 | K34: =I34+1 -> 46388 | S34: =K34+1 -> 46389
A35: Morning | C35: HOLIDAY | E35: HOLIDAY | G35: HOLIDAY | I35: HOLIDAY | K35: HOLIDAY | S35: HOLIDAY
A37: Afternoon
A39: Evening
A40: =S34+1 -> 46390 | C40: =A40+1 -> 46391 | E40: Notes
K44: Calendar Templates by Vertex42
K45: https://www.vertex42.com/calendars/

Sheet Jan
A1: =DATE(Aug!AD18,Aug!AD20+5,1) -> 46388 | K1: =DATE(YEAR(A1),MONTH(A1)-1,1) -> 46357 | S1: =DATE(YEAR(A1),MONTH(A1)+1,1) -> 46419
K2: =INDEX({"S";"M";"T";"W";"T";"F";"S"},1+MOD(start_day+1-2,7)) -> S | L2: =INDEX({"S";"M";"T";"W";"T";"F";"S"},1+MOD(start_day+2-2,7)) -> M | M2: =INDEX({"S";"M";"T";"W";"T";"F";"S"},1+MOD(start_day+3-2,7)) -> T | N2: =INDEX({"S";"M";"T";"W";"T";"F";"S"},1+MOD(start_day+4-2,7)) -> W | O2: =INDEX({"S";"M";"T";"W";"T";"F";"S"},1+MOD(start_day+5-2,7)) -> T | P2: =INDEX({"S";"M";"T";"W";"T";"F";"S"},1+MOD(start_day+6-2,7)) -> F | Q2: =INDEX({"S";"M";"T";"W";"T";"F";"S"},1+MOD(start_day+7-2,7)) -> S | S2: =INDEX({"S";"M";"T";"W";"T";"F";"S"},1+MOD(start_day+1-2,7)) -> S | T2: =INDEX({"S";"M";"T";"W";"T";"F";"S"},1+MOD(start_day+2-2,7)) -> M | U2: =INDEX({"S";"M";"T";"W";"T";"F";"S"},1+MOD(start_day+3-2,7)) -> T | V2: =INDEX({"S";"M";"T";"W";"T";"F";"S"},1+MOD(start_day+4-2,7)) -> W | W2: =INDEX({"S";"M";"T";"W";"T";"F";"S"},1+MOD(start_day+5-2,7)) -> T | X2: =INDEX({"S";"M";"T";"W";"T";"F";"S"},1+MOD(start_day+6-2,7)) -> F | Y2: =INDEX({"S";"M";"T";"W";"T";"F";"S"},1+MOD(start_day+7-2,7)) -> S
K3: =IF(MONTH($K$1)<>MONTH($K$1-(WEEKDAY($K$1,1)-(start_day-1))-IF((WEEKDAY($K$1,1)-(start_day-1))<=0,7,0)+(ROW(K3)-ROW($K$3))*7+(COLUMN(K3)-COLUMN($K$3)+1)),"",$K$1-(WEEKDAY($K$1,1)-(start_day-1))-IF((WEEKDAY($K$1,1)-(start_day-1))<=0,7,0)+(ROW(K3)-ROW($K$3))*7+(COLUMN(K3)-COLUMN($K$3)+1)) | L3: =IF(MONTH($K$1)<>MONTH($K$1-(WEEKDAY($K$1,1)-(start_day-1))-IF((WEEKDAY($K$1,1)-(start_day-1))<=0,7,0)+(ROW(L3)-ROW($K$3))*7+(COLUMN(L3)-COLUMN($K$3)+1)),"",$K$1-(WEEKDAY($K$1,1)-(start_day-1))-IF((WEEKDAY($K$1,1)-(start_day-1))<=0,7,0)+(ROW(L3)-ROW($K$3))*7+(COLUMN(L3)-COLUMN($K$3)+1)) | M3: =IF(MONTH($K$1)<>MONTH($K$1-(WEEKDAY($K$1,1)-(start_day-1))-IF((WEEKDAY($K$1,1)-(start_day-1))<=0,7,0)+(ROW(M3)-ROW($K$3))*7+(COLUMN(M3)-COLUMN($K$3)+1)),"",$K$1-(WEEKDAY($K$1,1)-(start_day-1))-IF((WEEKDAY($K$1,1)-(start_day-1))<=0,7,0)+(ROW(M3)-ROW($K$3))*7+(COLUMN(M3)-COLUMN($K$3)+1)) -> 46357 | N3: =IF(MONTH($K$1)<>MONTH($K$1-(WEEKDAY($K$1,1)-(start_day-1))-IF((WEEKDAY($K$1,1)-(start_day-1))<=0,7,0)+(ROW(N3)-ROW($K$3))*7+(COLUMN(N3)-COLUMN($K$3)+1)),"",$K$1-(WEEKDAY($K$1,1)-(start_day-1))-IF((WEEKDAY($K$1,1)-(start_day-1))<=0,7,0)+(ROW(N3)-ROW($K$3))*7+(COLUMN(N3)-COLUMN($K$3)+1)) -> 46358 | O3: =IF(MONTH($K$1)<>MONTH($K$1-(WEEKDAY($K$1,1)-(start_day-1))-IF((WEEKDAY($K$1,1)-(start_day-1))<=0,7,0)+(ROW(O3)-ROW($K$3))*7+(COLUMN(O3)-COLUMN($K$3)+1)),"",$K$1-(WEEKDAY($K$1,1)-(start_day-1))-IF((WEEKDAY($K$1,1)-(start_day-1))<=0,7,0)+(ROW(O3)-ROW($K$3))*7+(COLUMN(O3)-COLUMN($K$3)+1)) -> 46359 | P3: =IF(MONTH($K$1)<>MONTH($K$1-(WEEKDAY($K$1,1)-(start_day-1))-IF((WEEKDAY($K$1,1)-(start_day-1))<=0,7,0)+(ROW(P3)-ROW($K$3))*7+(COLUMN(P3)-COLUMN($K$3)+1)),"",$K$1-(WEEKDAY($K$1,1)-(start_day-1))-IF((WEEKDAY($K$1,1)-(start_day-1))<=0,7,0)+(ROW(P3)-ROW($K$3))*7+(COLUMN(P3)-COLUMN($K$3)+1)) -> 46360 | Q3: =IF(MONTH($K$1)<>MONTH($K$1-(WEEKDAY($K$1,1)-(start_day-1))-IF((WEEKDAY($K$1,1)-(start_day-1))<=0,7,0)+(ROW(Q3)-ROW($K$3))*7+(COLUMN(Q3)-COLUMN($K$3)+1)),"",$K$1-(WEEKDAY($K$1,1)-(start_day-1))-IF((WEEKDAY($K$1,1)-(start_day-1))<=0,7,0)+(ROW(Q3)-ROW($K$3))*7+(COLUMN(Q3)-COLUMN($K$3)+1)) -> 46361 | S3: =IF(MONTH($S$1)<>MONTH($S$1-(WEEKDAY($S$1,1)-(start_day-1))-IF((WEEKDAY($S$1,1)-(start_day-1))<=0,7,0)+(ROW(S3)-ROW($S$3))*7+(COLUMN(S3)-COLUMN($S$3)+1)),"",$S$1-(WEEKDAY($S$1,1)-(start_day-1))-IF((WEEKDAY($S$1,1)-(start_day-1))<=0,7,0)+(ROW(S3)-ROW($S$3))*7+(COLUMN(S3)-COLUMN($S$3)+1)) | T3: =IF(MONTH($S$1)<>MONTH($S$1-(WEEKDAY($S$1,1)-(start_day-1))-IF((WEEKDAY($S$1,1)-(start_day-1))<=0,7,0)+(ROW(T3)-ROW($S$3))*7+(COLUMN(T3)-COLUMN($S$3)+1)),"",$S$1-(WEEKDAY($S$1,1)-(start_day-1))-IF((WEEKDAY($S$1,1)-(start_day-1))<=0,7,0)+(ROW(T3)-ROW($S$3))*7+(COLUMN(T3)-COLUMN($S$3)+1)) -> 46419 | U3: =IF(MONTH($S$1)<>MONTH($S$1-(WEEKDAY($S$1,1)-(start_day-1))-IF((WEEKDAY($S$1,1)-(start_day-1))<=0,7,0)+(ROW(U3)-ROW($S$3))*7+(COLUMN(U3)-COLUMN($S$3)+1)),"",$S$1-(WEEKDAY($S$1,1)-(start_day-1))-IF((WEEKDAY($S$1,1)-(start_day-1))<=0,7,0)+(ROW(U3)-ROW($S$3))*7+(COLUMN(U3)-COLUMN($S$3)+1)) -> 46420 | V3: =IF(MONTH($S$1)<>MONTH($S$1-(WEEKDAY($S$1,1)-(start_day-1))-IF((WEEKDAY($S$1,1)-(start_day-1))<=0,7,0)+(ROW(V3)-ROW($S$3))*7+(COLUMN(V3)-COLUMN($S$3)+1)),"",$S$1-(WEEKDAY($S$1,1)-(start_day-1))-IF((WEEKDAY($S$1,1)-(start_day-1))<=0,7,0)+(ROW(V3)-ROW($S$3))*7+(COLUMN(V3)-COLUMN($S$3)+1)) -> 46421 | W3: =IF(MONTH($S$1)<>MONTH($S$1-(WEEKDAY($S$1,1)-(start_day-1))-IF((WEEKDAY($S$1,1)-(start_day-1))<=0,7,0)+(ROW(W3)-ROW($S$3))*7+(COLUMN(W3)-COLUMN($S$3)+1)),"",$S$1-(WEEKDAY($S$1,1)-(start_day-1))-IF((WEEKDAY($S$1,1)-(start_day-1))<=0,7,0)+(ROW(W3)-ROW($S$3))*7+(COLUMN(W3)-COLUMN($S$3)+1)) -> 46422 | X3: =IF(MONTH($S$1)<>MONTH($S$1-(WEEKDAY($S$1,1)-(start_day-1))-IF((WEEKDAY($S$1,1)-(start_day-1))<=0,7,0)+(ROW(X3)-ROW($S$3))*7+(COLUMN(X3)-COLUMN($S$3)+1)),"",$S$1-(WEEKDAY($S$1,1)-(start_day-1))-IF((WEEKDAY($S$1,1)-(start_day-1))<=0,7,0)+(ROW(X3)-ROW($S$3))*7+(COLUMN(X3)-COLUMN($S$3)+1)) -> 46423 | Y3: =IF(MONTH($S$1)<>MONTH($S$1-(WEEKDAY($S$1,1)-(start_day-1))-IF((WEEKDAY($S$1,1)-(start_day-1))<=0,7,0)+(ROW(Y3)-ROW($S$3))*7+(COLUMN(Y3)-COLUMN($S$3)+1)),"",$S$1-(WEEKDAY($S$1,1)-(start_day-1))-IF((WEEKDAY($S$1,1)-(start_day-1))<=0,7,0)+(ROW(Y3)-ROW($S$3))*7+(COLUMN(Y3)-COLUMN($S$3)+1)) -> 46424
J4: Unavailable | K4: =IF(MONTH($K$1)<>MONTH($K$1-(WEEKDAY($K$1,1)-(start_day-1))-IF((WEEKDAY($K$1,1)-(start_day-1))<=0,7,0)+(ROW(K4)-ROW($K$3))*7+(COLUMN(K4)-COLUMN($K$3)+1)),"",$K$1-(WEEKDAY($K$1,1)-(start_day-1))-IF((WEEKDAY($K$1,1)-(start_day-1))<=0,7,0)+(ROW(K4)-ROW($K$3))*7+(COLUMN(K4)-COLUMN($K$3)+1)) -> 46362 | L4: =IF(MONTH($K$1)<>MONTH($K$1-(WEEKDAY($K$1,1)-(start_day-1))-IF((WEEKDAY($K$1,1)-(start_day-1))<=0,7,0)+(ROW(L4)-ROW($K$3))*7+(COLUMN(L4)-COLUMN($K$3)+1)),"",$K$1-(WEEKDAY($K$1,1)-(start_day-1))-IF((WEEKDAY($K$1,1)-(start_day-1))<=0,7,0)+(ROW(L4)-ROW($K$3))*7+(COLUMN(L4)-COLUMN($K$3)+1)) -> 46363 | M4: =IF(MONTH($K$1)<>MONTH($K$1-(WEEKDAY($K$1,1)-(start_day-1))-IF((WEEKDAY($K$1,1)-(start_day-1))<=0,7,0)+(ROW(M4)-ROW($K$3))*7+(COLUMN(M4)-COLUMN($K$3)+1)),"",$K$1-(WEEKDAY($K$1,1)-(start_day-1))-IF((WEEKDAY($K$1,1)-(start_day-1))<=0,7,0)+(ROW(M4)-ROW($K$3))*7+(COLUMN(M4)-COLUMN($K$3)+1)) -> 46364 | N4: =IF(MONTH($K$1)<>MONTH($K$1-(WEEKDAY($K$1,1)-(start_day-1))-IF((WEEKDAY($K$1,1)-(start_day-1))<=0,7,0)+(ROW(N4)-ROW($K$3))*7+(COLUMN(N4)-COLUMN($K$3)+1)),"",$K$1-(WEEKDAY($K$1,1)-(start_day-1))-IF((WEEKDAY($K$1,1)-(start_day-1))<=0,7,0)+(ROW(N4)-ROW($K$3))*7+(COLUMN(N4)-COLUMN($K$3)+1)) -> 46365 | O4: =IF(MONTH($K$1)<>MONTH($K$1-(WEEKDAY($K$1,1)-(start_day-1))-IF((WEEKDAY($K$1,1)-(start_day-1))<=0,7,0)+(ROW(O4)-ROW($K$3))*7+(COLUMN(O4)-COLUMN($K$3)+1)),"",$K$1-(WEEKDAY($K$1,1)-(start_day-1))-IF((WEEKDAY($K$1,1)-(start_day-1))<=0,7,0)+(ROW(O4)-ROW($K$3))*7+(COLUMN(O4)-COLUMN($K$3)+1)) -> 46366 | P4: =IF(MONTH($K$1)<>MONTH($K$1-(WEEKDAY($K$1,1)-(start_day-1))-IF((WEEKDAY($K$1,1)-(start_day-1))<=0,7,0)+(ROW(P4)-ROW($K$3))*7+(COLUMN(P4)-COLUMN($K$3)+1)),"",$K$1-(WEEKDAY($K$1,1)-(start_day-1))-IF((WEEKDAY($K$1,1)-(start_day-1))<=0,7,0)+(ROW(P4)-ROW($K$3))*7+(COLUMN(P4)-COLUMN($K$3)+1)) -> 46367 | Q4: =IF(MONTH($K$1)<>MONTH($K$1-(WEEKDAY($K$1,1)-(start_day-1))-IF((WEEKDAY($K$1,1)-(start_day-1))<=0,7,0)+(ROW(Q4)-ROW($K$3))*7+(COLUMN(Q4)-COLUMN($K$3)+1)),"",$K$1-(WEEKDAY($K$1,1)-(start_day-1))-IF((WEEKDAY($K$1,1)-(start_day-1))<=0,7,0)+(ROW(Q4)-ROW($K$3))*7+(COLUMN(Q4)-COLUMN($K$3)+1)) -> 46368 | S4: =IF(MONTH($S$1)<>MONTH($S$1-(WEEKDAY($S$1,1)-(start_day-1))-IF((WEEKDAY($S$1,1)-(start_day-1))<=0,7,0)+(ROW(S4)-ROW($S$3))*7+(COLUMN(S4)-COLUMN($S$3)+1)),"",$S$1-(WEEKDAY($S$1,1)-(start_day-1))-IF((WEEKDAY($S$1,1)-(start_day-1))<=0,7,0)+(ROW(S4)-ROW($S$3))*7+(COLUMN(S4)-COLUMN($S$3)+1)) -> 46425 | T4: =IF(MONTH($S$1)<>MONTH($S$1-(WEEKDAY($S$1,1)-(start_day-1))-IF((WEEKDAY($S$1,1)-(start_day-1))<=0,7,0)+(ROW(T4)-ROW($S$3))*7+(COLUMN(T4)-COLUMN($S$3)+1)),"",$S$1-(WEEKDAY($S$1,1)-(start_day-1))-IF((WEEKDAY($S$1,1)-(start_day-1))<=0,7,0)+(ROW(T4)-ROW($S$3))*7+(COLUMN(T4)-COLUMN($S$3)+1)) -> 46426 | U4: =IF(MONTH($S$1)<>MONTH($S$1-(WEEKDAY($S$1,1)-(start_day-1))-IF((WEEKDAY($S$1,1)-(start_day-1))<=0,7,0)+(ROW(U4)-ROW($S$3))*7+(COLUMN(U4)-COLUMN($S$3)+1)),"",$S$1-(WEEKDAY($S$1,1)-(start_day-1))-IF((WEEKDAY($S$1,1)-(start_day-1))<=0,7,0)+(ROW(U4)-ROW($S$3))*7+(COLUMN(U4)-COLUMN($S$3)+1)) -> 46427 | V4: =IF(MONTH($S$1)<>MONTH($S$1-(WEEKDAY($S$1,1)-(start_day-1))-IF((WEEKDAY($S$1,1)-(start_day-1))<=0,7,0)+(ROW(V4)-ROW($S$3))*7+(COLUMN(V4)-COLUMN($S$3)+1)),"",$S$1-(WEEKDAY($S$1,1)-(start_day-1))-IF((WEEKDAY($S$1,1)-(start_day-1))<=0,7,0)+(ROW(V4)-ROW($S$3))*7+(COLUMN(V4)-COLUMN($S$3)+1)) -> 46428 | W4: =IF(MONTH($S$1)<>MONTH($S$1-(WEEKDAY($S$1,1)-(start_day-1))-IF((WEEKDAY($S$1,1)-(start_day-1))<=0,7,0)+(ROW(W4)-ROW($S$3))*7+(COLUMN(W4)-COLUMN($S$3)+1)),"",$S$1-(WEEKDAY($S$1,1)-(start_day-1))-IF((WEEKDAY($S$1,1)-(start_day-1))<=0,7,0)+(ROW(W4)-ROW($S$3))*7+(COLUMN(W4)-COLUMN($S$3)+1)) -> 46429 | X4: =IF(MONTH($S$1)<>MONTH($S$1-(WEEKDAY($S$1,1)-(start_day-1))-IF((WEEKDAY($S$1,1)-(start_day-1))<=0,7,0)+(ROW(X4)-ROW($S$3))*7+(COLUMN(X4)-COLUMN($S$3)+1)),"",$S$1-(WEEKDAY($S$1,1)-(start_day-1))-IF((WEEKDAY($S$1,1)-(start_day-1))<=0,7,0)+(ROW(X4)-ROW($S$3))*7+(COLUMN(X4)-COLUMN($S$3)+1)) -> 46430 | Y4: =IF(MONTH($S$1)<>MONTH($S$1-(WEEKDAY($S$1,1)-(start_day-1))-IF((WEEKDAY($S$1,1)-(start_day-1))<=0,7,0)+(ROW(Y4)-ROW($S$3))*7+(COLUMN(Y4)-COLUMN($S$3)+1)),"",$S$1-(WEEKDAY($S$1,1)-(start_day-1))-IF((WEEKDAY($S$1,1)-(start_day-1))<=0,7,0)+(ROW(Y4)-ROW($S$3))*7+(COLUMN(Y4)-COLUMN($S$3)+1)) -> 46431
K5: =IF(MONTH($K$1)<>MONTH($K$1-(WEEKDAY($K$1,1)-(start_day-1))-IF((WEEKDAY($K$1,1)-(start_day-1))<=0,7,0)+(ROW(K5)-ROW($K$3))*7+(COLUMN(K5)-COLUMN($K$3)+1)),"",$K$1-(WEEKDAY($K$1,1)-(start_day-1))-IF((WEEKDAY($K$1,1)-(start_day-1))<=0,7,0)+(ROW(K5)-ROW($K$3))*7+(COLUMN(K5)-COLUMN($K$3)+1)) -> 46369 | L5: =IF(MONTH($K$1)<>MONTH($K$1-(WEEKDAY($K$1,1)-(start_day-1))-IF((WEEKDAY($K$1,1)-(start_day-1))<=0,7,0)+(ROW(L5)-ROW($K$3))*7+(COLUMN(L5)-COLUMN($K$3)+1)),"",$K$1-(WEEKDAY($K$1,1)-(start_day-1))-IF((WEEKDAY($K$1,1)-(start_day-1))<=0,7,0)+(ROW(L5)-ROW($K$3))*7+(COLUMN(L5)-COLUMN($K$3)+1)) -> 46370 | M5: =IF(MONTH($K$1)<>MONTH($K$1-(WEEKDAY($K$1,1)-(start_day-1))-IF((WEEKDAY($K$1,1)-(start_day-1))<=0,7,0)+(ROW(M5)-ROW($K$3))*7+(COLUMN(M5)-COLUMN($K$3)+1)),"",$K$1-(WEEKDAY($K$1,1)-(start_day-1))-IF((WEEKDAY($K$1,1)-(start_day-1))<=0,7,0)+(ROW(M5)-ROW($K$3))*7+(COLUMN(M5)-COLUMN($K$3)+1)) -> 46371 | N5: =IF(MONTH($K$1)<>MONTH($K$1-(WEEKDAY($K$1,1)-(start_day-1))-IF((WEEKDAY($K$1,1)-(start_day-1))<=0,7,0)+(ROW(N5)-ROW($K$3))*7+(COLUMN(N5)-COLUMN($K$3)+1)),"",$K$1-(WEEKDAY($K$1,1)-(start_day-1))-IF((WEEKDAY($K$1,1)-(start_day-1))<=0,7,0)+(ROW(N5)-ROW($K$3))*7+(COLUMN(N5)-COLUMN($K$3)+1)) -> 46372 | O5: =IF(MONTH($K$1)<>MONTH($K$1-(WEEKDAY($K$1,1)-(start_day-1))-IF((WEEKDAY($K$1,1)-(start_day-1))<=0,7,0)+(ROW(O5)-ROW($K$3))*7+(COLUMN(O5)-COLUMN($K$3)+1)),"",$K$1-(WEEKDAY($K$1,1)-(start_day-1))-IF((WEEKDAY($K$1,1)-(start_day-1))<=0,7,0)+(ROW(O5)-ROW($K$3))*7+(COLUMN(O5)-COLUMN($K$3)+1)) -> 46373 | P5: =IF(MONTH($K$1)<>MONTH($K$1-(WEEKDAY($K$1,1)-(start_day-1))-IF((WEEKDAY($K$1,1)-(start_day-1))<=0,7,0)+(ROW(P5)-ROW($K$3))*7+(COLUMN(P5)-COLUMN($K$3)+1)),"",$K$1-(WEEKDAY($K$1,1)-(start_day-1))-IF((WEEKDAY($K$1,1)-(start_day-1))<=0,7,0)+(ROW(P5)-ROW($K$3))*7+(COLUMN(P5)-COLUMN($K$3)+1)) -> 46374 | Q5: =IF(MONTH($K$1)<>MONTH($K$1-(WEEKDAY($K$1,1)-(start_day-1))-IF((WEEKDAY($K$1,1)-(start_day-1))<=0,7,0)+(ROW(Q5)-ROW($K$3))*7+(COLUMN(Q5)-COLUMN($K$3)+1)),"",$K$1-(WEEKDAY($K$1,1)-(start_day-1))-IF((WEEKDAY($K$1,1)-(start_day-1))<=0,7,0)+(ROW(Q5)-ROW($K$3))*7+(COLUMN(Q5)-COLUMN($K$3)+1)) -> 46375 | S5: =IF(MONTH($S$1)<>MONTH($S$1-(WEEKDAY($S$1,1)-(start_day-1))-IF((WEEKDAY($S$1,1)-(start_day-1))<=0,7,0)+(ROW(S5)-ROW($S$3))*7+(COLUMN(S5)-COLUMN($S$3)+1)),"",$S$1-(WEEKDAY($S$1,1)-(start_day-1))-IF((WEEKDAY($S$1,1)-(start_day-1))<=0,7,0)+(ROW(S5)-ROW($S$3))*7+(COLUMN(S5)-COLUMN($S$3)+1)) -> 46432 | T5: =IF(MONTH($S$1)<>MONTH($S$1-(WEEKDAY($S$1,1)-(start_day-1))-IF((WEEKDAY($S$1,1)-(start_day-1))<=0,7,0)+(ROW(T5)-ROW($S$3))*7+(COLUMN(T5)-COLUMN($S$3)+1)),"",$S$1-(WEEKDAY($S$1,1)-(start_day-1))-IF((WEEKDAY($S$1,1)-(start_day-1))<=0,7,0)+(ROW(T5)-ROW($S$3))*7+(COLUMN(T5)-COLUMN($S$3)+1)) -> 46433 | U5: =IF(MONTH($S$1)<>MONTH($S$1-(WEEKDAY($S$1,1)-(start_day-1))-IF((WEEKDAY($S$1,1)-(start_day-1))<=0,7,0)+(ROW(U5)-ROW($S$3))*7+(COLUMN(U5)-COLUMN($S$3)+1)),"",$S$1-(WEEKDAY($S$1,1)-(start_day-1))-IF((WEEKDAY($S$1,1)-(start_day-1))<=0,7,0)+(ROW(U5)-ROW($S$3))*7+(COLUMN(U5)-COLUMN($S$3)+1)) -> 46434 | V5: =IF(MONTH($S$1)<>MONTH($S$1-(WEEKDAY($S$1,1)-(start_day-1))-IF((WEEKDAY($S$1,1)-(start_day-1))<=0,7,0)+(ROW(V5)-ROW($S$3))*7+(COLUMN(V5)-COLUMN($S$3)+1)),"",$S$1-(WEEKDAY($S$1,1)-(start_day-1))-IF((WEEKDAY($S$1,1)-(start_day-1))<=0,7,0)+(ROW(V5)-ROW($S$3))*7+(COLUMN(V5)-COLUMN($S$3)+1)) -> 46435 | W5: =IF(MONTH($S$1)<>MONTH($S$1-(WEEKDAY($S$1,1)-(start_day-1))-IF((WEEKDAY($S$1,1)-(start_day-1))<=0,7,0)+(ROW(W5)-ROW($S$3))*7+(COLUMN(W5)-COLUMN($S$3)+1)),"",$S$1-(WEEKDAY($S$1,1)-(start_day-1))-IF((WEEKDAY($S$1,1)-(start_day-1))<=0,7,0)+(ROW(W5)-ROW($S$3))*7+(COLUMN(W5)-COLUMN($S$3)+1)) -> 46436 | X5: =IF(MONTH($S$1)<>MONTH($S$1-(WEEKDAY($S$1,1)-(start_day-1))-IF((WEEKDAY($S$1,1)-(start_day-1))<=0,7,0)+(ROW(X5)-ROW($S$3))*7+(COLUMN(X5)-COLUMN($S$3)+1)),"",$S$1-(WEEKDAY($S$1,1)-(start_day-1))-IF((WEEKDAY($S$1,1)-(start_day-1))<=0,7,0)+(ROW(X5)-ROW($S$3))*7+(COLUMN(X5)-COLUMN($S$3)+1)) -> 46437 | Y5: =IF(MONTH($S$1)<>MONTH($S$1-(WEEKDAY($S$1,1)-(start_day-1))-IF((WEEKDAY($S$1,1)-(start_day-1))<=0,7,0)+(ROW(Y5)-ROW($S$3))*7+(COLUMN(Y5)-COLUMN($S$3)+1)),"",$S$1-(WEEKDAY($S$1,1)-(start_day-1))-IF((WEEKDAY($S$1,1)-(start_day-1))<=0,7,0)+(ROW(Y5)-ROW($S$3))*7+(COLUMN(Y5)-COLUMN($S$3)+1)) -> 46438
K6: =IF(MONTH($K$1)<>MONTH($K$1-(WEEKDAY($K$1,1)-(start_day-1))-IF((WEEKDAY($K$1,1)-(start_day-1))<=0,7,0)+(ROW(K6)-ROW($K$3))*7+(COLUMN(K6)-COLUMN($K$3)+1)),"",$K$1-(WEEKDAY($K$1,1)-(start_day-1))-IF((WEEKDAY($K$1,1)-(start_day-1))<=0,7,0)+(ROW(K6)-ROW($K$3))*7+(COLUMN(K6)-COLUMN($K$3)+1)) -> 46376 | L6: =IF(MONTH($K$1)<>MONTH($K$1-(WEEKDAY($K$1,1)-(start_day-1))-IF((WEEKDAY($K$1,1)-(start_day-1))<=0,7,0)+(ROW(L6)-ROW($K$3))*7+(COLUMN(L6)-COLUMN($K$3)+1)),"",$K$1-(WEEKDAY($K$1,1)-(start_day-1))-IF((WEEKDAY($K$1,1)-(start_day-1))<=0,7,0)+(ROW(L6)-ROW($K$3))*7+(COLUMN(L6)-COLUMN($K$3)+1)) -> 46377 | M6: =IF(MONTH($K$1)<>MONTH($K$1-(WEEKDAY($K$1,1)-(start_day-1))-IF((WEEKDAY($K$1,1)-(start_day-1))<=0,7,0)+(ROW(M6)-ROW($K$3))*7+(COLUMN(M6)-COLUMN($K$3)+1)),"",$K$1-(WEEKDAY($K$1,1)-(start_day-1))-IF((WEEKDAY($K$1,1)-(start_day-1))<=0,7,0)+(ROW(M6)-ROW($K$3))*7+(COLUMN(M6)-COLUMN($K$3)+1)) -> 46378 | N6: =IF(MONTH($K$1)<>MONTH($K$1-(WEEKDAY($K$1,1)-(start_day-1))-IF((WEEKDAY($K$1,1)-(start_day-1))<=0,7,0)+(ROW(N6)-ROW($K$3))*7+(COLUMN(N6)-COLUMN($K$3)+1)),"",$K$1-(WEEKDAY($K$1,1)-(start_day-1))-IF((WEEKDAY($K$1,1)-(start_day-1))<=0,7,0)+(ROW(N6)-ROW($K$3))*7+(COLUMN(N6)-COLUMN($K$3)+1)) -> 46379 | O6: =IF(MONTH($K$1)<>MONTH($K$1-(WEEKDAY($K$1,1)-(start_day-1))-IF((WEEKDAY($K$1,1)-(start_day-1))<=0,7,0)+(ROW(O6)-ROW($K$3))*7+(COLUMN(O6)-COLUMN($K$3)+1)),"",$K$1-(WEEKDAY($K$1,1)-(start_day-1))-IF((WEEKDAY($K$1,1)-(start_day-1))<=0,7,0)+(ROW(O6)-ROW($K$3))*7+(COLUMN(O6)-COLUMN($K$3)+1)) -> 46380 | P6: =IF(MONTH($K$1)<>MONTH($K$1-(WEEKDAY($K$1,1)-(start_day-1))-IF((WEEKDAY($K$1,1)-(start_day-1))<=0,7,0)+(ROW(P6)-ROW($K$3))*7+(COLUMN(P6)-COLUMN($K$3)+1)),"",$K$1-(WEEKDAY($K$1,1)-(start_day-1))-IF((WEEKDAY($K$1,1)-(start_day-1))<=0,7,0)+(ROW(P6)-ROW($K$3))*7+(COLUMN(P6)-COLUMN($K$3)+1)) -> 46381 | Q6: =IF(MONTH($K$1)<>MONTH($K$1-(WEEKDAY($K$1,1)-(start_day-1))-IF((WEEKDAY($K$1,1)-(start_day-1))<=0,7,0)+(ROW(Q6)-ROW($K$3))*7+(COLUMN(Q6)-COLUMN($K$3)+1)),"",$K$1-(WEEKDAY($K$1,1)-(start_day-1))-IF((WEEKDAY($K$1,1)-(start_day-1))<=0,7,0)+(ROW(Q6)-ROW($K$3))*7+(COLUMN(Q6)-COLUMN($K$3)+1)) -> 46382 | S6: =IF(MONTH($S$1)<>MONTH($S$1-(WEEKDAY($S$1,1)-(start_day-1))-IF((WEEKDAY($S$1,1)-(start_day-1))<=0,7,0)+(ROW(S6)-ROW($S$3))*7+(COLUMN(S6)-COLUMN($S$3)+1)),"",$S$1-(WEEKDAY($S$1,1)-(start_day-1))-IF((WEEKDAY($S$1,1)-(start_day-1))<=0,7,0)+(ROW(S6)-ROW($S$3))*7+(COLUMN(S6)-COLUMN($S$3)+1)) -> 46439 | T6: =IF(MONTH($S$1)<>MONTH($S$1-(WEEKDAY($S$1,1)-(start_day-1))-IF((WEEKDAY($S$1,1)-(start_day-1))<=0,7,0)+(ROW(T6)-ROW($S$3))*7+(COLUMN(T6)-COLUMN($S$3)+1)),"",$S$1-(WEEKDAY($S$1,1)-(start_day-1))-IF((WEEKDAY($S$1,1)-(start_day-1))<=0,7,0)+(ROW(T6)-ROW($S$3))*7+(COLUMN(T6)-COLUMN($S$3)+1)) -> 46440 | U6: =IF(MONTH($S$1)<>MONTH($S$1-(WEEKDAY($S$1,1)-(start_day-1))-IF((WEEKDAY($S$1,1)-(start_day-1))<=0,7,0)+(ROW(U6)-ROW($S$3))*7+(COLUMN(U6)-COLUMN($S$3)+1)),"",$S$1-(WEEKDAY($S$1,1)-(start_day-1))-IF((WEEKDAY($S$1,1)-(start_day-1))<=0,7,0)+(ROW(U6)-ROW($S$3))*7+(COLUMN(U6)-COLUMN($S$3)+1)) -> 46441 | V6: =IF(MONTH($S$1)<>MONTH($S$1-(WEEKDAY($S$1,1)-(start_day-1))-IF((WEEKDAY($S$1,1)-(start_day-1))<=0,7,0)+(ROW(V6)-ROW($S$3))*7+(COLUMN(V6)-COLUMN($S$3)+1)),"",$S$1-(WEEKDAY($S$1,1)-(start_day-1))-IF((WEEKDAY($S$1,1)-(start_day-1))<=0,7,0)+(ROW(V6)-ROW($S$3))*7+(COLUMN(V6)-COLUMN($S$3)+1)) -> 46442 | W6: =IF(MONTH($S$1)<>MONTH($S$1-(WEEKDAY($S$1,1)-(start_day-1))-IF((WEEKDAY($S$1,1)-(start_day-1))<=0,7,0)+(ROW(W6)-ROW($S$3))*7+(COLUMN(W6)-COLUMN($S$3)+1)),"",$S$1-(WEEKDAY($S$1,1)-(start_day-1))-IF((WEEKDAY($S$1,1)-(start_day-1))<=0,7,0)+(ROW(W6)-ROW($S$3))*7+(COLUMN(W6)-COLUMN($S$3)+1)) -> 46443 | X6: =IF(MONTH($S$1)<>MONTH($S$1-(WEEKDAY($S$1,1)-(start_day-1))-IF((WEEKDAY($S$1,1)-(start_day-1))<=0,7,0)+(ROW(X6)-ROW($S$3))*7+(COLUMN(X6)-COLUMN($S$3)+1)),"",$S$1-(WEEKDAY($S$1,1)-(start_day-1))-IF((WEEKDAY($S$1,1)-(start_day-1))<=0,7,0)+(ROW(X6)-ROW($S$3))*7+(COLUMN(X6)-COLUMN($S$3)+1)) -> 46444 | Y6: =IF(MONTH($S$1)<>MONTH($S$1-(WEEKDAY($S$1,1)-(start_day-1))-IF((WEEKDAY($S$1,1)-(start_day-1))<=0,7,0)+(ROW(Y6)-ROW($S$3))*7+(COLUMN(Y6)-COLUMN($S$3)+1)),"",$S$1-(WEEKDAY($S$1,1)-(start_day-1))-IF((WEEKDAY($S$1,1)-(start_day-1))<=0,7,0)+(ROW(Y6)-ROW($S$3))*7+(COLUMN(Y6)-COLUMN($S$3)+1)) -> 46445
K7: =IF(MONTH($K$1)<>MONTH($K$1-(WEEKDAY($K$1,1)-(start_day-1))-IF((WEEKDAY($K$1,1)-(start_day-1))<=0,7,0)+(ROW(K7)-ROW($K$3))*7+(COLUMN(K7)-COLUMN($K$3)+1)),"",$K$1-(WEEKDAY($K$1,1)-(start_day-1))-IF((WEEKDAY($K$1,1)-(start_day-1))<=0,7,0)+(ROW(K7)-ROW($K$3))*7+(COLUMN(K7)-COLUMN($K$3)+1)) -> 46383 | L7: =IF(MONTH($K$1)<>MONTH($K$1-(WEEKDAY($K$1,1)-(start_day-1))-IF((WEEKDAY($K$1,1)-(start_day-1))<=0,7,0)+(ROW(L7)-ROW($K$3))*7+(COLUMN(L7)-COLUMN($K$3)+1)),"",$K$1-(WEEKDAY($K$1,1)-(start_day-1))-IF((WEEKDAY($K$1,1)-(start_day-1))<=0,7,0)+(ROW(L7)-ROW($K$3))*7+(COLUMN(L7)-COLUMN($K$3)+1)) -> 46384 | M7: =IF(MONTH($K$1)<>MONTH($K$1-(WEEKDAY($K$1,1)-(start_day-1))-IF((WEEKDAY($K$1,1)-(start_day-1))<=0,7,0)+(ROW(M7)-ROW($K$3))*7+(COLUMN(M7)-COLUMN($K$3)+1)),"",$K$1-(WEEKDAY($K$1,1)-(start_day-1))-IF((WEEKDAY($K$1,1)-(start_day-1))<=0,7,0)+(ROW(M7)-ROW($K$3))*7+(COLUMN(M7)-COLUMN($K$3)+1)) -> 46385 | N7: =IF(MONTH($K$1)<>MONTH($K$1-(WEEKDAY($K$1,1)-(start_day-1))-IF((WEEKDAY($K$1,1)-(start_day-1))<=0,7,0)+(ROW(N7)-ROW($K$3))*7+(COLUMN(N7)-COLUMN($K$3)+1)),"",$K$1-(WEEKDAY($K$1,1)-(start_day-1))-IF((WEEKDAY($K$1,1)-(start_day-1))<=0,7,0)+(ROW(N7)-ROW($K$3))*7+(COLUMN(N7)-COLUMN($K$3)+1)) -> 46386 | O7: =IF(MONTH($K$1)<>MONTH($K$1-(WEEKDAY($K$1,1)-(start_day-1))-IF((WEEKDAY($K$1,1)-(start_day-1))<=0,7,0)+(ROW(O7)-ROW($K$3))*7+(COLUMN(O7)-COLUMN($K$3)+1)),"",$K$1-(WEEKDAY($K$1,1)-(start_day-1))-IF((WEEKDAY($K$1,1)-(start_day-1))<=0,7,0)+(ROW(O7)-ROW($K$3))*7+(COLUMN(O7)-COLUMN($K$3)+1)) -> 46387 | P7: =IF(MONTH($K$1)<>MONTH($K$1-(WEEKDAY($K$1,1)-(start_day-1))-IF((WEEKDAY($K$1,1)-(start_day-1))<=0,7,0)+(ROW(P7)-ROW($K$3))*7+(COLUMN(P7)-COLUMN($K$3)+1)),"",$K$1-(WEEKDAY($K$1,1)-(start_day-1))-IF((WEEKDAY($K$1,1)-(start_day-1))<=0,7,0)+(ROW(P7)-ROW($K$3))*7+(COLUMN(P7)-COLUMN($K$3)+1)) | Q7: =IF(MONTH($K$1)<>MONTH($K$1-(WEEKDAY($K$1,1)-(start_day-1))-IF((WEEKDAY($K$1,1)-(start_day-1))<=0,7,0)+(ROW(Q7)-ROW($K$3))*7+(COLUMN(Q7)-COLUMN($K$3)+1)),"",$K$1-(WEEKDAY($K$1,1)-(start_day-1))-IF((WEEKDAY($K$1,1)-(start_day-1))<=0,7,0)+(ROW(Q7)-ROW($K$3))*7+(COLUMN(Q7)-COLUMN($K$3)+1)) | S7: =IF(MONTH($S$1)<>MONTH($S$1-(WEEKDAY($S$1,1)-(start_day-1))-IF((WEEKDAY($S$1,1)-(start_day-1))<=0,7,0)+(ROW(S7)-ROW($S$3))*7+(COLUMN(S7)-COLUMN($S$3)+1)),"",$S$1-(WEEKDAY($S$1,1)-(start_day-1))-IF((WEEKDAY($S$1,1)-(start_day-1))<=0,7,0)+(ROW(S7)-ROW($S$3))*7+(COLUMN(S7)-COLUMN($S$3)+1)) -> 46446 | T7: =IF(MONTH($S$1)<>MONTH($S$1-(WEEKDAY($S$1,1)-(start_day-1))-IF((WEEKDAY($S$1,1)-(start_day-1))<=0,7,0)+(ROW(T7)-ROW($S$3))*7+(COLUMN(T7)-COLUMN($S$3)+1)),"",$S$1-(WEEKDAY($S$1,1)-(start_day-1))-IF((WEEKDAY($S$1,1)-(start_day-1))<=0,7,0)+(ROW(T7)-ROW($S$3))*7+(COLUMN(T7)-COLUMN($S$3)+1)) | U7: =IF(MONTH($S$1)<>MONTH($S$1-(WEEKDAY($S$1,1)-(start_day-1))-IF((WEEKDAY($S$1,1)-(start_day-1))<=0,7,0)+(ROW(U7)-ROW($S$3))*7+(COLUMN(U7)-COLUMN($S$3)+1)),"",$S$1-(WEEKDAY($S$1,1)-(start_day-1))-IF((WEEKDAY($S$1,1)-(start_day-1))<=0,7,0)+(ROW(U7)-ROW($S$3))*7+(COLUMN(U7)-COLUMN($S$3)+1)) | V7: =IF(MONTH($S$1)<>MONTH($S$1-(WEEKDAY($S$1,1)-(start_day-1))-IF((WEEKDAY($S$1,1)-(start_day-1))<=0,7,0)+(ROW(V7)-ROW($S$3))*7+(COLUMN(V7)-COLUMN($S$3)+1)),"",$S$1-(WEEKDAY($S$1,1)-(start_day-1))-IF((WEEKDAY($S$1,1)-(start_day-1))<=0,7,0)+(ROW(V7)-ROW($S$3))*7+(COLUMN(V7)-COLUMN($S$3)+1)) | W7: =IF(MONTH($S$1)<>MONTH($S$1-(WEEKDAY($S$1,1)-(start_day-1))-IF((WEEKDAY($S$1,1)-(start_day-1))<=0,7,0)+(ROW(W7)-ROW($S$3))*7+(COLUMN(W7)-COLUMN($S$3)+1)),"",$S$1-(WEEKDAY($S$1,1)-(start_day-1))-IF((WEEKDAY($S$1,1)-(start_day-1))<=0,7,0)+(ROW(W7)-ROW($S$3))*7+(COLUMN(W7)-COLUMN($S$3)+1)) | X7: =IF(MONTH($S$1)<>MONTH($S$1-(WEEKDAY($S$1,1)-(start_day-1))-IF((WEEKDAY($S$1,1)-(start_day-1))<=0,7,0)+(ROW(X7)-ROW($S$3))*7+(COLUMN(X7)-COLUMN($S$3)+1)),"",$S$1-(WEEKDAY($S$1,1)-(start_day-1))-IF((WEEKDAY($S$1,1)-(start_day-1))<=0,7,0)+(ROW(X7)-ROW($S$3))*7+(COLUMN(X7)-COLUMN($S$3)+1)) | Y7: =IF(MONTH($S$1)<>MONTH($S$1-(WEEKDAY($S$1,1)-(start_day-1))-IF((WEEKDAY($S$1,1)-(start_day-1))<=0,7,0)+(ROW(Y7)-ROW($S$3))*7+(COLUMN(Y7)-COLUMN($S$3)+1)),"",$S$1-(WEEKDAY($S$1,1)-(start_day-1))-IF((WEEKDAY($S$1,1)-(start_day-1))<=0,7,0)+(ROW(Y7)-ROW($S$3))*7+(COLUMN(Y7)-COLUMN($S$3)+1))
K8: =IF(MONTH($K$1)<>MONTH($K$1-(WEEKDAY($K$1,1)-(start_day-1))-IF((WEEKDAY($K$1,1)-(start_day-1))<=0,7,0)+(ROW(K8)-ROW($K$3))*7+(COLUMN(K8)-COLUMN($K$3)+1)),"",$K$1-(WEEKDAY($K$1,1)-(start_day-1))-IF((WEEKDAY($K$1,1)-(start_day-1))<=0,7,0)+(ROW(K8)-ROW($K$3))*7+(COLUMN(K8)-COLUMN($K$3)+1)) | L8: =IF(MONTH($K$1)<>MONTH($K$1-(WEEKDAY($K$1,1)-(start_day-1))-IF((WEEKDAY($K$1,1)-(start_day-1))<=0,7,0)+(ROW(L8)-ROW($K$3))*7+(COLUMN(L8)-COLUMN($K$3)+1)),"",$K$1-(WEEKDAY($K$1,1)-(start_day-1))-IF((WEEKDAY($K$1,1)-(start_day-1))<=0,7,0)+(ROW(L8)-ROW($K$3))*7+(COLUMN(L8)-COLUMN($K$3)+1)) | M8: =IF(MONTH($K$1)<>MONTH($K$1-(WEEKDAY($K$1,1)-(start_day-1))-IF((WEEKDAY($K$1,1)-(start_day-1))<=0,7,0)+(ROW(M8)-ROW($K$3))*7+(COLUMN(M8)-COLUMN($K$3)+1)),"",$K$1-(WEEKDAY($K$1,1)-(start_day-1))-IF((WEEKDAY($K$1,1)-(start_day-1))<=0,7,0)+(ROW(M8)-ROW($K$3))*7+(COLUMN(M8)-COLUMN($K$3)+1)) | N8: =IF(MONTH($K$1)<>MONTH($K$1-(WEEKDAY($K$1,1)-(start_day-1))-IF((WEEKDAY($K$1,1)-(start_day-1))<=0,7,0)+(ROW(N8)-ROW($K$3))*7+(COLUMN(N8)-COLUMN($K$3)+1)),"",$K$1-(WEEKDAY($K$1,1)-(start_day-1))-IF((WEEKDAY($K$1,1)-(start_day-1))<=0,7,0)+(ROW(N8)-ROW($K$3))*7+(COLUMN(N8)-COLUMN($K$3)+1)) | O8: =IF(MONTH($K$1)<>MONTH($K$1-(WEEKDAY($K$1,1)-(start_day-1))-IF((WEEKDAY($K$1,1)-(start_day-1))<=0,7,0)+(ROW(O8)-ROW($K$3))*7+(COLUMN(O8)-COLUMN($K$3)+1)),"",$K$1-(WEEKDAY($K$1,1)-(start_day-1))-IF((WEEKDAY($K$1,1)-(start_day-1))<=0,7,0)+(ROW(O8)-ROW($K$3))*7+(COLUMN(O8)-COLUMN($K$3)+1)) | P8: =IF(MONTH($K$1)<>MONTH($K$1-(WEEKDAY($K$1,1)-(start_day-1))-IF((WEEKDAY($K$1,1)-(start_day-1))<=0,7,0)+(ROW(P8)-ROW($K$3))*7+(COLUMN(P8)-COLUMN($K$3)+1)),"",$K$1-(WEEKDAY($K$1,1)-(start_day-1))-IF((WEEKDAY($K$1,1)-(start_day-1))<=0,7,0)+(ROW(P8)-ROW($K$3))*7+(COLUMN(P8)-COLUMN($K$3)+1)) | Q8: =IF(MONTH($K$1)<>MONTH($K$1-(WEEKDAY($K$1,1)-(start_day-1))-IF((WEEKDAY($K$1,1)-(start_day-1))<=0,7,0)+(ROW(Q8)-ROW($K$3))*7+(COLUMN(Q8)-COLUMN($K$3)+1)),"",$K$1-(WEEKDAY($K$1,1)-(start_day-1))-IF((WEEKDAY($K$1,1)-(start_day-1))<=0,7,0)+(ROW(Q8)-ROW($K$3))*7+(COLUMN(Q8)-COLUMN($K$3)+1)) | S8: =IF(MONTH($S$1)<>MONTH($S$1-(WEEKDAY($S$1,1)-(start_day-1))-IF((WEEKDAY($S$1,1)-(start_day-1))<=0,7,0)+(ROW(S8)-ROW($S$3))*7+(COLUMN(S8)-COLUMN($S$3)+1)),"",$S$1-(WEEKDAY($S$1,1)-(start_day-1))-IF((WEEKDAY($S$1,1)-(start_day-1))<=0,7,0)+(ROW(S8)-ROW($S$3))*7+(COLUMN(S8)-COLUMN($S$3)+1)) | T8: =IF(MONTH($S$1)<>MONTH($S$1-(WEEKDAY($S$1,1)-(start_day-1))-IF((WEEKDAY($S$1,1)-(start_day-1))<=0,7,0)+(ROW(T8)-ROW($S$3))*7+(COLUMN(T8)-COLUMN($S$3)+1)),"",$S$1-(WEEKDAY($S$1,1)-(start_day-1))-IF((WEEKDAY($S$1,1)-(start_day-1))<=0,7,0)+(ROW(T8)-ROW($S$3))*7+(COLUMN(T8)-COLUMN($S$3)+1)) | U8: =IF(MONTH($S$1)<>MONTH($S$1-(WEEKDAY($S$1,1)-(start_day-1))-IF((WEEKDAY($S$1,1)-(start_day-1))<=0,7,0)+(ROW(U8)-ROW($S$3))*7+(COLUMN(U8)-COLUMN($S$3)+1)),"",$S$1-(WEEKDAY($S$1,1)-(start_day-1))-IF((WEEKDAY($S$1,1)-(start_day-1))<=0,7,0)+(ROW(U8)-ROW($S$3))*7+(COLUMN(U8)-COLUMN($S$3)+1)) | V8: =IF(MONTH($S$1)<>MONTH($S$1-(WEEKDAY($S$1,1)-(start_day-1))-IF((WEEKDAY($S$1,1)-(start_day-1))<=0,7,0)+(ROW(V8)-ROW($S$3))*7+(COLUMN(V8)-COLUMN($S$3)+1)),"",$S$1-(WEEKDAY($S$1,1)-(start_day-1))-IF((WEEKDAY($S$1,1)-(start_day-1))<=0,7,0)+(ROW(V8)-ROW($S$3))*7+(COLUMN(V8)-COLUMN($S$3)+1)) | W8: =IF(MONTH($S$1)<>MONTH($S$1-(WEEKDAY($S$1,1)-(start_day-1))-IF((WEEKDAY($S$1,1)-(start_day-1))<=0,7,0)+(ROW(W8)-ROW($S$3))*7+(COLUMN(W8)-COLUMN($S$3)+1)),"",$S$1-(WEEKDAY($S$1,1)-(start_day-1))-IF((WEEKDAY($S$1,1)-(start_day-1))<=0,7,0)+(ROW(W8)-ROW($S$3))*7+(COLUMN(W8)-COLUMN($S$3)+1)) | X8: =IF(MONTH($S$1)<>MONTH($S$1-(WEEKDAY($S$1,1)-(start_day-1))-IF((WEEKDAY($S$1,1)-(start_day-1))<=0,7,0)+(ROW(X8)-ROW($S$3))*7+(COLUMN(X8)-COLUMN($S$3)+1)),"",$S$1-(WEEKDAY($S$1,1)-(start_day-1))-IF((WEEKDAY($S$1,1)-(start_day-1))<=0,7,0)+(ROW(X8)-ROW($S$3))*7+(COLUMN(X8)-COLUMN($S$3)+1)) | Y8: =IF(MONTH($S$1)<>MONTH($S$1-(WEEKDAY($S$1,1)-(start_day-1))-IF((WEEKDAY($S$1,1)-(start_day-1))<=0,7,0)+(ROW(Y8)-ROW($S$3))*7+(COLUMN(Y8)-COLUMN($S$3)+1)),"",$S$1-(WEEKDAY($S$1,1)-(start_day-1))-IF((WEEKDAY($S$1,1)-(start_day-1))<=0,7,0)+(ROW(Y8)-ROW($S$3))*7+(COLUMN(Y8)-COLUMN($S$3)+1))
A9: =A10 -> 46383 | C9: =C10 -> 46384 | E9: =E10 -> 46385 | G9: =G10 -> 46386 | I9: =I10 -> 46387 | K9: =K10 -> 46388 | S9: =S10 -> 46389
A10: =$A$1-(WEEKDAY($A$1,1)-(start_day-1))-IF((WEEKDAY($A$1,1)-(start_day-1))<=0,7,0)+1 -> 46383 | C10: =A10+1 -> 46384 | E10: =C10+1 -> 46385 | G10: =E10+1 -> 46386 | I10: =G10+1 -> 46387 | K10: =I10+1 -> 46388 | S10: =K10+1 -> 46389
A11: Morning | C11: HOLIDAY | E11: HOLIDAY | G11: HOLIDAY | I11: HOLIDAY | K11: HOLIDAY | S11: HOLIDAY
A13: Afternoon
A15: Evening
A16: =S10+1 -> 46390 | C16: =A16+1 -> 46391 | E16: =C16+1 -> 46392 | G16: =E16+1 -> 46393 | I16: =G16+1 -> 46394 | K16: =I16+1 -> 46395 | S16: =K16+1 -> 46396
A17: Morning | I17: KISD (SHS)
A19: Afternoon
A21: Evening
A22: =S16+1 -> 46397 | C22: =A22+1 -> 46398 | E22: =C22+1 -> 46399 | G22: =E22+1 -> 46400 | I22: =G22+1 -> 46401 | K22: =I22+1 -> 46402 | S22: =K22+1 -> 46403
A23: Morning | E23: KISD (KCC)
A25: Afternoon
A27: Evening | E27: KISD (KCC)
A28: =S22+1 -> 46404 | C28: =A28+1 -> 46405 | E28: =C28+1 -> 46406 | G28: =E28+1 -> 46407 | I28: =G28+1 -> 46408 | K28: =I28+1 -> 46409 | S28: =K28+1 -> 46410
A29: Morning | C29: HOLIDAY | G29: KISD (CHS)
A31: Afternoon
A33: Evening
A34: =S28+1 -> 46411 | C34: =A34+1 -> 46412 | E34: =C34+1 -> 46413 | G34: =E34+1 -> 46414 | I34: =G34+1 -> 46415 | K34: =I34+1 -> 46416 | S34: =K34+1 -> 46417
A35: Morning
A37: Afternoon
A39: Evening
A40: =S34+1 -> 46418 | C40: =A40+1 -> 46419 | E40: Notes
K44: Calendar Templates by Vertex42
K45: https://www.vertex42.com/calendars/

Sheet Feb
A1: =DATE(Aug!AD18,Aug!AD20+6,1) -> 46419 | K1: =DATE(YEAR(A1),MONTH(A1)-1,1) -> 46388 | S1: =DATE(YEAR(A1),MONTH(A1)+1,1) -> 46447
K2: =INDEX({"S";"M";"T";"W";"T";"F";"S"},1+MOD(start_day+1-2,7)) -> S | L2: =INDEX({"S";"M";"T";"W";"T";"F";"S"},1+MOD(start_day+2-2,7)) -> M | M2: =INDEX({"S";"M";"T";"W";"T";"F";"S"},1+MOD(start_day+3-2,7)) -> T | N2: =INDEX({"S";"M";"T";"W";"T";"F";"S"},1+MOD(start_day+4-2,7)) -> W | O2: =INDEX({"S";"M";"T";"W";"T";"F";"S"},1+MOD(start_day+5-2,7)) -> T | P2: =INDEX({"S";"M";"T";"W";"T";"F";"S"},1+MOD(start_day+6-2,7)) -> F | Q2: =INDEX({"S";"M";"T";"W";"T";"F";"S"},1+MOD(start_day+7-2,7)) -> S | S2: =INDEX({"S";"M";"T";"W";"T";"F";"S"},1+MOD(start_day+1-2,7)) -> S | T2: =INDEX({"S";"M";"T";"W";"T";"F";"S"},1+MOD(start_day+2-2,7)) -> M | U2: =INDEX({"S";"M";"T";"W";"T";"F";"S"},1+MOD(start_day+3-2,7)) -> T | V2: =INDEX({"S";"M";"T";"W";"T";"F";"S"},1+MOD(start_day+4-2,7)) -> W | W2: =INDEX({"S";"M";"T";"W";"T";"F";"S"},1+MOD(start_day+5-2,7)) -> T | X2: =INDEX({"S";"M";"T";"W";"T";"F";"S"},1+MOD(start_day+6-2,7)) -> F | Y2: =INDEX({"S";"M";"T";"W";"T";"F";"S"},1+MOD(start_day+7-2,7)) -> S
K3: =IF(MONTH($K$1)<>MONTH($K$1-(WEEKDAY($K$1,1)-(start_day-1))-IF((WEEKDAY($K$1,1)-(start_day-1))<=0,7,0)+(ROW(K3)-ROW($K$3))*7+(COLUMN(K3)-COLUMN($K$3)+1)),"",$K$1-(WEEKDAY($K$1,1)-(start_day-1))-IF((WEEKDAY($K$1,1)-(start_day-1))<=0,7,0)+(ROW(K3)-ROW($K$3))*7+(COLUMN(K3)-COLUMN($K$3)+1)) | L3: =IF(MONTH($K$1)<>MONTH($K$1-(WEEKDAY($K$1,1)-(start_day-1))-IF((WEEKDAY($K$1,1)-(start_day-1))<=0,7,0)+(ROW(L3)-ROW($K$3))*7+(COLUMN(L3)-COLUMN($K$3)+1)),"",$K$1-(WEEKDAY($K$1,1)-(start_day-1))-IF((WEEKDAY($K$1,1)-(start_day-1))<=0,7,0)+(ROW(L3)-ROW($K$3))*7+(COLUMN(L3)-COLUMN($K$3)+1)) | M3: =IF(MONTH($K$1)<>MONTH($K$1-(WEEKDAY($K$1,1)-(start_day-1))-IF((WEEKDAY($K$1,1)-(start_day-1))<=0,7,0)+(ROW(M3)-ROW($K$3))*7+(COLUMN(M3)-COLUMN($K$3)+1)),"",$K$1-(WEEKDAY($K$1,1)-(start_day-1))-IF((WEEKDAY($K$1,1)-(start_day-1))<=0,7,0)+(ROW(M3)-ROW($K$3))*7+(COLUMN(M3)-COLUMN($K$3)+1)) | N3: =IF(MONTH($K$1)<>MONTH($K$1-(WEEKDAY($K$1,1)-(start_day-1))-IF((WEEKDAY($K$1,1)-(start_day-1))<=0,7,0)+(ROW(N3)-ROW($K$3))*7+(COLUMN(N3)-COLUMN($K$3)+1)),"",$K$1-(WEEKDAY($K$1,1)-(start_day-1))-IF((WEEKDAY($K$1,1)-(start_day-1))<=0,7,0)+(ROW(N3)-ROW($K$3))*7+(COLUMN(N3)-COLUMN($K$3)+1)) | O3: =IF(MONTH($K$1)<>MONTH($K$1-(WEEKDAY($K$1,1)-(start_day-1))-IF((WEEKDAY($K$1,1)-(start_day-1))<=0,7,0)+(ROW(O3)-ROW($K$3))*7+(COLUMN(O3)-COLUMN($K$3)+1)),"",$K$1-(WEEKDAY($K$1,1)-(start_day-1))-IF((WEEKDAY($K$1,1)-(start_day-1))<=0,7,0)+(ROW(O3)-ROW($K$3))*7+(COLUMN(O3)-COLUMN($K$3)+1)) | P3: =IF(MONTH($K$1)<>MONTH($K$1-(WEEKDAY($K$1,1)-(start_day-1))-IF((WEEKDAY($K$1,1)-(start_day-1))<=0,7,0)+(ROW(P3)-ROW($K$3))*7+(COLUMN(P3)-COLUMN($K$3)+1)),"",$K$1-(WEEKDAY($K$1,1)-(start_day-1))-IF((WEEKDAY($K$1,1)-(start_day-1))<=0,7,0)+(ROW(P3)-ROW($K$3))*7+(COLUMN(P3)-COLUMN($K$3)+1)) -> 46388 | Q3: =IF(MONTH($K$1)<>MONTH($K$1-(WEEKDAY($K$1,1)-(start_day-1))-IF((WEEKDAY($K$1,1)-(start_day-1))<=0,7,0)+(ROW(Q3)-ROW($K$3))*7+(COLUMN(Q3)-COLUMN($K$3)+1)),"",$K$1-(WEEKDAY($K$1,1)-(start_day-1))-IF((WEEKDAY($K$1,1)-(start_day-1))<=0,7,0)+(ROW(Q3)-ROW($K$3))*7+(COLUMN(Q3)-COLUMN($K$3)+1)) -> 46389 | S3: =IF(MONTH($S$1)<>MONTH($S$1-(WEEKDAY($S$1,1)-(start_day-1))-IF((WEEKDAY($S$1,1)-(start_day-1))<=0,7,0)+(ROW(S3)-ROW($S$3))*7+(COLUMN(S3)-COLUMN($S$3)+1)),"",$S$1-(WEEKDAY($S$1,1)-(start_day-1))-IF((WEEKDAY($S$1,1)-(start_day-1))<=0,7,0)+(ROW(S3)-ROW($S$3))*7+(COLUMN(S3)-COLUMN($S$3)+1)) | T3: =IF(MONTH($S$1)<>MONTH($S$1-(WEEKDAY($S$1,1)-(start_day-1))-IF((WEEKDAY($S$1,1)-(start_day-1))<=0,7,0)+(ROW(T3)-ROW($S$3))*7+(COLUMN(T3)-COLUMN($S$3)+1)),"",$S$1-(WEEKDAY($S$1,1)-(start_day-1))-IF((WEEKDAY($S$1,1)-(start_day-1))<=0,7,0)+(ROW(T3)-ROW($S$3))*7+(COLUMN(T3)-COLUMN($S$3)+1)) -> 46447 | U3: =IF(MONTH($S$1)<>MONTH($S$1-(WEEKDAY($S$1,1)-(start_day-1))-IF((WEEKDAY($S$1,1)-(start_day-1))<=0,7,0)+(ROW(U3)-ROW($S$3))*7+(COLUMN(U3)-COLUMN($S$3)+1)),"",$S$1-(WEEKDAY($S$1,1)-(start_day-1))-IF((WEEKDAY($S$1,1)-(start_day-1))<=0,7,0)+(ROW(U3)-ROW($S$3))*7+(COLUMN(U3)-COLUMN($S$3)+1)) -> 46448 | V3: =IF(MONTH($S$1)<>MONTH($S$1-(WEEKDAY($S$1,1)-(start_day-1))-IF((WEEKDAY($S$1,1)-(start_day-1))<=0,7,0)+(ROW(V3)-ROW($S$3))*7+(COLUMN(V3)-COLUMN($S$3)+1)),"",$S$1-(WEEKDAY($S$1,1)-(start_day-1))-IF((WEEKDAY($S$1,1)-(start_day-1))<=0,7,0)+(ROW(V3)-ROW($S$3))*7+(COLUMN(V3)-COLUMN($S$3)+1)) -> 46449 | W3: =IF(MONTH($S$1)<>MONTH($S$1-(WEEKDAY($S$1,1)-(start_day-1))-IF((WEEKDAY($S$1,1)-(start_day-1))<=0,7,0)+(ROW(W3)-ROW($S$3))*7+(COLUMN(W3)-COLUMN($S$3)+1)),"",$S$1-(WEEKDAY($S$1,1)-(start_day-1))-IF((WEEKDAY($S$1,1)-(start_day-1))<=0,7,0)+(ROW(W3)-ROW($S$3))*7+(COLUMN(W3)-COLUMN($S$3)+1)) -> 46450 | X3: =IF(MONTH($S$1)<>MONTH($S$1-(WEEKDAY($S$1,1)-(start_day-1))-IF((WEEKDAY($S$1,1)-(start_day-1))<=0,7,0)+(ROW(X3)-ROW($S$3))*7+(COLUMN(X3)-COLUMN($S$3)+1)),"",$S$1-(WEEKDAY($S$1,1)-(start_day-1))-IF((WEEKDAY($S$1,1)-(start_day-1))<=0,7,0)+(ROW(X3)-ROW($S$3))*7+(COLUMN(X3)-COLUMN($S$3)+1)) -> 46451 | Y3: =IF(MONTH($S$1)<>MONTH($S$1-(WEEKDAY($S$1,1)-(start_day-1))-IF((WEEKDAY($S$1,1)-(start_day-1))<=0,7,0)+(ROW(Y3)-ROW($S$3))*7+(COLUMN(Y3)-COLUMN($S$3)+1)),"",$S$1-(WEEKDAY($S$1,1)-(start_day-1))-IF((WEEKDAY($S$1,1)-(start_day-1))<=0,7,0)+(ROW(Y3)-ROW($S$3))*7+(COLUMN(Y3)-COLUMN($S$3)+1)) -> 46452
J4: Unavailable | K4: =IF(MONTH($K$1)<>MONTH($K$1-(WEEKDAY($K$1,1)-(start_day-1))-IF((WEEKDAY($K$1,1)-(start_day-1))<=0,7,0)+(ROW(K4)-ROW($K$3))*7+(COLUMN(K4)-COLUMN($K$3)+1)),"",$K$1-(WEEKDAY($K$1,1)-(start_day-1))-IF((WEEKDAY($K$1,1)-(start_day-1))<=0,7,0)+(ROW(K4)-ROW($K$3))*7+(COLUMN(K4)-COLUMN($K$3)+1)) -> 46390 | L4: =IF(MONTH($K$1)<>MONTH($K$1-(WEEKDAY($K$1,1)-(start_day-1))-IF((WEEKDAY($K$1,1)-(start_day-1))<=0,7,0)+(ROW(L4)-ROW($K$3))*7+(COLUMN(L4)-COLUMN($K$3)+1)),"",$K$1-(WEEKDAY($K$1,1)-(start_day-1))-IF((WEEKDAY($K$1,1)-(start_day-1))<=0,7,0)+(ROW(L4)-ROW($K$3))*7+(COLUMN(L4)-COLUMN($K$3)+1)) -> 46391 | M4: =IF(MONTH($K$1)<>MONTH($K$1-(WEEKDAY($K$1,1)-(start_day-1))-IF((WEEKDAY($K$1,1)-(start_day-1))<=0,7,0)+(ROW(M4)-ROW($K$3))*7+(COLUMN(M4)-COLUMN($K$3)+1)),"",$K$1-(WEEKDAY($K$1,1)-(start_day-1))-IF((WEEKDAY($K$1,1)-(start_day-1))<=0,7,0)+(ROW(M4)-ROW($K$3))*7+(COLUMN(M4)-COLUMN($K$3)+1)) -> 46392 | N4: =IF(MONTH($K$1)<>MONTH($K$1-(WEEKDAY($K$1,1)-(start_day-1))-IF((WEEKDAY($K$1,1)-(start_day-1))<=0,7,0)+(ROW(N4)-ROW($K$3))*7+(COLUMN(N4)-COLUMN($K$3)+1)),"",$K$1-(WEEKDAY($K$1,1)-(start_day-1))-IF((WEEKDAY($K$1,1)-(start_day-1))<=0,7,0)+(ROW(N4)-ROW($K$3))*7+(COLUMN(N4)-COLUMN($K$3)+1)) -> 46393 | O4: =IF(MONTH($K$1)<>MONTH($K$1-(WEEKDAY($K$1,1)-(start_day-1))-IF((WEEKDAY($K$1,1)-(start_day-1))<=0,7,0)+(ROW(O4)-ROW($K$3))*7+(COLUMN(O4)-COLUMN($K$3)+1)),"",$K$1-(WEEKDAY($K$1,1)-(start_day-1))-IF((WEEKDAY($K$1,1)-(start_day-1))<=0,7,0)+(ROW(O4)-ROW($K$3))*7+(COLUMN(O4)-COLUMN($K$3)+1)) -> 46394 | P4: =IF(MONTH($K$1)<>MONTH($K$1-(WEEKDAY($K$1,1)-(start_day-1))-IF((WEEKDAY($K$1,1)-(start_day-1))<=0,7,0)+(ROW(P4)-ROW($K$3))*7+(COLUMN(P4)-COLUMN($K$3)+1)),"",$K$1-(WEEKDAY($K$1,1)-(start_day-1))-IF((WEEKDAY($K$1,1)-(start_day-1))<=0,7,0)+(ROW(P4)-ROW($K$3))*7+(COLUMN(P4)-COLUMN($K$3)+1)) -> 46395 | Q4: =IF(MONTH($K$1)<>MONTH($K$1-(WEEKDAY($K$1,1)-(start_day-1))-IF((WEEKDAY($K$1,1)-(start_day-1))<=0,7,0)+(ROW(Q4)-ROW($K$3))*7+(COLUMN(Q4)-COLUMN($K$3)+1)),"",$K$1-(WEEKDAY($K$1,1)-(start_day-1))-IF((WEEKDAY($K$1,1)-(start_day-1))<=0,7,0)+(ROW(Q4)-ROW($K$3))*7+(COLUMN(Q4)-COLUMN($K$3)+1)) -> 46396 | S4: =IF(MONTH($S$1)<>MONTH($S$1-(WEEKDAY($S$1,1)-(start_day-1))-IF((WEEKDAY($S$1,1)-(start_day-1))<=0,7,0)+(ROW(S4)-ROW($S$3))*7+(COLUMN(S4)-COLUMN($S$3)+1)),"",$S$1-(WEEKDAY($S$1,1)-(start_day-1))-IF((WEEKDAY($S$1,1)-(start_day-1))<=0,7,0)+(ROW(S4)-ROW($S$3))*7+(COLUMN(S4)-COLUMN($S$3)+1)) -> 46453 | T4: =IF(MONTH($S$1)<>MONTH($S$1-(WEEKDAY($S$1,1)-(start_day-1))-IF((WEEKDAY($S$1,1)-(start_day-1))<=0,7,0)+(ROW(T4)-ROW($S$3))*7+(COLUMN(T4)-COLUMN($S$3)+1)),"",$S$1-(WEEKDAY($S$1,1)-(start_day-1))-IF((WEEKDAY($S$1,1)-(start_day-1))<=0,7,0)+(ROW(T4)-ROW($S$3))*7+(COLUMN(T4)-COLUMN($S$3)+1)) -> 46454 | U4: =IF(MONTH($S$1)<>MONTH($S$1-(WEEKDAY($S$1,1)-(start_day-1))-IF((WEEKDAY($S$1,1)-(start_day-1))<=0,7,0)+(ROW(U4)-ROW($S$3))*7+(COLUMN(U4)-COLUMN($S$3)+1)),"",$S$1-(WEEKDAY($S$1,1)-(start_day-1))-IF((WEEKDAY($S$1,1)-(start_day-1))<=0,7,0)+(ROW(U4)-ROW($S$3))*7+(COLUMN(U4)-COLUMN($S$3)+1)) -> 46455 | V4: =IF(MONTH($S$1)<>MONTH($S$1-(WEEKDAY($S$1,1)-(start_day-1))-IF((WEEKDAY($S$1,1)-(start_day-1))<=0,7,0)+(ROW(V4)-ROW($S$3))*7+(COLUMN(V4)-COLUMN($S$3)+1)),"",$S$1-(WEEKDAY($S$1,1)-(start_day-1))-IF((WEEKDAY($S$1,1)-(start_day-1))<=0,7,0)+(ROW(V4)-ROW($S$3))*7+(COLUMN(V4)-COLUMN($S$3)+1)) -> 46456 | W4: =IF(MONTH($S$1)<>MONTH($S$1-(WEEKDAY($S$1,1)-(start_day-1))-IF((WEEKDAY($S$1,1)-(start_day-1))<=0,7,0)+(ROW(W4)-ROW($S$3))*7+(COLUMN(W4)-COLUMN($S$3)+1)),"",$S$1-(WEEKDAY($S$1,1)-(start_day-1))-IF((WEEKDAY($S$1,1)-(start_day-1))<=0,7,0)+(ROW(W4)-ROW($S$3))*7+(COLUMN(W4)-COLUMN($S$3)+1)) -> 46457 | X4: =IF(MONTH($S$1)<>MONTH($S$1-(WEEKDAY($S$1,1)-(start_day-1))-IF((WEEKDAY($S$1,1)-(start_day-1))<=0,7,0)+(ROW(X4)-ROW($S$3))*7+(COLUMN(X4)-COLUMN($S$3)+1)),"",$S$1-(WEEKDAY($S$1,1)-(start_day-1))-IF((WEEKDAY($S$1,1)-(start_day-1))<=0,7,0)+(ROW(X4)-ROW($S$3))*7+(COLUMN(X4)-COLUMN($S$3)+1)) -> 46458 | Y4: =IF(MONTH($S$1)<>MONTH($S$1-(WEEKDAY($S$1,1)-(start_day-1))-IF((WEEKDAY($S$1,1)-(start_day-1))<=0,7,0)+(ROW(Y4)-ROW($S$3))*7+(COLUMN(Y4)-COLUMN($S$3)+1)),"",$S$1-(WEEKDAY($S$1,1)-(start_day-1))-IF((WEEKDAY($S$1,1)-(start_day-1))<=0,7,0)+(ROW(Y4)-ROW($S$3))*7+(COLUMN(Y4)-COLUMN($S$3)+1)) -> 46459
K5: =IF(MONTH($K$1)<>MONTH($K$1-(WEEKDAY($K$1,1)-(start_day-1))-IF((WEEKDAY($K$1,1)-(start_day-1))<=0,7,0)+(ROW(K5)-ROW($K$3))*7+(COLUMN(K5)-COLUMN($K$3)+1)),"",$K$1-(WEEKDAY($K$1,1)-(start_day-1))-IF((WEEKDAY($K$1,1)-(start_day-1))<=0,7,0)+(ROW(K5)-ROW($K$3))*7+(COLUMN(K5)-COLUMN($K$3)+1)) -> 46397 | L5: =IF(MONTH($K$1)<>MONTH($K$1-(WEEKDAY($K$1,1)-(start_day-1))-IF((WEEKDAY($K$1,1)-(start_day-1))<=0,7,0)+(ROW(L5)-ROW($K$3))*7+(COLUMN(L5)-COLUMN($K$3)+1)),"",$K$1-(WEEKDAY($K$1,1)-(start_day-1))-IF((WEEKDAY($K$1,1)-(start_day-1))<=0,7,0)+(ROW(L5)-ROW($K$3))*7+(COLUMN(L5)-COLUMN($K$3)+1)) -> 46398 | M5: =IF(MONTH($K$1)<>MONTH($K$1-(WEEKDAY($K$1,1)-(start_day-1))-IF((WEEKDAY($K$1,1)-(start_day-1))<=0,7,0)+(ROW(M5)-ROW($K$3))*7+(COLUMN(M5)-COLUMN($K$3)+1)),"",$K$1-(WEEKDAY($K$1,1)-(start_day-1))-IF((WEEKDAY($K$1,1)-(start_day-1))<=0,7,0)+(ROW(M5)-ROW($K$3))*7+(COLUMN(M5)-COLUMN($K$3)+1)) -> 46399 | N5: =IF(MONTH($K$1)<>MONTH($K$1-(WEEKDAY($K$1,1)-(start_day-1))-IF((WEEKDAY($K$1,1)-(start_day-1))<=0,7,0)+(ROW(N5)-ROW($K$3))*7+(COLUMN(N5)-COLUMN($K$3)+1)),"",$K$1-(WEEKDAY($K$1,1)-(start_day-1))-IF((WEEKDAY($K$1,1)-(start_day-1))<=0,7,0)+(ROW(N5)-ROW($K$3))*7+(COLUMN(N5)-COLUMN($K$3)+1)) -> 46400 | O5: =IF(MONTH($K$1)<>MONTH($K$1-(WEEKDAY($K$1,1)-(start_day-1))-IF((WEEKDAY($K$1,1)-(start_day-1))<=0,7,0)+(ROW(O5)-ROW($K$3))*7+(COLUMN(O5)-COLUMN($K$3)+1)),"",$K$1-(WEEKDAY($K$1,1)-(start_day-1))-IF((WEEKDAY($K$1,1)-(start_day-1))<=0,7,0)+(ROW(O5)-ROW($K$3))*7+(COLUMN(O5)-COLUMN($K$3)+1)) -> 46401 | P5: =IF(MONTH($K$1)<>MONTH($K$1-(WEEKDAY($K$1,1)-(start_day-1))-IF((WEEKDAY($K$1,1)-(start_day-1))<=0,7,0)+(ROW(P5)-ROW($K$3))*7+(COLUMN(P5)-COLUMN($K$3)+1)),"",$K$1-(WEEKDAY($K$1,1)-(start_day-1))-IF((WEEKDAY($K$1,1)-(start_day-1))<=0,7,0)+(ROW(P5)-ROW($K$3))*7+(COLUMN(P5)-COLUMN($K$3)+1)) -> 46402 | Q5: =IF(MONTH($K$1)<>MONTH($K$1-(WEEKDAY($K$1,1)-(start_day-1))-IF((WEEKDAY($K$1,1)-(start_day-1))<=0,7,0)+(ROW(Q5)-ROW($K$3))*7+(COLUMN(Q5)-COLUMN($K$3)+1)),"",$K$1-(WEEKDAY($K$1,1)-(start_day-1))-IF((WEEKDAY($K$1,1)-(start_day-1))<=0,7,0)+(ROW(Q5)-ROW($K$3))*7+(COLUMN(Q5)-COLUMN($K$3)+1)) -> 46403 | S5: =IF(MONTH($S$1)<>MONTH($S$1-(WEEKDAY($S$1,1)-(start_day-1))-IF((WEEKDAY($S$1,1)-(start_day-1))<=0,7,0)+(ROW(S5)-ROW($S$3))*7+(COLUMN(S5)-COLUMN($S$3)+1)),"",$S$1-(WEEKDAY($S$1,1)-(start_day-1))-IF((WEEKDAY($S$1,1)-(start_day-1))<=0,7,0)+(ROW(S5)-ROW($S$3))*7+(COLUMN(S5)-COLUMN($S$3)+1)) -> 46460 | T5: =IF(MONTH($S$1)<>MONTH($S$1-(WEEKDAY($S$1,1)-(start_day-1))-IF((WEEKDAY($S$1,1)-(start_day-1))<=0,7,0)+(ROW(T5)-ROW($S$3))*7+(COLUMN(T5)-COLUMN($S$3)+1)),"",$S$1-(WEEKDAY($S$1,1)-(start_day-1))-IF((WEEKDAY($S$1,1)-(start_day-1))<=0,7,0)+(ROW(T5)-ROW($S$3))*7+(COLUMN(T5)-COLUMN($S$3)+1)) -> 46461 | U5: =IF(MONTH($S$1)<>MONTH($S$1-(WEEKDAY($S$1,1)-(start_day-1))-IF((WEEKDAY($S$1,1)-(start_day-1))<=0,7,0)+(ROW(U5)-ROW($S$3))*7+(COLUMN(U5)-COLUMN($S$3)+1)),"",$S$1-(WEEKDAY($S$1,1)-(start_day-1))-IF((WEEKDAY($S$1,1)-(start_day-1))<=0,7,0)+(ROW(U5)-ROW($S$3))*7+(COLUMN(U5)-COLUMN($S$3)+1)) -> 46462 | V5: =IF(MONTH($S$1)<>MONTH($S$1-(WEEKDAY($S$1,1)-(start_day-1))-IF((WEEKDAY($S$1,1)-(start_day-1))<=0,7,0)+(ROW(V5)-ROW($S$3))*7+(COLUMN(V5)-COLUMN($S$3)+1)),"",$S$1-(WEEKDAY($S$1,1)-(start_day-1))-IF((WEEKDAY($S$1,1)-(start_day-1))<=0,7,0)+(ROW(V5)-ROW($S$3))*7+(COLUMN(V5)-COLUMN($S$3)+1)) -> 46463 | W5: =IF(MONTH($S$1)<>MONTH($S$1-(WEEKDAY($S$1,1)-(start_day-1))-IF((WEEKDAY($S$1,1)-(start_day-1))<=0,7,0)+(ROW(W5)-ROW($S$3))*7+(COLUMN(W5)-COLUMN($S$3)+1)),"",$S$1-(WEEKDAY($S$1,1)-(start_day-1))-IF((WEEKDAY($S$1,1)-(start_day-1))<=0,7,0)+(ROW(W5)-ROW($S$3))*7+(COLUMN(W5)-COLUMN($S$3)+1)) -> 46464 | X5: =IF(MONTH($S$1)<>MONTH($S$1-(WEEKDAY($S$1,1)-(start_day-1))-IF((WEEKDAY($S$1,1)-(start_day-1))<=0,7,0)+(ROW(X5)-ROW($S$3))*7+(COLUMN(X5)-COLUMN($S$3)+1)),"",$S$1-(WEEKDAY($S$1,1)-(start_day-1))-IF((WEEKDAY($S$1,1)-(start_day-1))<=0,7,0)+(ROW(X5)-ROW($S$3))*7+(COLUMN(X5)-COLUMN($S$3)+1)) -> 46465 | Y5: =IF(MONTH($S$1)<>MONTH($S$1-(WEEKDAY($S$1,1)-(start_day-1))-IF((WEEKDAY($S$1,1)-(start_day-1))<=0,7,0)+(ROW(Y5)-ROW($S$3))*7+(COLUMN(Y5)-COLUMN($S$3)+1)),"",$S$1-(WEEKDAY($S$1,1)-(start_day-1))-IF((WEEKDAY($S$1,1)-(start_day-1))<=0,7,0)+(ROW(Y5)-ROW($S$3))*7+(COLUMN(Y5)-COLUMN($S$3)+1)) -> 46466
K6: =IF(MONTH($K$1)<>MONTH($K$1-(WEEKDAY($K$1,1)-(start_day-1))-IF((WEEKDAY($K$1,1)-(start_day-1))<=0,7,0)+(ROW(K6)-ROW($K$3))*7+(COLUMN(K6)-COLUMN($K$3)+1)),"",$K$1-(WEEKDAY($K$1,1)-(start_day-1))-IF((WEEKDAY($K$1,1)-(start_day-1))<=0,7,0)+(ROW(K6)-ROW($K$3))*7+(COLUMN(K6)-COLUMN($K$3)+1)) -> 46404 | L6: =IF(MONTH($K$1)<>MONTH($K$1-(WEEKDAY($K$1,1)-(start_day-1))-IF((WEEKDAY($K$1,1)-(start_day-1))<=0,7,0)+(ROW(L6)-ROW($K$3))*7+(COLUMN(L6)-COLUMN($K$3)+1)),"",$K$1-(WEEKDAY($K$1,1)-(start_day-1))-IF((WEEKDAY($K$1,1)-(start_day-1))<=0,7,0)+(ROW(L6)-ROW($K$3))*7+(COLUMN(L6)-COLUMN($K$3)+1)) -> 46405 | M6: =IF(MONTH($K$1)<>MONTH($K$1-(WEEKDAY($K$1,1)-(start_day-1))-IF((WEEKDAY($K$1,1)-(start_day-1))<=0,7,0)+(ROW(M6)-ROW($K$3))*7+(COLUMN(M6)-COLUMN($K$3)+1)),"",$K$1-(WEEKDAY($K$1,1)-(start_day-1))-IF((WEEKDAY($K$1,1)-(start_day-1))<=0,7,0)+(ROW(M6)-ROW($K$3))*7+(COLUMN(M6)-COLUMN($K$3)+1)) -> 46406 | N6: =IF(MONTH($K$1)<>MONTH($K$1-(WEEKDAY($K$1,1)-(start_day-1))-IF((WEEKDAY($K$1,1)-(start_day-1))<=0,7,0)+(ROW(N6)-ROW($K$3))*7+(COLUMN(N6)-COLUMN($K$3)+1)),"",$K$1-(WEEKDAY($K$1,1)-(start_day-1))-IF((WEEKDAY($K$1,1)-(start_day-1))<=0,7,0)+(ROW(N6)-ROW($K$3))*7+(COLUMN(N6)-COLUMN($K$3)+1)) -> 46407 | O6: =IF(MONTH($K$1)<>MONTH($K$1-(WEEKDAY($K$1,1)-(start_day-1))-IF((WEEKDAY($K$1,1)-(start_day-1))<=0,7,0)+(ROW(O6)-ROW($K$3))*7+(COLUMN(O6)-COLUMN($K$3)+1)),"",$K$1-(WEEKDAY($K$1,1)-(start_day-1))-IF((WEEKDAY($K$1,1)-(start_day-1))<=0,7,0)+(ROW(O6)-ROW($K$3))*7+(COLUMN(O6)-COLUMN($K$3)+1)) -> 46408 | P6: =IF(MONTH($K$1)<>MONTH($K$1-(WEEKDAY($K$1,1)-(start_day-1))-IF((WEEKDAY($K$1,1)-(start_day-1))<=0,7,0)+(ROW(P6)-ROW($K$3))*7+(COLUMN(P6)-COLUMN($K$3)+1)),"",$K$1-(WEEKDAY($K$1,1)-(start_day-1))-IF((WEEKDAY($K$1,1)-(start_day-1))<=0,7,0)+(ROW(P6)-ROW($K$3))*7+(COLUMN(P6)-COLUMN($K$3)+1)) -> 46409 | Q6: =IF(MONTH($K$1)<>MONTH($K$1-(WEEKDAY($K$1,1)-(start_day-1))-IF((WEEKDAY($K$1,1)-(start_day-1))<=0,7,0)+(ROW(Q6)-ROW($K$3))*7+(COLUMN(Q6)-COLUMN($K$3)+1)),"",$K$1-(WEEKDAY($K$1,1)-(start_day-1))-IF((WEEKDAY($K$1,1)-(start_day-1))<=0,7,0)+(ROW(Q6)-ROW($K$3))*7+(COLUMN(Q6)-COLUMN($K$3)+1)) -> 46410 | S6: =IF(MONTH($S$1)<>MONTH($S$1-(WEEKDAY($S$1,1)-(start_day-1))-IF((WEEKDAY($S$1,1)-(start_day-1))<=0,7,0)+(ROW(S6)-ROW($S$3))*7+(COLUMN(S6)-COLUMN($S$3)+1)),"",$S$1-(WEEKDAY($S$1,1)-(start_day-1))-IF((WEEKDAY($S$1,1)-(start_day-1))<=0,7,0)+(ROW(S6)-ROW($S$3))*7+(COLUMN(S6)-COLUMN($S$3)+1)) -> 46467 | T6: =IF(MONTH($S$1)<>MONTH($S$1-(WEEKDAY($S$1,1)-(start_day-1))-IF((WEEKDAY($S$1,1)-(start_day-1))<=0,7,0)+(ROW(T6)-ROW($S$3))*7+(COLUMN(T6)-COLUMN($S$3)+1)),"",$S$1-(WEEKDAY($S$1,1)-(start_day-1))-IF((WEEKDAY($S$1,1)-(start_day-1))<=0,7,0)+(ROW(T6)-ROW($S$3))*7+(COLUMN(T6)-COLUMN($S$3)+1)) -> 46468 | U6: =IF(MONTH($S$1)<>MONTH($S$1-(WEEKDAY($S$1,1)-(start_day-1))-IF((WEEKDAY($S$1,1)-(start_day-1))<=0,7,0)+(ROW(U6)-ROW($S$3))*7+(COLUMN(U6)-COLUMN($S$3)+1)),"",$S$1-(WEEKDAY($S$1,1)-(start_day-1))-IF((WEEKDAY($S$1,1)-(start_day-1))<=0,7,0)+(ROW(U6)-ROW($S$3))*7+(COLUMN(U6)-COLUMN($S$3)+1)) -> 46469 | V6: =IF(MONTH($S$1)<>MONTH($S$1-(WEEKDAY($S$1,1)-(start_day-1))-IF((WEEKDAY($S$1,1)-(start_day-1))<=0,7,0)+(ROW(V6)-ROW($S$3))*7+(COLUMN(V6)-COLUMN($S$3)+1)),"",$S$1-(WEEKDAY($S$1,1)-(start_day-1))-IF((WEEKDAY($S$1,1)-(start_day-1))<=0,7,0)+(ROW(V6)-ROW($S$3))*7+(COLUMN(V6)-COLUMN($S$3)+1)) -> 46470 | W6: =IF(MONTH($S$1)<>MONTH($S$1-(WEEKDAY($S$1,1)-(start_day-1))-IF((WEEKDAY($S$1,1)-(start_day-1))<=0,7,0)+(ROW(W6)-ROW($S$3))*7+(COLUMN(W6)-COLUMN($S$3)+1)),"",$S$1-(WEEKDAY($S$1,1)-(start_day-1))-IF((WEEKDAY($S$1,1)-(start_day-1))<=0,7,0)+(ROW(W6)-ROW($S$3))*7+(COLUMN(W6)-COLUMN($S$3)+1)) -> 46471 | X6: =IF(MONTH($S$1)<>MONTH($S$1-(WEEKDAY($S$1,1)-(start_day-1))-IF((WEEKDAY($S$1,1)-(start_day-1))<=0,7,0)+(ROW(X6)-ROW($S$3))*7+(COLUMN(X6)-COLUMN($S$3)+1)),"",$S$1-(WEEKDAY($S$1,1)-(start_day-1))-IF((WEEKDAY($S$1,1)-(start_day-1))<=0,7,0)+(ROW(X6)-ROW($S$3))*7+(COLUMN(X6)-COLUMN($S$3)+1)) -> 46472 | Y6: =IF(MONTH($S$1)<>MONTH($S$1-(WEEKDAY($S$1,1)-(start_day-1))-IF((WEEKDAY($S$1,1)-(start_day-1))<=0,7,0)+(ROW(Y6)-ROW($S$3))*7+(COLUMN(Y6)-COLUMN($S$3)+1)),"",$S$1-(WEEKDAY($S$1,1)-(start_day-1))-IF((WEEKDAY($S$1,1)-(start_day-1))<=0,7,0)+(ROW(Y6)-ROW($S$3))*7+(COLUMN(Y6)-COLUMN($S$3)+1)) -> 46473
K7: =IF(MONTH($K$1)<>MONTH($K$1-(WEEKDAY($K$1,1)-(start_day-1))-IF((WEEKDAY($K$1,1)-(start_day-1))<=0,7,0)+(ROW(K7)-ROW($K$3))*7+(COLUMN(K7)-COLUMN($K$3)+1)),"",$K$1-(WEEKDAY($K$1,1)-(start_day-1))-IF((WEEKDAY($K$1,1)-(start_day-1))<=0,7,0)+(ROW(K7)-ROW($K$3))*7+(COLUMN(K7)-COLUMN($K$3)+1)) -> 46411 | L7: =IF(MONTH($K$1)<>MONTH($K$1-(WEEKDAY($K$1,1)-(start_day-1))-IF((WEEKDAY($K$1,1)-(start_day-1))<=0,7,0)+(ROW(L7)-ROW($K$3))*7+(COLUMN(L7)-COLUMN($K$3)+1)),"",$K$1-(WEEKDAY($K$1,1)-(start_day-1))-IF((WEEKDAY($K$1,1)-(start_day-1))<=0,7,0)+(ROW(L7)-ROW($K$3))*7+(COLUMN(L7)-COLUMN($K$3)+1)) -> 46412 | M7: =IF(MONTH($K$1)<>MONTH($K$1-(WEEKDAY($K$1,1)-(start_day-1))-IF((WEEKDAY($K$1,1)-(start_day-1))<=0,7,0)+(ROW(M7)-ROW($K$3))*7+(COLUMN(M7)-COLUMN($K$3)+1)),"",$K$1-(WEEKDAY($K$1,1)-(start_day-1))-IF((WEEKDAY($K$1,1)-(start_day-1))<=0,7,0)+(ROW(M7)-ROW($K$3))*7+(COLUMN(M7)-COLUMN($K$3)+1)) -> 46413 | N7: =IF(MONTH($K$1)<>MONTH($K$1-(WEEKDAY($K$1,1)-(start_day-1))-IF((WEEKDAY($K$1,1)-(start_day-1))<=0,7,0)+(ROW(N7)-ROW($K$3))*7+(COLUMN(N7)-COLUMN($K$3)+1)),"",$K$1-(WEEKDAY($K$1,1)-(start_day-1))-IF((WEEKDAY($K$1,1)-(start_day-1))<=0,7,0)+(ROW(N7)-ROW($K$3))*7+(COLUMN(N7)-COLUMN($K$3)+1)) -> 46414 | O7: =IF(MONTH($K$1)<>MONTH($K$1-(WEEKDAY($K$1,1)-(start_day-1))-IF((WEEKDAY($K$1,1)-(start_day-1))<=0,7,0)+(ROW(O7)-ROW($K$3))*7+(COLUMN(O7)-COLUMN($K$3)+1)),"",$K$1-(WEEKDAY($K$1,1)-(start_day-1))-IF((WEEKDAY($K$1,1)-(start_day-1))<=0,7,0)+(ROW(O7)-ROW($K$3))*7+(COLUMN(O7)-COLUMN($K$3)+1)) -> 46415 | P7: =IF(MONTH($K$1)<>MONTH($K$1-(WEEKDAY($K$1,1)-(start_day-1))-IF((WEEKDAY($K$1,1)-(start_day-1))<=0,7,0)+(ROW(P7)-ROW($K$3))*7+(COLUMN(P7)-COLUMN($K$3)+1)),"",$K$1-(WEEKDAY($K$1,1)-(start_day-1))-IF((WEEKDAY($K$1,1)-(start_day-1))<=0,7,0)+(ROW(P7)-ROW($K$3))*7+(COLUMN(P7)-COLUMN($K$3)+1)) -> 46416 | Q7: =IF(MONTH($K$1)<>MONTH($K$1-(WEEKDAY($K$1,1)-(start_day-1))-IF((WEEKDAY($K$1,1)-(start_day-1))<=0,7,0)+(ROW(Q7)-ROW($K$3))*7+(COLUMN(Q7)-COLUMN($K$3)+1)),"",$K$1-(WEEKDAY($K$1,1)-(start_day-1))-IF((WEEKDAY($K$1,1)-(start_day-1))<=0,7,0)+(ROW(Q7)-ROW($K$3))*7+(COLUMN(Q7)-COLUMN($K$3)+1)) -> 46417 | S7: =IF(MONTH($S$1)<>MONTH($S$1-(WEEKDAY($S$1,1)-(start_day-1))-IF((WEEKDAY($S$1,1)-(start_day-1))<=0,7,0)+(ROW(S7)-ROW($S$3))*7+(COLUMN(S7)-COLUMN($S$3)+1)),"",$S$1-(WEEKDAY($S$1,1)-(start_day-1))-IF((WEEKDAY($S$1,1)-(start_day-1))<=0,7,0)+(ROW(S7)-ROW($S$3))*7+(COLUMN(S7)-COLUMN($S$3)+1)) -> 46474 | T7: =IF(MONTH($S$1)<>MONTH($S$1-(WEEKDAY($S$1,1)-(start_day-1))-IF((WEEKDAY($S$1,1)-(start_day-1))<=0,7,0)+(ROW(T7)-ROW($S$3))*7+(COLUMN(T7)-COLUMN($S$3)+1)),"",$S$1-(WEEKDAY($S$1,1)-(start_day-1))-IF((WEEKDAY($S$1,1)-(start_day-1))<=0,7,0)+(ROW(T7)-ROW($S$3))*7+(COLUMN(T7)-COLUMN($S$3)+1)) -> 46475 | U7: =IF(MONTH($S$1)<>MONTH($S$1-(WEEKDAY($S$1,1)-(start_day-1))-IF((WEEKDAY($S$1,1)-(start_day-1))<=0,7,0)+(ROW(U7)-ROW($S$3))*7+(COLUMN(U7)-COLUMN($S$3)+1)),"",$S$1-(WEEKDAY($S$1,1)-(start_day-1))-IF((WEEKDAY($S$1,1)-(start_day-1))<=0,7,0)+(ROW(U7)-ROW($S$3))*7+(COLUMN(U7)-COLUMN($S$3)+1)) -> 46476 | V7: =IF(MONTH($S$1)<>MONTH($S$1-(WEEKDAY($S$1,1)-(start_day-1))-IF((WEEKDAY($S$1,1)-(start_day-1))<=0,7,0)+(ROW(V7)-ROW($S$3))*7+(COLUMN(V7)-COLUMN($S$3)+1)),"",$S$1-(WEEKDAY($S$1,1)-(start_day-1))-IF((WEEKDAY($S$1,1)-(start_day-1))<=0,7,0)+(ROW(V7)-ROW($S$3))*7+(COLUMN(V7)-COLUMN($S$3)+1)) -> 46477 | W7: =IF(MONTH($S$1)<>MONTH($S$1-(WEEKDAY($S$1,1)-(start_day-1))-IF((WEEKDAY($S$1,1)-(start_day-1))<=0,7,0)+(ROW(W7)-ROW($S$3))*7+(COLUMN(W7)-COLUMN($S$3)+1)),"",$S$1-(WEEKDAY($S$1,1)-(start_day-1))-IF((WEEKDAY($S$1,1)-(start_day-1))<=0,7,0)+(ROW(W7)-ROW($S$3))*7+(COLUMN(W7)-COLUMN($S$3)+1)) | X7: =IF(MONTH($S$1)<>MONTH($S$1-(WEEKDAY($S$1,1)-(start_day-1))-IF((WEEKDAY($S$1,1)-(start_day-1))<=0,7,0)+(ROW(X7)-ROW($S$3))*7+(COLUMN(X7)-COLUMN($S$3)+1)),"",$S$1-(WEEKDAY($S$1,1)-(start_day-1))-IF((WEEKDAY($S$1,1)-(start_day-1))<=0,7,0)+(ROW(X7)-ROW($S$3))*7+(COLUMN(X7)-COLUMN($S$3)+1)) | Y7: =IF(MONTH($S$1)<>MONTH($S$1-(WEEKDAY($S$1,1)-(start_day-1))-IF((WEEKDAY($S$1,1)-(start_day-1))<=0,7,0)+(ROW(Y7)-ROW($S$3))*7+(COLUMN(Y7)-COLUMN($S$3)+1)),"",$S$1-(WEEKDAY($S$1,1)-(start_day-1))-IF((WEEKDAY($S$1,1)-(start_day-1))<=0,7,0)+(ROW(Y7)-ROW($S$3))*7+(COLUMN(Y7)-COLUMN($S$3)+1))
K8: =IF(MONTH($K$1)<>MONTH($K$1-(WEEKDAY($K$1,1)-(start_day-1))-IF((WEEKDAY($K$1,1)-(start_day-1))<=0,7,0)+(ROW(K8)-ROW($K$3))*7+(COLUMN(K8)-COLUMN($K$3)+1)),"",$K$1-(WEEKDAY($K$1,1)-(start_day-1))-IF((WEEKDAY($K$1,1)-(start_day-1))<=0,7,0)+(ROW(K8)-ROW($K$3))*7+(COLUMN(K8)-COLUMN($K$3)+1)) -> 46418 | L8: =IF(MONTH($K$1)<>MONTH($K$1-(WEEKDAY($K$1,1)-(start_day-1))-IF((WEEKDAY($K$1,1)-(start_day-1))<=0,7,0)+(ROW(L8)-ROW($K$3))*7+(COLUMN(L8)-COLUMN($K$3)+1)),"",$K$1-(WEEKDAY($K$1,1)-(start_day-1))-IF((WEEKDAY($K$1,1)-(start_day-1))<=0,7,0)+(ROW(L8)-ROW($K$3))*7+(COLUMN(L8)-COLUMN($K$3)+1)) | M8: =IF(MONTH($K$1)<>MONTH($K$1-(WEEKDAY($K$1,1)-(start_day-1))-IF((WEEKDAY($K$1,1)-(start_day-1))<=0,7,0)+(ROW(M8)-ROW($K$3))*7+(COLUMN(M8)-COLUMN($K$3)+1)),"",$K$1-(WEEKDAY($K$1,1)-(start_day-1))-IF((WEEKDAY($K$1,1)-(start_day-1))<=0,7,0)+(ROW(M8)-ROW($K$3))*7+(COLUMN(M8)-COLUMN($K$3)+1)) | N8: =IF(MONTH($K$1)<>MONTH($K$1-(WEEKDAY($K$1,1)-(start_day-1))-IF((WEEKDAY($K$1,1)-(start_day-1))<=0,7,0)+(ROW(N8)-ROW($K$3))*7+(COLUMN(N8)-COLUMN($K$3)+1)),"",$K$1-(WEEKDAY($K$1,1)-(start_day-1))-IF((WEEKDAY($K$1,1)-(start_day-1))<=0,7,0)+(ROW(N8)-ROW($K$3))*7+(COLUMN(N8)-COLUMN($K$3)+1)) | O8: =IF(MONTH($K$1)<>MONTH($K$1-(WEEKDAY($K$1,1)-(start_day-1))-IF((WEEKDAY($K$1,1)-(start_day-1))<=0,7,0)+(ROW(O8)-ROW($K$3))*7+(COLUMN(O8)-COLUMN($K$3)+1)),"",$K$1-(WEEKDAY($K$1,1)-(start_day-1))-IF((WEEKDAY($K$1,1)-(start_day-1))<=0,7,0)+(ROW(O8)-ROW($K$3))*7+(COLUMN(O8)-COLUMN($K$3)+1)) | P8: =IF(MONTH($K$1)<>MONTH($K$1-(WEEKDAY($K$1,1)-(start_day-1))-IF((WEEKDAY($K$1,1)-(start_day-1))<=0,7,0)+(ROW(P8)-ROW($K$3))*7+(COLUMN(P8)-COLUMN($K$3)+1)),"",$K$1-(WEEKDAY($K$1,1)-(start_day-1))-IF((WEEKDAY($K$1,1)-(start_day-1))<=0,7,0)+(ROW(P8)-ROW($K$3))*7+(COLUMN(P8)-COLUMN($K$3)+1)) | Q8: =IF(MONTH($K$1)<>MONTH($K$1-(WEEKDAY($K$1,1)-(start_day-1))-IF((WEEKDAY($K$1,1)-(start_day-1))<=0,7,0)+(ROW(Q8)-ROW($K$3))*7+(COLUMN(Q8)-COLUMN($K$3)+1)),"",$K$1-(WEEKDAY($K$1,1)-(start_day-1))-IF((WEEKDAY($K$1,1)-(start_day-1))<=0,7,0)+(ROW(Q8)-ROW($K$3))*7+(COLUMN(Q8)-COLUMN($K$3)+1)) | S8: =IF(MONTH($S$1)<>MONTH($S$1-(WEEKDAY($S$1,1)-(start_day-1))-IF((WEEKDAY($S$1,1)-(start_day-1))<=0,7,0)+(ROW(S8)-ROW($S$3))*7+(COLUMN(S8)-COLUMN($S$3)+1)),"",$S$1-(WEEKDAY($S$1,1)-(start_day-1))-IF((WEEKDAY($S$1,1)-(start_day-1))<=0,7,0)+(ROW(S8)-ROW($S$3))*7+(COLUMN(S8)-COLUMN($S$3)+1)) | T8: =IF(MONTH($S$1)<>MONTH($S$1-(WEEKDAY($S$1,1)-(start_day-1))-IF((WEEKDAY($S$1,1)-(start_day-1))<=0,7,0)+(ROW(T8)-ROW($S$3))*7+(COLUMN(T8)-COLUMN($S$3)+1)),"",$S$1-(WEEKDAY($S$1,1)-(start_day-1))-IF((WEEKDAY($S$1,1)-(start_day-1))<=0,7,0)+(ROW(T8)-ROW($S$3))*7+(COLUMN(T8)-COLUMN($S$3)+1)) | U8: =IF(MONTH($S$1)<>MONTH($S$1-(WEEKDAY($S$1,1)-(start_day-1))-IF((WEEKDAY($S$1,1)-(start_day-1))<=0,7,0)+(ROW(U8)-ROW($S$3))*7+(COLUMN(U8)-COLUMN($S$3)+1)),"",$S$1-(WEEKDAY($S$1,1)-(start_day-1))-IF((WEEKDAY($S$1,1)-(start_day-1))<=0,7,0)+(ROW(U8)-ROW($S$3))*7+(COLUMN(U8)-COLUMN($S$3)+1)) | V8: =IF(MONTH($S$1)<>MONTH($S$1-(WEEKDAY($S$1,1)-(start_day-1))-IF((WEEKDAY($S$1,1)-(start_day-1))<=0,7,0)+(ROW(V8)-ROW($S$3))*7+(COLUMN(V8)-COLUMN($S$3)+1)),"",$S$1-(WEEKDAY($S$1,1)-(start_day-1))-IF((WEEKDAY($S$1,1)-(start_day-1))<=0,7,0)+(ROW(V8)-ROW($S$3))*7+(COLUMN(V8)-COLUMN($S$3)+1)) | W8: =IF(MONTH($S$1)<>MONTH($S$1-(WEEKDAY($S$1,1)-(start_day-1))-IF((WEEKDAY($S$1,1)-(start_day-1))<=0,7,0)+(ROW(W8)-ROW($S$3))*7+(COLUMN(W8)-COLUMN($S$3)+1)),"",$S$1-(WEEKDAY($S$1,1)-(start_day-1))-IF((WEEKDAY($S$1,1)-(start_day-1))<=0,7,0)+(ROW(W8)-ROW($S$3))*7+(COLUMN(W8)-COLUMN($S$3)+1)) | X8: =IF(MONTH($S$1)<>MONTH($S$1-(WEEKDAY($S$1,1)-(start_day-1))-IF((WEEKDAY($S$1,1)-(start_day-1))<=0,7,0)+(ROW(X8)-ROW($S$3))*7+(COLUMN(X8)-COLUMN($S$3)+1)),"",$S$1-(WEEKDAY($S$1,1)-(start_day-1))-IF((WEEKDAY($S$1,1)-(start_day-1))<=0,7,0)+(ROW(X8)-ROW($S$3))*7+(COLUMN(X8)-COLUMN($S$3)+1)) | Y8: =IF(MONTH($S$1)<>MONTH($S$1-(WEEKDAY($S$1,1)-(start_day-1))-IF((WEEKDAY($S$1,1)-(start_day-1))<=0,7,0)+(ROW(Y8)-ROW($S$3))*7+(COLUMN(Y8)-COLUMN($S$3)+1)),"",$S$1-(WEEKDAY($S$1,1)-(start_day-1))-IF((WEEKDAY($S$1,1)-(start_day-1))<=0,7,0)+(ROW(Y8)-ROW($S$3))*7+(COLUMN(Y8)-COLUMN($S$3)+1))
A9: =A10 -> 46418 | C9: =C10 -> 46419 | E9: =E10 -> 46420 | G9: =G10 -> 46421 | I9: =I10 -> 46422 | K9: =K10 -> 46423 | S9: =S10 -> 46424
A10: =$A$1-(WEEKDAY($A$1,1)-(start_day-1))-IF((WEEKDAY($A$1,1)-(start_day-1))<=0,7,0)+1 -> 46418 | C10: =A10+1 -> 46419 | E10: =C10+1 -> 46420 | G10: =E10+1 -> 46421 | I10: =G10+1 -> 46422 | K10: =I10+1 -> 46423 | S10: =K10+1 -> 46424
A11: Morning
A13: Afternoon
A15: Evening
A16: =S10+1 -> 46425 | C16: =A16+1 -> 46426 | E16: =C16+1 -> 46427 | G16: =E16+1 -> 46428 | I16: =G16+1 -> 46429 | K16: =I16+1 -> 46430 | S16: =K16+1 -> 46431
A17: Morning | E17: KISD (KCC) | G17: KISD (ECHS 11) | I17: KISD (ECHS 11)
A19: Afternoon | K19: KISD (GatewayMS & HS)
A21: Evening | E21: KISD (KCC)
A22: =S16+1 -> 46432 | C22: =A22+1 -> 46433 | E22: =C22+1 -> 46434 | G22: =E22+1 -> 46435 | I22: =G22+1 -> 46436 | K22: =I22+1 -> 46437 | S22: =K22+1 -> 46438
A23: Morning | C23: HOLIDAY
A25: Afternoon
A27: Evening
A28: =S22+1 -> 46439 | C28: =A28+1 -> 46440 | E28: =C28+1 -> 46441 | G28: =E28+1 -> 46442 | I28: =G28+1 -> 46443 | K28: =I28+1 -> 46444 | S28: =K28+1 -> 46445
A29: Morning | E29: KISD (PAC)
A31: Afternoon
A33: Evening
A34: =S28+1 -> 46446 | C34: =A34+1 -> 46447 | E34: =C34+1 -> 46448 | G34: =E34+1 -> 46449 | I34: =G34+1 -> 46450 | K34: =I34+1 -> 46451 | S34: =K34+1 -> 46452
A35: Morning
A37: Afternoon
A39: Evening
A40: =S34+1 -> 46453 | C40: =A40+1 -> 46454 | E40: Notes
K44: Calendar Templates by Vertex42
K45: https://www.vertex42.com/calendars/

Sheet Mar
A1: =DATE(Aug!AD18,Aug!AD20+7,1) -> 46447 | K1: =DATE(YEAR(A1),MONTH(A1)-1,1) -> 46419 | S1: =DATE(YEAR(A1),MONTH(A1)+1,1) -> 46478
K2: =INDEX({"S";"M";"T";"W";"T";"F";"S"},1+MOD(start_day+1-2,7)) -> S | L2: =INDEX({"S";"M";"T";"W";"T";"F";"S"},1+MOD(start_day+2-2,7)) -> M | M2: =INDEX({"S";"M";"T";"W";"T";"F";"S"},1+MOD(start_day+3-2,7)) -> T | N2: =INDEX({"S";"M";"T";"W";"T";"F";"S"},1+MOD(start_day+4-2,7)) -> W | O2: =INDEX({"S";"M";"T";"W";"T";"F";"S"},1+MOD(start_day+5-2,7)) -> T | P2: =INDEX({"S";"M";"T";"W";"T";"F";"S"},1+MOD(start_day+6-2,7)) -> F | Q2: =INDEX({"S";"M";"T";"W";"T";"F";"S"},1+MOD(start_day+7-2,7)) -> S | S2: =INDEX({"S";"M";"T";"W";"T";"F";"S"},1+MOD(start_day+1-2,7)) -> S | T2: =INDEX({"S";"M";"T";"W";"T";"F";"S"},1+MOD(start_day+2-2,7)) -> M | U2: =INDEX({"S";"M";"T";"W";"T";"F";"S"},1+MOD(start_day+3-2,7)) -> T | V2: =INDEX({"S";"M";"T";"W";"T";"F";"S"},1+MOD(start_day+4-2,7)) -> W | W2: =INDEX({"S";"M";"T";"W";"T";"F";"S"},1+MOD(start_day+5-2,7)) -> T | X2: =INDEX({"S";"M";"T";"W";"T";"F";"S"},1+MOD(start_day+6-2,7)) -> F | Y2: =INDEX({"S";"M";"T";"W";"T";"F";"S"},1+MOD(start_day+7-2,7)) -> S
